Workbook
Name BalanceSheet: Financials!$A$180:$A$224
Name CashFlowNegative: Calcs!$I$94:$BP$94
Name CashFlowPositive: Calcs!$I$93:$BP$93
Name CompanyInput: Input!$A$17:$A$26
Name CompanyType: Input!$CY$3
Name Histo: OFFSET(Infrastructure!XEX1048550:XEX93,0,0,COUNTIF(Infrastructure!XEX1048550:XEX93,"<>"")-countif(Infrastructure!K3:K122,"""))
Name Histoooo: Infrastructure!$V$5:INDEX(Infrastructure!$R:$R,COUNTA(Infrastructure!$R:$R))
Name HistoricalMonths: IF(Input!$AC$23="Yes",Infrastructure!$H$11:$H$128,Infrastructure!$M$9:$M$68)
Name HistoricalsRange: Input!$A$1529:$A$1578
Name Input: Input!$A$28:$A$33
Name Launch: 'Sources & Uses'!$N$1
Name Mode: Input!$BX$4
Name ModeDashboard: Input!$A$1:$CG$16
Name Months: IF(Input!$CE$4="Three",Infrastructure!$M$9:$M$44,Infrastructure!$M$9:$M$68)
Name PLExpenses: OFFSET(Infrastructure!$C$2,0,0,COUNTA(Infrastructure!$C$2:$C$6),1)
Name PLNetIncome: OFFSET(Infrastructure!$D$2,0,0,COUNTA(Infrastructure!$D$2:$D$6),1)
Name PLRevenue: OFFSET(Infrastructure!$B$2,0,0,COUNTA(Infrastructure!$B$2:$B$6),1)
Name PLYears: OFFSET(Infrastructure!$A$2,0,0,COUNTA(Infrastructure!$A$2:$A$6),1)
Name RecurringRevenue: Input!$A$1304:$A$1403
Name valuevx: 42.314159
Name Version: Infrastructure!$L$2
Name Years: Input!$CE$4

Sheet Accounting
AL78: Sales
AK79: Sales
AK80: Cost
AK81: Profit
T331: Revenue | U331: 654068
T332: Net Revenue | U332: 585432
T333: Gross Profit | U333: 345654
T334: EBITDA | U334: 220500
T335: Net Income | U335: 155456
AF671: Net Income
AA677: P&L | AD677: Cash Flow | AG677: Balance Sheet
AA679: Revenue | AD679: Net Income | AG679: Cash & Equivalents
AA680: COGS | AG680: AR
AA681: Gross Profit | AD681: Dep. & Amo. | AG681: Inventory
AD682: AP / AR | AG682: Current Assets
AA683: Sales & Marketing | AD683: Inventory
AA684: Operating Expenses | AD684: Operating Activities | AG684: Intangible Assets
AD685: Investing Activities | AG685: Fixed Assets
AA686: EBITDA | AD686: Financing Activities
AG687: Total Assets
AA688: Int, Tax, Dep, Amo | AD688: Net Change
AG689: Liabilities
AA690: Net Income | AD690: End of Period | AG690: Equity
AG692: Liabilities & Equity

Sheet Instructions
AG6: Contents
AG7: Sheets | AI7: Description
AG8: Instructions | AI8: This sheet. Explains the whole program and each sheet.
AG9: Input | AI9: The ONLY sheet where you enter info.
AG10: Financials | AI10: P&L, Cash Flow, Balance Sheet. You can view monthly or annually.
AG11: Street View | AI11: Shows cash in and out each month.
AG12: Summary | AI12: Easy glance summary of all your input.
AG13: Breakeven | AI13: Shows if/when you breakeven.
AG14: Analysis | AI14: Monthly performance indicators.
AG15: CAC LTV | AI15: Customer Acquisition Cost and Lifetime Value. (For Subscription models)
AG16: Sources & Uses | AI16: Where money comes from and goes.
AG17: Investors | AI17: Investor returns and performance metrics.
AG18: Reports | AI18: Summary results you can insert in PowerPoint decks, etc.

Sheet Input
D2: =TEXT(Infrastructure!H9,"yyyy"&" ") -> Year 1 | E2: =TEXT(Infrastructure!I9,"yyyy"&" ") -> Year 2 | F2: =TEXT(Infrastructure!J9,"yyyy"&" ") -> Year 3 | G2: =TEXT(Infrastructure!K9,"yyyy"&" ") -> Year 4 | H2: =TEXT(Infrastructure!L9,"yyyy"&" ") -> Year 5 | I2: =IF(Infrastructure!BL$39=0,"","Launch") | J2: =IF(SUM(Financials!Q63:BQ63)=0,"",IF(OR(Infrastructure!BL$39=0,Infrastructure!BK28=0),"Not Yet",IF(Calcs!B23=0,"Mon 1",Calcs!$B$23))) | BA2: Cash Out Month Is | BL2: P&L | BM2: =IF(OR(Financials!$BQ178=Input!$D$1576,SUM('Street View'!X22:X81)=0),"","P&L") | BN2: =IF(OR(Financials!$BQ178=Input!$D$1576,SUM('Street View'!X22:X81)=0),"","Cash Flow") | DE2: =IF($CY$5<>1,"Products","") -> Products | DF2: =IF($CY$5=1,"Products","") | DH2: =IF($CY$7<>1,"Yes","") -> Yes | DI2: =IF($CY$7=1,"Yes","") | DK2: Consultants | DN2: Headcount | DQ2: S&M | DT2: Operating | DW2: SAFES | DZ2: Convertible
C3: =Infrastructure!BE28 -> Revenue | D3: =IFERROR(Infrastructure!BF28,"") -> 0 | E3: =IFERROR(Infrastructure!BG28,"") -> 0 | F3: =IFERROR(Infrastructure!BH28,"") -> 0 | G3: =IFERROR(Infrastructure!BI28,"") -> 0 | H3: =IFERROR(Infrastructure!BJ28,"") -> 0 | I3: =IF(Infrastructure!BL$39=0,"","Breakeven") | J3: =IF(Infrastructure!BL$39=0,"",Calcs!$C$23) | BK3: =IF(X3>0,"Big time problems","") | BL3: P&L | CE3: Years | CY3: 1 | CZ3: Company Type | DE3: =IF($CY$5<>2,"Services","") -> Services | DF3: =IF($CY$5=2,"Services","") | DH3: =IF($CY$7<>2,"No","") | DI3: =IF($CY$7=2,"No","") -> No | DJ3: 0 | DK3: =IF(DJ3<>1,"Show","") -> Show | DL3: =IF(DJ3=1,"Show","") | DM3: 2 | DN3: =IF(DM3<>1,"Show","") -> Show | DO3: =IF(DM3=1,"Show","") | DP3: 2 | DQ3: =IF(DP3<>1,"Show","") -> Show | DR3: =IF(DP3=1,"Show","") | DS3: 2 | DT3: =IF(DS3<>1,"Show","") -> Show | DU3: =IF(DS3=1,"Show","") | DV3: 2 | DW3: =IF(DV3<>1,"Show","") -> Show | DX3: =IF(DV3=1,"Show","") | DY3: 2 | DZ3: =IF(DY3<>1,"Show","") -> Show | EA3: =IF(DY3=1,"Show","")
C4: =Infrastructure!BE29 -> COGS | D4: =IFERROR(Infrastructure!BF29,"") -> 0 | E4: =IFERROR(Infrastructure!BG29,"") -> 0 | F4: =IFERROR(Infrastructure!BH29,"") -> 0 | G4: =IFERROR(Infrastructure!BI29,"") -> 0 | H4: =IFERROR(Infrastructure!BJ29,"") -> 0 | I4: =IF(Infrastructure!BL$39=0,"",IF(Years="Five","5 Year CAGR","3 Year CAGR")) | J4: =Infrastructure!BJ22 | BS4: Revenue | BT4: / | BU4: Expenses | BV4: / | BW4: Net Income | BX4: Light | BY4: (Loss) | CE4: =IF(CE5=1,"Three","Five") -> Five | CT4: =IF($D$18<>"",$D$18&" Cash","Cash") -> Cash | CY4: 1 | CZ4: Historicals | DE4: =IF($CY$5<>3,"Both","") -> Both | DF4: =IF($CY$5=3,"Both","") | DH4: =IF(CY7=1,"Go to Subscriptions","") | DK4: =IF(DJ3<>2,"Hide","") -> Hide | DL4: =IF(DJ3=2,"Hide","") | DN4: =IF(DM3<>2,"Hide","") | DO4: =IF(DM3=2,"Hide","") -> Hide | DQ4: =IF(DP3<>2,"Hide","") | DR4: =IF(DP3=2,"Hide","") -> Hide | DT4: =IF(DS3<>2,"Hide","") | DU4: =IF(DS3=2,"Hide","") -> Hide | DW4: =IF(DV3<>2,"Hide","") | DX4: =IF(DV3=2,"Hide","") -> Hide | DZ4: =IF(DY3<>2,"Hide","") | EA4: =IF(DY3=2,"Hide","") -> Hide
C5: =Infrastructure!BE30 -> Gross Profit | D5: =IFERROR(Infrastructure!BF30,"") -> 0 | E5: =IFERROR(Infrastructure!BG30,"") -> 0 | F5: =IFERROR(Infrastructure!BH30,"") -> 0 | G5: =IFERROR(Infrastructure!BI30,"") -> 0 | H5: =IFERROR(Infrastructure!BJ30,"") -> 0 | CE5: 2 | CT5: =IF($D$18<>"",$D$18&" P&L","P&L") -> P&L | CY5: 0 | CZ5: Product / Service | DC5: =IF(CompanyType=0,1,VLOOKUP(CompanyType,CW6:CX9,2,FALSE)) -> C Corp
I6: =IF(Infrastructure!AL$45>0,"",Infrastructure!AL33) -> 0 | BQ6: Three | BS6: =IF(AND(Years="Three",Mode="Light"),BS$4,"") | BT6: =IF(AND(Years="Three",Mode="Light"),BT$4,"") | BU6: =IF(AND(Years="Three",Mode="Light"),BU$4,"") | BV6: =IF(AND(Years="Three",Mode="Light"),BV$4,"") | BW6: =IF(AND(Years="Three",Mode="Light"),BW$4,"") | BX6: =IF(AND(Years="Three",Mode="Light"),BX$4,"") | BY6: =IF(AND(Years="Three",Mode="Light"),BY$4,"") | CD6: 1 | CE6: =IF(Years="Five","Three Years","") -> Three Years | CU6: =IF(CompanyType<>1,"C Corp","") | CV6: =IF(CompanyType=1,"C Corp","") -> C Corp | CW6: 1 | CX6: C Corp | DE6: Bot
C7: =Infrastructure!BE32 -> S&M Expenses | D7: =IFERROR(Infrastructure!BF32,"") -> 0 | E7: =IFERROR(Infrastructure!BG32,"") -> 0 | F7: =IFERROR(Infrastructure!BH32,"") -> 0 | G7: =IFERROR(Infrastructure!BI32,"") -> 0 | H7: =IFERROR(Infrastructure!BJ32,"") -> 0 | I7: =IF(Infrastructure!BL$39=0,"","Investment") | J7: =IF(Infrastructure!BL$39=0,"",Calcs!D58+Calcs!D54+Calcs!D46) | BQ7: Three | BS7: =IF(AND(Years="Three",Mode="Dark"),BS$4,"") | BT7: =IF(AND(Years="Three",Mode="Dark"),BT$4,"") | BU7: =IF(AND(Years="Three",Mode="Dark"),BU$4,"") | BV7: =IF(AND(Years="Three",Mode="Dark"),BV$4,"") | BW7: =IF(AND(Years="Three",Mode="Dark"),BW$4,"") | BX7: =IF(AND(Years="Three",Mode="Dark"),BX$4,"") | BY7: =IF(AND(Years="Three",Mode="Dark"),BY$4,"") | CD7: 2 | CE7: =IF(Years="Three","Three Years","") | CU7: =IF(CompanyType<>2,"LLC","") -> LLC | CV7: =IF(CompanyType=2,"LLC","") | CW7: 2 | CX7: LLC | CY7: 2
C8: =Infrastructure!BE33 -> Oper. Expenses | D8: =IFERROR(Infrastructure!BF33,"") -> 0 | E8: =IFERROR(Infrastructure!BG33,"") -> 0 | F8: =IFERROR(Infrastructure!BH33,"") -> 0 | G8: =IFERROR(Infrastructure!BI33,"") -> 0 | H8: =IFERROR(Infrastructure!BJ33,"") -> 0 | I8: =IF(Infrastructure!BL$39=0,"","Debt") | J8: =IF(Infrastructure!BL$39=0,"",Calcs!D50) | BQ8: Five | BS8: =IF(AND(Years="Five",Mode="Light"),BS$4,"") -> Revenue | BT8: =IF(AND(Years="Five",Mode="Light"),BT$4,"") -> / | BU8: =IF(AND(Years="Five",Mode="Light"),BU$4,"") -> Expenses | BV8: =IF(AND(Years="Five",Mode="Light"),BV$4,"") -> / | BW8: =IF(AND(Years="Five",Mode="Light"),BW$4,"") -> Net Income | BX8: =IF(AND(Years="Five",Mode="Light"),BX$4,"") -> Light | BY8: =IF(AND(Years="Five",Mode="Light"),BY$4,"") -> (Loss) | CD8: 3 | CE8: =IF(Years="Five","","Five Years") | CU8: =IF(CompanyType<>3,"S Corp","") -> S Corp | CV8: =IF(CompanyType=3,"S Corp","") | CW8: 3 | CX8: S Corp | CY8: 0 | CZ8: Show Consultants | DC8: =IF(CY4=1,"Go to Historicals","") -> Go to Historicals
C9: =Infrastructure!BE34 -> EBITDA | D9: =IFERROR(Infrastructure!BF34,"") -> 0 | E9: =IFERROR(Infrastructure!BG34,"") -> 0 | F9: =IFERROR(Infrastructure!BH34,"") -> 0 | G9: =IFERROR(Infrastructure!BI34,"") -> 0 | H9: =IFERROR(Infrastructure!BJ34,"") -> 0 | I9: Valuation | J9: =IF(Investors!C12>0,Investors!C12,"") | BQ9: Five | BS9: =IF(AND(Years="Five",Mode="Dark"),BS$4,"") | BT9: =IF(AND(Years="Five",Mode="Dark"),BT$4,"") | BU9: =IF(AND(Years="Five",Mode="Dark"),BU$4,"") | BV9: =IF(AND(Years="Five",Mode="Dark"),BV$4,"") | BW9: =IF(AND(Years="Five",Mode="Dark"),BW$4,"") | BX9: =IF(AND(Years="Five",Mode="Dark"),BX$4,"") | BY9: =IF(AND(Years="Five",Mode="Dark"),BY$4,"") | CD9: 4 | CE9: =IF(Years="Five","Five Years","") -> Five Years | CU9: =IF(CompanyType<>4,"Non-Profit","") -> Non-Profit | CV9: =IF(CompanyType=4,"Non-Profit","") | CW9: 4 | CX9: Non-Profit
C11: =Infrastructure!BE36 -> Int. Tax. Dep. Amo. | D11: =IFERROR(Infrastructure!BF36,"") -> 0 | E11: =IFERROR(Infrastructure!BG36,"") -> 0 | F11: =IFERROR(Infrastructure!BH36,"") -> 0 | G11: =IFERROR(Infrastructure!BI36,"") -> 0 | H11: =IFERROR(Infrastructure!BJ36,"") -> 0 | AU11: Three Years | CR11: =IF($CY$4=2,"","No") -> No | CS11: =IF($CY$4<>2,"","No") | CZ11: =IF(CY5=1,"Number of Products ",IF(CY5=2,"Number of Services ","Number of Products / Services ")) -> Number of Products / Services
B12: Mode | C12: =Infrastructure!BE37 -> Net Income | D12: =IFERROR(Infrastructure!BF37,"") -> 0 | E12: =IFERROR(Infrastructure!BG37,"") -> 0 | F12: =IFERROR(Infrastructure!BH37,"") -> 0 | G12: =IFERROR(Infrastructure!BI37,"") -> 0 | H12: =IFERROR(Infrastructure!BJ37,"") -> 0 | I12: =IF(Infrastructure!BL$39=0,"","Cash Out") | J12: =IFERROR(IF(Infrastructure!BL$39=0,"",Calcs!G59),"None") | AU12: Five Years | BM12: =IF(Years="Five",Infrastructure!H9,"") -> Year 1 | BN12: =IF(Years="Five",Infrastructure!I9,"") -> Year 2 | BO12: =IF(Years="Five",Infrastructure!J9,"") -> Year 3 | BP12: =IF(Years="Five",Infrastructure!K9,"") -> Year 4 | BQ12: =IF(Years="Five",Infrastructure!L9,"") -> Year 5 | CR12: =IF($CY$4=1,"","Yes") | CS12: =IF($CY$4<>1,"","Yes") -> Yes
C13: ="Least Cash"&" " -> Least Cash | D13: =IFERROR(Infrastructure!BF39,"") | E13: =IFERROR(Infrastructure!BG39,"") | F13: =IFERROR(Infrastructure!BH39,"") | G13: =IFERROR(Infrastructure!BI39,"") | H13: =IFERROR(Infrastructure!BJ39,"") | I13: =IF(Infrastructure!BL$39=0,"","Min. Cash") | J13: =IF(Infrastructure!BL$39=0,"",IF(Years="Five",MIN(Calcs!I29:BP29),MIN(Calcs!I29:AR29))) | BM13: =IF(Years="Three",Infrastructure!H9,"") | BN13: =IF(Years="Three",Infrastructure!I9,"") | BO13: =IF(Years="Three",Infrastructure!J9,"")
C14: =Infrastructure!BE40 -> Year End Cash | D14: =IFERROR(Infrastructure!BF40,"") | E14: =IFERROR(Infrastructure!BG40,"") | F14: =IFERROR(Infrastructure!BH40,"") | G14: =IFERROR(Infrastructure!BI40,"") | H14: =IFERROR(Infrastructure!BJ40,"") | I14: =IF(Infrastructure!BL$39=0,"","Max. Cash") | J14: =IF(Infrastructure!BL$39=0,"",IF(Years="Five",MAX(Calcs!I29:BP29),MAX(Calcs!I29:AR29)))
B17: Company
C18: Company Name | D18: Alta Vista Coffee Roasters
C20: Start Month | D20: 46418 | CR20: MMM
AE21: =IF(OR(Infrastructure!AL45>0,D20="",AD21="",AC23<>""),"",IF(Infrastructure!W128<>""," "&Infrastructure!Y18,""))
E23: Federal Tax Rate | F23: State Tax Rate
E24: 0.21 | F24: 0.05
B27: Sales
D29: One Time Sales | F29: Recurring Sales
D32: (Up to 25)
C33: =CZ11 -> Number of Products / Services | D33: 3
D36: Item 1 | E36: Item 2 | F36: Item 3 | G36: Item 4 | H36: Item 5 | I36: Item 6 | J36: Item 7 | K36: Item 8 | L36: Item 9 | M36: Item 10 | N36: Item 11 | O36: Item 12 | P36: Item 13 | Q36: Item 14 | R36: Item 15 | S36: Item 16 | T36: Item 17 | U36: Item 18 | V36: Item 19 | W36: Item 20 | X36: Item 21 | Y36: Item 22 | Z36: Item 23 | AA36: Item 24 | AB36: Item 25
C37: =IF(CY5=1,"Product ",IF(CY5=2,"Service ","Product / Service ")) -> Product / Service | D37: Retail Bags 12oz | E37: Wholesale 5lb | F37: Cafe Drinks | G37: Item 4 | H37: Item 5 | I37: Item 6 | J37: Item 7 | K37: Item 8 | L37: Item 9 | M37: Item 10 | N37: Item 11 | O37: Item 12 | P37: Item 13 | Q37: Item 14 | R37: Item 15 | S37: Item 16 | T37: Item 17 | U37: Item 18 | V37: Item 19 | W37: Item 20 | X37: Item 21 | Y37: Item 22 | Z37: Item 23 | AA37: Item 24 | AB37: Item 25
D38: 1 | E38: 2 | F38: 3 | G38: 4 | H38: 5 | I38: 6 | J38: 7 | K38: 8 | L38: 9 | M38: 10 | N38: 11 | O38: 12 | P38: 13 | Q38: 14 | R38: 15 | S38: 16 | T38: 17 | U38: 18 | V38: 19 | W38: 20 | X38: 21 | Y38: 22 | Z38: 23 | AA38: 24 | AB38: 25
C39: Category
D40: =IF(D39="",D37,D39) -> Item 1 | E40: =IF(E39="",E37,E39) -> Item 2 | F40: =IF(F39="",F37,F39) -> Item 3 | G40: =IF(G39="",G37,G39) -> Item 4 | H40: =IF(H39="",H37,H39) -> Item 5 | I40: =IF(I39="",I37,I39) -> Item 6 | J40: =IF(J39="",J37,J39) -> Item 7 | K40: =IF(K39="",K37,K39) -> Item 8 | ... AB40: =IF(AB39="",AB37,AB39) -> Item 25
C41: =TEXT(Infrastructure!G23,"#,##0;;@")&TEXT(Infrastructure!I17,"yyyy;;@") -> Your Selling Price - Year 1 | D41: 18 | E41: 55 | F41: 5.5 | Z41: 0 | AA41: 0 | AB41: 0
C42: =Infrastructure!I18 -> Year 2 | D42: =D41 -> 0 | E42: =E41 -> 0 | F42: =F41 -> 0 | G42: =G41 -> 0 | H42: =H41 -> 0 | I42: =I41 -> 0 | J42: =J41 -> 0 | K42: =K41 -> 0 | ... AB42: =AB41 -> 0
C43: =Infrastructure!I19 -> Year 3 | D43: =D42 -> 0 | E43: =E42 -> 0 | F43: =F42 -> 0 | G43: =G42 -> 0 | H43: =H42 -> 0 | I43: =I42 -> 0 | J43: =J42 -> 0 | K43: =K42 -> 0 | ... AB43: =AB42 -> 0
C44: =Infrastructure!I20 -> Year 4 | D44: =D43 -> 0 | E44: =E43 -> 0 | F44: =F43 -> 0 | G44: =G43 -> 0 | H44: =H43 -> 0 | I44: =I43 -> 0 | J44: =J43 -> 0 | K44: =K43 -> 0 | ... AB44: =AB43 -> 0
C45: =Infrastructure!I21 -> Year 5 | D45: =D44 -> 0 | E45: =E44 -> 0 | F45: =F44 -> 0 | G45: =G44 -> 0 | H45: =H44 -> 0 | I45: =I44 -> 0 | J45: =J44 -> 0 | K45: =K44 -> 0 | ... AB45: =AB44 -> 0
C46: =TEXT(Infrastructure!G24,"#,##0;;@")&TEXT(Infrastructure!I17,"yyyy;;@") -> Your Cost - Year 1 | D46: 6.5 | E46: 28 | F46: 1.4 | Z46: 0 | AA46: 0 | AB46: 0
C47: =C42 -> Year 2 | D47: =D46 -> 0 | E47: =E46 -> 0 | F47: =F46 -> 0 | G47: =G46 -> 0 | H47: =H46 -> 0 | I47: =I46 -> 0 | J47: =J46 -> 0 | K47: =K46 -> 0 | ... AB47: =AB46 -> 0
C48: =C43 -> Year 3 | D48: =D47 -> 0 | E48: =E47 -> 0 | F48: =F47 -> 0 | G48: =G47 -> 0 | H48: =H47 -> 0 | I48: =I47 -> 0 | J48: =J47 -> 0 | K48: =K47 -> 0 | ... AB48: =AB47 -> 0
C49: =C44 -> Year 4 | D49: =D48 -> 0 | E49: =E48 -> 0 | F49: =F48 -> 0 | G49: =G48 -> 0 | H49: =H48 -> 0 | I49: =I48 -> 0 | J49: =J48 -> 0 | K49: =K48 -> 0 | ... AB49: =AB48 -> 0
C50: =C45 -> Year 5 | D50: =D49 -> 0 | E50: =E49 -> 0 | F50: =F49 -> 0 | G50: =G49 -> 0 | H50: =H49 -> 0 | I50: =I49 -> 0 | J50: =J49 -> 0 | K50: =K49 -> 0 | ... AB50: =AB49 -> 0
C51: Bad Debt / Returns
C52: Commissions
C53: Royalty / Franchise
C54: Days Receivable | D54: 0 | E54: 30 | F54: 0
C55: Days Payable | D55: 15 | E55: 30 | F55: 15
C56: Days Inventory | D56: 30 | E56: 45 | F56: 15
D59: =IF(Input!D37<>"",D37,D36) -> Item 1 | E59: =IF(Input!E37<>"",E37,E36) -> Item 2 | F59: =IF(Input!F37<>"",F37,F36) -> Item 3 | G59: =IF(Input!G37<>"",G37,G36) -> Item 4 | H59: =IF(Input!H37<>"",H37,H36) -> Item 5 | I59: =IF(Input!I37<>"",I37,I36) -> Item 6 | J59: =IF(Input!J37<>"",J37,J36) -> Item 7 | K59: =IF(Input!K37<>"",K37,K36) -> Item 8 | ... AB59: =IF(Input!AB37<>"",AB37,AB36) -> Item 25
C60: Sales Start Month | D60: 46418 | E60: 46507 | F60: 46418
C61: Sales End Month | D61: 48213 | E61: 48213 | F61: 48213
C62: Start Month Amount | D62: 400 | E62: 80 | F62: 2500
C63: Grows: | D63: Monthly | E63: Monthly | F63: Monthly
C64: =TEXT(Infrastructure!G25,"#,##0;;@")&TEXT(Infrastructure!I17,"yyyy;;@") -> Percentage - Year 1 | D64: 0.05 | E64: 0.07 | F64: 0.04
C65: =C42 -> Year 2 | D65: 0.03 | E65: 0.04 | F65: 0.025 | G65: =G64 -> 0 | H65: =H64 -> 0 | I65: =I64 -> 0 | J65: =J64 -> 0 | K65: =K64 -> 0 | L65: =L64 -> 0 | M65: =M64 -> 0 | N65: =N64 -> 0 | ... AB65: =AB64 -> 0
C66: =C43 -> Year 3 | D66: 0.02 | E66: 0.03 | F66: 0.02 | G66: =G65 -> 0 | H66: =H65 -> 0 | I66: =I65 -> 0 | J66: =J65 -> 0 | K66: =K65 -> 0 | L66: =L65 -> 0 | M66: =M65 -> 0 | N66: =N65 -> 0 | ... AB66: =AB65 -> 0
C67: =C44 -> Year 4 | D67: 0.015 | E67: 0.02 | F67: 0.015 | G67: =G66 -> 0 | H67: =H66 -> 0 | I67: =I66 -> 0 | J67: =J66 -> 0 | K67: =K66 -> 0 | L67: =L66 -> 0 | M67: =M66 -> 0 | N67: =N66 -> 0 | ... AB67: =AB66 -> 0
C68: =C45 -> Year 5 | D68: 0.01 | E68: 0.015 | F68: 0.01 | G68: =G67 -> 0 | H68: =H67 -> 0 | I68: =I67 -> 0 | J68: =J67 -> 0 | K68: =K67 -> 0 | L68: =L67 -> 0 | M68: =M67 -> 0 | N68: =N67 -> 0 | ... AB68: =AB67 -> 0
C69: =TEXT(Infrastructure!G26,"#,##0;;@")&TEXT(Infrastructure!I17,"yyyy;;@") -> Number - Year 1
C70: =C65 -> Year 2 | D70: =D69 -> 0 | E70: =E69 -> 0 | F70: =F69 -> 0 | G70: =G69 -> 0 | H70: =H69 -> 0 | I70: =I69 -> 0 | J70: =J69 -> 0 | K70: =K69 -> 0 | ... AB70: =AB69 -> 0
C71: =C66 -> Year 3 | D71: =D70 -> 0 | E71: =E70 -> 0 | F71: =F70 -> 0 | G71: =G70 -> 0 | H71: =H70 -> 0 | I71: =I70 -> 0 | J71: =J70 -> 0 | K71: =K70 -> 0 | ... AB71: =AB70 -> 0
C72: =C67 -> Year 4 | D72: =D71 -> 0 | E72: =E71 -> 0 | F72: =F71 -> 0 | G72: =G71 -> 0 | H72: =H71 -> 0 | I72: =I71 -> 0 | J72: =J71 -> 0 | K72: =K71 -> 0 | ... AB72: =AB71 -> 0
C73: =C68 -> Year 5 | D73: =D72 -> 0 | E73: =E72 -> 0 | F73: =F72 -> 0 | G73: =G72 -> 0 | H73: =H72 -> 0 | I73: =I72 -> 0 | J73: =J72 -> 0 | K73: =K72 -> 0 | ... AB73: =AB72 -> 0
D74: {=INDEX($D$40:$AB$40, MATCH(0, COUNTIF($C74:C$474, $D$40:$AB$40), 0))} -> Item 1 | E74: {=INDEX($D$40:$AB$40, MATCH(0, COUNTIF($C74:D$474, $D$40:$AB$40), 0))} -> Item 2 | F74: {=INDEX($D$40:$AB$40, MATCH(0, COUNTIF($C74:E$474, $D$40:$AB$40), 0))} -> Item 3 | G74: {=INDEX($D$40:$AB$40, MATCH(0, COUNTIF($C74:F$474, $D$40:$AB$40), 0))} -> Item 4 | H74: {=INDEX($D$40:$AB$40, MATCH(0, COUNTIF($C74:G$474, $D$40:$AB$40), 0))} -> Item 5 | I74: {=INDEX($D$40:$AB$40, MATCH(0, COUNTIF($C74:H$474, $D$40:$AB$40), 0))} -> Item 6 | J74: {=INDEX($D$40:$AB$40, MATCH(0, COUNTIF($C74:I$474, $D$40:$AB$40), 0))} -> Item 7 | K74: {=INDEX($D$40:$AB$40, MATCH(0, COUNTIF($C74:J$474, $D$40:$AB$40), 0))} -> Item 8 | ... AB74: {=INDEX($D$40:$AB$40, MATCH(0, COUNTIF($C74:AA$474, $D$40:$AB$40), 0))} -> Item 25
C77: Revenue | D77: =D59 -> Item 1 | E77: =E59 -> Item 2 | F77: =F59 -> Item 3 | G77: =G59 -> Item 4 | H77: =H59 -> Item 5 | I77: =I59 -> Item 6 | J77: =J59 -> Item 7 | K77: =K59 -> Item 8 | ... AB77: =AB59 -> Item 25
C78: =Infrastructure!I17 -> Year 1 | D78: =SUM(Input!D340:D351) -> 0 | E78: =SUM(Input!E340:E351) -> 0 | F78: =SUM(Input!F340:F351) -> 0 | G78: =SUM(Input!G340:G351) -> 0 | H78: =SUM(Input!H340:H351) -> 0 | I78: =SUM(Input!I340:I351) -> 0 | J78: =SUM(Input!J340:J351) -> 0 | K78: =SUM(Input!K340:K351) -> 0 | ... AB78: =SUM(Input!AB340:AB351) -> 0
C79: =Infrastructure!I18 -> Year 2 | D79: =SUM(Input!D352:D363) -> 0 | E79: =SUM(Input!E352:E363) -> 0 | F79: =SUM(Input!F352:F363) -> 0 | G79: =SUM(Input!G352:G363) -> 0 | H79: =SUM(Input!H352:H363) -> 0 | I79: =SUM(Input!I352:I363) -> 0 | J79: =SUM(Input!J352:J363) -> 0 | K79: =SUM(Input!K352:K363) -> 0 | ... AB79: =SUM(Input!AB352:AB363) -> 0
C80: =Infrastructure!I19 -> Year 3 | D80: =SUM(Input!D364:D375) -> 0 | E80: =SUM(Input!E364:E375) -> 0 | F80: =SUM(Input!F364:F375) -> 0 | G80: =SUM(Input!G364:G375) -> 0 | H80: =SUM(Input!H364:H375) -> 0 | I80: =SUM(Input!I364:I375) -> 0 | J80: =SUM(Input!J364:J375) -> 0 | K80: =SUM(Input!K364:K375) -> 0 | ... AB80: =SUM(Input!AB364:AB375) -> 0
C81: =Infrastructure!I20 -> Year 4 | D81: =IF(Years="Three",SUM(D78:D80),SUM(Input!D376:D387)) -> 0 | E81: =IF(Years="Three",SUM(E78:E80),SUM(Input!E376:E387)) -> 0 | F81: =IF(Years="Three",SUM(F78:F80),SUM(Input!F376:F387)) -> 0 | G81: =IF(Years="Three",SUM(G78:G80),SUM(Input!G376:G387)) -> 0 | H81: =IF(Years="Three",SUM(H78:H80),SUM(Input!H376:H387)) -> 0 | I81: =IF(Years="Three",SUM(I78:I80),SUM(Input!I376:I387)) -> 0 | J81: =IF(Years="Three",SUM(J78:J80),SUM(Input!J376:J387)) -> 0 | K81: =IF(Years="Three",SUM(K78:K80),SUM(Input!K376:K387)) -> 0 | ... AB81: =IF(Years="Three",SUM(AB78:AB80),SUM(Input!AB376:AB387)) -> 0
C82: =Infrastructure!I21 -> Year 5 | D82: =SUM(Input!D388:D399) -> 0 | E82: =SUM(Input!E388:E399) -> 0 | F82: =SUM(Input!F388:F399) -> 0 | G82: =SUM(Input!G388:G399) -> 0 | H82: =SUM(Input!H388:H399) -> 0 | I82: =SUM(Input!I388:I399) -> 0 | J82: =SUM(Input!J388:J399) -> 0 | K82: =SUM(Input!K388:K399) -> 0 | ... AB82: =SUM(Input!AB388:AB399) -> 0
C83: Total | D83: =SUM(D78:D82) -> 0 | E83: =SUM(E78:E82) -> 0 | F83: =SUM(F78:F82) -> 0 | G83: =SUM(G78:G82) -> 0 | H83: =SUM(H78:H82) -> 0 | I83: =SUM(I78:I82) -> 0 | J83: =SUM(J78:J82) -> 0 | K83: =SUM(K78:K82) -> 0 | ... AB83: =SUM(AB78:AB82) -> 0
D84: =IF(AND(D83>0,SUM($D83:$AB83)>0),D83/SUM($D83:$AB83),"") | E84: =IF(AND(E83>0,SUM($D83:$AB83)>0),E83/SUM($D83:$AB83),"") | F84: =IF(AND(F83>0,SUM($D83:$AB83)>0),F83/SUM($D83:$AB83),"") | G84: =IF(AND(G83>0,SUM($D83:$AB83)>0),G83/SUM($D83:$AB83),"") | H84: =IF(AND(H83>0,SUM($D83:$AB83)>0),H83/SUM($D83:$AB83),"") | I84: =IF(AND(I83>0,SUM($D83:$AB83)>0),I83/SUM($D83:$AB83),"") | J84: =IF(AND(J83>0,SUM($D83:$AB83)>0),J83/SUM($D83:$AB83),"") | L84: =IF(AND(L83>0,SUM($D83:$AB83)>0),L83/SUM($D83:$AB83),"") | M84: =IF(AND(M83>0,SUM($D83:$AB83)>0),M83/SUM($D83:$AB83),"") | N84: =IF(AND(N83>0,SUM($D83:$AB83)>0),N83/SUM($D83:$AB83),"") | O84: =IF(AND(O83>0,SUM($D83:$AB83)>0),O83/SUM($D83:$AB83),"") | P84: =IF(AND(P83>0,SUM($D83:$AB83)>0),P83/SUM($D83:$AB83),"") | X84: =IF(AND(X83>0,SUM($D83:$AB83)>0),X83/SUM($D83:$AB83),"") | Y84: =IF(AND(Y83>0,SUM($D83:$AB83)>0),Y83/SUM($D83:$AB83),"") | Z84: =IF(AND(Z83>0,SUM($D83:$AB83)>0),Z83/SUM($D83:$AB83),"") | AA84: =IF(AND(AA83>0,SUM($D83:$AB83)>0),AA83/SUM($D83:$AB83),"") | AB84: =IF(AND(AB83>0,SUM($D83:$AB83)>0),AB83/SUM($D83:$AB83),"")
I85: Show Consultant Fees
I86: =IF(CY8=1,"Yes","No") -> No | P86: Consultant Fees
B87: Personnel | F87: (Up to 10)
D88: Consultants | F88: 0 | G88: Monthly | H88: Start | I88: End | P88: =Infrastructure!H14 -> 0 | Q88: =Infrastructure!I14 -> 59 | R88: =Infrastructure!J14 -> 91 | S88: =Infrastructure!K14 -> 121 | T88: =Infrastructure!L14 -> 152 | U88: =Infrastructure!M14 -> 182 | V88: =Infrastructure!N14 -> 213 | W88: =Infrastructure!O14 -> 244 | ... BW88: =Infrastructure!BO14 -> 1827
A89: 1 | B89: =IF(Infrastructure!AI35="Yes","(Unhide selected rows)","") | C89: =A89&" " -> 1 | P89: =IF(OR($H89="",$I89=""),0,IF(OR(P$88<$H89,P$188>$I89),0,$G89)) -> 0 | Q89: =IF(OR($H89="",$I89=""),0,IF(OR(Q$88<$H89,Q$188>$I89),0,$G89)) -> 0 | R89: =IF(OR($H89="",$I89=""),0,IF(OR(R$88<$H89,R$188>$I89),0,$G89)) -> 0 | S89: =IF(OR($H89="",$I89=""),0,IF(OR(S$88<$H89,S$188>$I89),0,$G89)) -> 0 | T89: =IF(OR($H89="",$I89=""),0,IF(OR(T$88<$H89,T$188>$I89),0,$G89)) -> 0 | U89: =IF(OR($H89="",$I89=""),0,IF(OR(U$88<$H89,U$188>$I89),0,$G89)) -> 0 | V89: =IF(OR($H89="",$I89=""),0,IF(OR(V$88<$H89,V$188>$I89),0,$G89)) -> 0 | W89: =IF(OR($H89="",$I89=""),0,IF(OR(W$88<$H89,W$188>$I89),0,$G89)) -> 0 | ... BW89: =IF(OR($H89="",$I89=""),0,IF(OR(BW$88<$H89,BW$188>$I89),0,$G89)) -> 0
A90: 2 | B90: =IF(A90>F$88,"{Can hide row}","") | C90: =A90&" " -> 2 | P90: =IF(OR($H90="",$I90=""),0,IF(OR(P$88<$H90,P$188>$I90),0,$G90)) -> 0 | Q90: =IF(OR($H90="",$I90=""),0,IF(OR(Q$88<$H90,Q$188>$I90),0,$G90)) -> 0 | R90: =IF(OR($H90="",$I90=""),0,IF(OR(R$88<$H90,R$188>$I90),0,$G90)) -> 0 | S90: =IF(OR($H90="",$I90=""),0,IF(OR(S$88<$H90,S$188>$I90),0,$G90)) -> 0 | T90: =IF(OR($H90="",$I90=""),0,IF(OR(T$88<$H90,T$188>$I90),0,$G90)) -> 0 | U90: =IF(OR($H90="",$I90=""),0,IF(OR(U$88<$H90,U$188>$I90),0,$G90)) -> 0 | V90: =IF(OR($H90="",$I90=""),0,IF(OR(V$88<$H90,V$188>$I90),0,$G90)) -> 0 | W90: =IF(OR($H90="",$I90=""),0,IF(OR(W$88<$H90,W$188>$I90),0,$G90)) -> 0 | ... BW90: =IF(OR($H90="",$I90=""),0,IF(OR(BW$88<$H90,BW$188>$I90),0,$G90)) -> 0
A91: 3 | B91: =IF(A91>F$88,"{Can hide row}","") | C91: =A91&" " -> 3 | P91: =IF(OR($H91="",$I91=""),0,IF(OR(P$88<$H91,P$188>$I91),0,$G91)) -> 0 | Q91: =IF(OR($H91="",$I91=""),0,IF(OR(Q$88<$H91,Q$188>$I91),0,$G91)) -> 0 | R91: =IF(OR($H91="",$I91=""),0,IF(OR(R$88<$H91,R$188>$I91),0,$G91)) -> 0 | S91: =IF(OR($H91="",$I91=""),0,IF(OR(S$88<$H91,S$188>$I91),0,$G91)) -> 0 | T91: =IF(OR($H91="",$I91=""),0,IF(OR(T$88<$H91,T$188>$I91),0,$G91)) -> 0 | U91: =IF(OR($H91="",$I91=""),0,IF(OR(U$88<$H91,U$188>$I91),0,$G91)) -> 0 | V91: =IF(OR($H91="",$I91=""),0,IF(OR(V$88<$H91,V$188>$I91),0,$G91)) -> 0 | W91: =IF(OR($H91="",$I91=""),0,IF(OR(W$88<$H91,W$188>$I91),0,$G91)) -> 0 | ... BW91: =IF(OR($H91="",$I91=""),0,IF(OR(BW$88<$H91,BW$188>$I91),0,$G91)) -> 0
A92: 4 | B92: =IF(A92>F$88,"{Can hide row}","") | C92: =A92&" " -> 4 | P92: =IF(OR($H92="",$I92=""),0,IF(OR(P$88<$H92,P$188>$I92),0,$G92)) -> 0 | Q92: =IF(OR($H92="",$I92=""),0,IF(OR(Q$88<$H92,Q$188>$I92),0,$G92)) -> 0 | R92: =IF(OR($H92="",$I92=""),0,IF(OR(R$88<$H92,R$188>$I92),0,$G92)) -> 0 | S92: =IF(OR($H92="",$I92=""),0,IF(OR(S$88<$H92,S$188>$I92),0,$G92)) -> 0 | T92: =IF(OR($H92="",$I92=""),0,IF(OR(T$88<$H92,T$188>$I92),0,$G92)) -> 0 | U92: =IF(OR($H92="",$I92=""),0,IF(OR(U$88<$H92,U$188>$I92),0,$G92)) -> 0 | V92: =IF(OR($H92="",$I92=""),0,IF(OR(V$88<$H92,V$188>$I92),0,$G92)) -> 0 | W92: =IF(OR($H92="",$I92=""),0,IF(OR(W$88<$H92,W$188>$I92),0,$G92)) -> 0 | ... BW92: =IF(OR($H92="",$I92=""),0,IF(OR(BW$88<$H92,BW$188>$I92),0,$G92)) -> 0 | CC92: 28 | CD92: 29 | CE92: 30 | CF92: 31 | CG92: 32 | CH92: 33 | CI92: 34 | CJ92: 35 | CK92: 36 | FV92: 26 | FW92: 27
A93: 5 | B93: =IF(A93>F$88,"{Can hide row}","") | C93: =A93&" " -> 5 | P93: =IF(OR($H93="",$I93=""),0,IF(OR(P$88<$H93,P$188>$I93),0,$G93)) -> 0 | Q93: =IF(OR($H93="",$I93=""),0,IF(OR(Q$88<$H93,Q$188>$I93),0,$G93)) -> 0 | R93: =IF(OR($H93="",$I93=""),0,IF(OR(R$88<$H93,R$188>$I93),0,$G93)) -> 0 | S93: =IF(OR($H93="",$I93=""),0,IF(OR(S$88<$H93,S$188>$I93),0,$G93)) -> 0 | T93: =IF(OR($H93="",$I93=""),0,IF(OR(T$88<$H93,T$188>$I93),0,$G93)) -> 0 | U93: =IF(OR($H93="",$I93=""),0,IF(OR(U$88<$H93,U$188>$I93),0,$G93)) -> 0 | V93: =IF(OR($H93="",$I93=""),0,IF(OR(V$88<$H93,V$188>$I93),0,$G93)) -> 0 | W93: =IF(OR($H93="",$I93=""),0,IF(OR(W$88<$H93,W$188>$I93),0,$G93)) -> 0 | ... BW93: =IF(OR($H93="",$I93=""),0,IF(OR(BW$88<$H93,BW$188>$I93),0,$G93)) -> 0 | CC93: =$K$120 -> 0 | CD93: =$K$120 -> 0 | CE93: =$K$120 -> 0 | CF93: =$K$120 -> 0 | CG93: =$K$120 -> 0 | CH93: =$K$120 -> 0 | CI93: =$K$120 -> 0 | CJ93: =$K$120 -> 0 | CK93: =$K$120 -> 0 | FV93: =$K$118 -> 0 | FW93: =$K$118 -> 0
A94: 6 | B94: =IF(A94>F$88,"{Can hide row}","") -> {Can hide row} | C94: =A94&" " -> 6 | P94: =IF(OR($H94="",$I94=""),0,IF(OR(P$88<$H94,P$188>$I94),0,$G94)) -> 0 | Q94: =IF(OR($H94="",$I94=""),0,IF(OR(Q$88<$H94,Q$188>$I94),0,$G94)) -> 0 | R94: =IF(OR($H94="",$I94=""),0,IF(OR(R$88<$H94,R$188>$I94),0,$G94)) -> 0 | S94: =IF(OR($H94="",$I94=""),0,IF(OR(S$88<$H94,S$188>$I94),0,$G94)) -> 0 | T94: =IF(OR($H94="",$I94=""),0,IF(OR(T$88<$H94,T$188>$I94),0,$G94)) -> 0 | U94: =IF(OR($H94="",$I94=""),0,IF(OR(U$88<$H94,U$188>$I94),0,$G94)) -> 0 | V94: =IF(OR($H94="",$I94=""),0,IF(OR(V$88<$H94,V$188>$I94),0,$G94)) -> 0 | W94: =IF(OR($H94="",$I94=""),0,IF(OR(W$88<$H94,W$188>$I94),0,$G94)) -> 0 | ... BW94: =IF(OR($H94="",$I94=""),0,IF(OR(BW$88<$H94,BW$188>$I94),0,$G94)) -> 0 | CC94: =0 -> 0 | CD94: =0 -> 0 | CE94: =0 -> 0 | CF94: =0 -> 0 | CG94: =0 -> 0 | CH94: =0 -> 0 | CI94: =0 -> 0 | CJ94: =0 -> 0 | CK94: =0 -> 0 | FV94: =0 -> 0 | FW94: =0 -> 0
A95: 7 | B95: =IF(A95>F$88,"{Can hide row}","") -> {Can hide row} | C95: =A95&" " -> 7 | P95: =IF(OR($H95="",$I95=""),0,IF(OR(P$88<$H95,P$188>$I95),0,$G95)) -> 0 | Q95: =IF(OR($H95="",$I95=""),0,IF(OR(Q$88<$H95,Q$188>$I95),0,$G95)) -> 0 | R95: =IF(OR($H95="",$I95=""),0,IF(OR(R$88<$H95,R$188>$I95),0,$G95)) -> 0 | S95: =IF(OR($H95="",$I95=""),0,IF(OR(S$88<$H95,S$188>$I95),0,$G95)) -> 0 | T95: =IF(OR($H95="",$I95=""),0,IF(OR(T$88<$H95,T$188>$I95),0,$G95)) -> 0 | U95: =IF(OR($H95="",$I95=""),0,IF(OR(U$88<$H95,U$188>$I95),0,$G95)) -> 0 | V95: =IF(OR($H95="",$I95=""),0,IF(OR(V$88<$H95,V$188>$I95),0,$G95)) -> 0 | W95: =IF(OR($H95="",$I95=""),0,IF(OR(W$88<$H95,W$188>$I95),0,$G95)) -> 0 | ... BW95: =IF(OR($H95="",$I95=""),0,IF(OR(BW$88<$H95,BW$188>$I95),0,$G95)) -> 0
A96: 8 | B96: =IF(A96>F$88,"{Can hide row}","") -> {Can hide row} | C96: =A96&" " -> 8 | P96: =IF(OR($H96="",$I96=""),0,IF(OR(P$88<$H96,P$188>$I96),0,$G96)) -> 0 | Q96: =IF(OR($H96="",$I96=""),0,IF(OR(Q$88<$H96,Q$188>$I96),0,$G96)) -> 0 | R96: =IF(OR($H96="",$I96=""),0,IF(OR(R$88<$H96,R$188>$I96),0,$G96)) -> 0 | S96: =IF(OR($H96="",$I96=""),0,IF(OR(S$88<$H96,S$188>$I96),0,$G96)) -> 0 | T96: =IF(OR($H96="",$I96=""),0,IF(OR(T$88<$H96,T$188>$I96),0,$G96)) -> 0 | U96: =IF(OR($H96="",$I96=""),0,IF(OR(U$88<$H96,U$188>$I96),0,$G96)) -> 0 | V96: =IF(OR($H96="",$I96=""),0,IF(OR(V$88<$H96,V$188>$I96),0,$G96)) -> 0 | W96: =IF(OR($H96="",$I96=""),0,IF(OR(W$88<$H96,W$188>$I96),0,$G96)) -> 0 | ... BW96: =IF(OR($H96="",$I96=""),0,IF(OR(BW$88<$H96,BW$188>$I96),0,$G96)) -> 0
A97: 9 | B97: =IF(A97>F$88,"{Can hide row}","") -> {Can hide row} | C97: =A97&" " -> 9 | P97: =IF(OR($H97="",$I97=""),0,IF(OR(P$88<$H97,P$188>$I97),0,$G97)) -> 0 | Q97: =IF(OR($H97="",$I97=""),0,IF(OR(Q$88<$H97,Q$188>$I97),0,$G97)) -> 0 | R97: =IF(OR($H97="",$I97=""),0,IF(OR(R$88<$H97,R$188>$I97),0,$G97)) -> 0 | S97: =IF(OR($H97="",$I97=""),0,IF(OR(S$88<$H97,S$188>$I97),0,$G97)) -> 0 | T97: =IF(OR($H97="",$I97=""),0,IF(OR(T$88<$H97,T$188>$I97),0,$G97)) -> 0 | U97: =IF(OR($H97="",$I97=""),0,IF(OR(U$88<$H97,U$188>$I97),0,$G97)) -> 0 | V97: =IF(OR($H97="",$I97=""),0,IF(OR(V$88<$H97,V$188>$I97),0,$G97)) -> 0 | W97: =IF(OR($H97="",$I97=""),0,IF(OR(W$88<$H97,W$188>$I97),0,$G97)) -> 0 | ... BW97: =IF(OR($H97="",$I97=""),0,IF(OR(BW$88<$H97,BW$188>$I97),0,$G97)) -> 0
A98: 10 | B98: =IF(A98>F$88,"{Can hide row}","") -> {Can hide row} | C98: =A98&" " -> 10 | P98: =IF(OR($H98="",$I98=""),0,IF(OR(P$88<$H98,P$188>$I98),0,$G98)) -> 0 | Q98: =IF(OR($H98="",$I98=""),0,IF(OR(Q$88<$H98,Q$188>$I98),0,$G98)) -> 0 | R98: =IF(OR($H98="",$I98=""),0,IF(OR(R$88<$H98,R$188>$I98),0,$G98)) -> 0 | S98: =IF(OR($H98="",$I98=""),0,IF(OR(S$88<$H98,S$188>$I98),0,$G98)) -> 0 | T98: =IF(OR($H98="",$I98=""),0,IF(OR(T$88<$H98,T$188>$I98),0,$G98)) -> 0 | U98: =IF(OR($H98="",$I98=""),0,IF(OR(U$88<$H98,U$188>$I98),0,$G98)) -> 0 | V98: =IF(OR($H98="",$I98=""),0,IF(OR(V$88<$H98,V$188>$I98),0,$G98)) -> 0 | W98: =IF(OR($H98="",$I98=""),0,IF(OR(W$88<$H98,W$188>$I98),0,$G98)) -> 0 | ... BW98: =IF(OR($H98="",$I98=""),0,IF(OR(BW$88<$H98,BW$188>$I98),0,$G98)) -> 0
P99: =SUM(P89:P98) -> 0 | Q99: =SUM(Q89:Q98) -> 0 | R99: =SUM(R89:R98) -> 0 | S99: =SUM(S89:S98) -> 0 | T99: =SUM(T89:T98) -> 0 | U99: =SUM(U89:U98) -> 0 | V99: =SUM(V89:V98) -> 0 | W99: =SUM(W89:W98) -> 0 | ... BW99: =SUM(BW89:BW98) -> 0
L100: Payroll Taxes | P100: =COUNTIFS($G89:$G98,">0",$H89:$H98,"<="&P88,$I89:$I98,">="&P88) -> 0 | Q100: =COUNTIFS($G89:$G98,">0",$H89:$H98,"<="&Q88,$I89:$I98,">="&Q88) -> 0 | R100: =COUNTIFS($G89:$G98,">0",$H89:$H98,"<="&R88,$I89:$I98,">="&R88) -> 0 | S100: =COUNTIFS($G89:$G98,">0",$H89:$H98,"<="&S88,$I89:$I98,">="&S88) -> 0 | T100: =COUNTIFS($G89:$G98,">0",$H89:$H98,"<="&T88,$I89:$I98,">="&T88) -> 0 | U100: =COUNTIFS($G89:$G98,">0",$H89:$H98,"<="&U88,$I89:$I98,">="&U88) -> 0 | V100: =COUNTIFS($G89:$G98,">0",$H89:$H98,"<="&V88,$I89:$I98,">="&V88) -> 0 | W100: =COUNTIFS($G89:$G98,">0",$H89:$H98,"<="&W88,$I89:$I98,">="&W88) -> 0 | ... BW100: =COUNTIFS($G89:$G98,">0",$H89:$H98,"<="&BW88,$I89:$I98,">="&BW88) -> 0
K101: Soc. Sec. (FICA) | L101: FUTA | M101: Workers' Comp | N101: Other | O101: Total
K102: 0.062 | L102: 0.06 | M102: 0.015 | N102: 0 | O102: =SUM(K102:N102) -> 0.137
N103: Recruiter Fee
I104: Show Headcount | K104: Payroll Taxes | L104: Benefits | M104: Annual Raise | N104: 1st Yr. Salary %
I105: =IF(DM3=2,"Show","Hide") -> Show | K105: =O102 -> 0.137 | L105: 0.075 | M105: 0.05 | N105: 0.25 | P105: Headcount
F106: (Up to 50)
D107: Employees | F107: 4 | G107: Monthly Salary | H107: Start | I107: End | J107: Headcount | K107: Payroll Taxes | L107: Benefits | M107: Raise | N107: Recruiter? | P107: =P88 -> 0 | Q107: =Q88 -> 59 | R107: =R88 -> 91 | S107: =S88 -> 121 | T107: =T88 -> 152 | U107: =U88 -> 182 | V107: =V88 -> 213 | W107: =W88 -> 244 | ... BW107: =BW88 -> 1827
A108: 1 | B108: =IF(Infrastructure!AI36="Yes","(Unhide selected rows)","") | C108: =A108&" " -> 1 | D108: Founder / GM | G108: 6500 | H108: 46418 | I108: 48213 | J108: 1 | K108: =IF(I108<>"",$O$102,0) -> 0 | L108: =IF(I108<>"",L105,0) -> 0 | M108: =IF(I108<>"",M105,0) -> 0 | P108: =IF(OR($H108="",$I108=""),0,IF(OR(P$107<$H108,P$107>$I108),0,$J108)) -> 0 | Q108: =IF(OR($H108="",$I108=""),0,IF(OR(Q$107<$H108,Q$107>$I108),0,$J108)) -> 0 | R108: =IF(OR($H108="",$I108=""),0,IF(OR(R$107<$H108,R$107>$I108),0,$J108)) -> 0 | S108: =IF(OR($H108="",$I108=""),0,IF(OR(S$107<$H108,S$107>$I108),0,$J108)) -> 0 | T108: =IF(OR($H108="",$I108=""),0,IF(OR(T$107<$H108,T$107>$I108),0,$J108)) -> 0 | U108: =IF(OR($H108="",$I108=""),0,IF(OR(U$107<$H108,U$107>$I108),0,$J108)) -> 0 | V108: =IF(OR($H108="",$I108=""),0,IF(OR(V$107<$H108,V$107>$I108),0,$J108)) -> 0 | W108: =IF(OR($H108="",$I108=""),0,IF(OR(W$107<$H108,W$107>$I108),0,$J108)) -> 0 | ... BW108: =IF(OR($H108="",$I108=""),0,IF(OR(BW$107<$H108,BW$107>$I108),0,$J108)) -> 0
A109: 2 | B109: =IF(A109>F$107,"{Can hide row}","") | C109: =A109&" " -> 2 | D109: Head Roaster | G109: 4800 | H109: 46446 | I109: 48213 | J109: 1 | K109: =IF(I109<>"",$O$102,0) -> 0 | L109: =IF(I109<>"",L108,0) -> 0 | M109: =IF(I109<>"",M108,0) -> 0 | P109: =IF(OR($H109="",$I109=""),0,IF(OR(P$107<$H109,P$107>$I109),0,$J109)) -> 0 | Q109: =IF(OR($H109="",$I109=""),0,IF(OR(Q$107<$H109,Q$107>$I109),0,$J109)) -> 0 | R109: =IF(OR($H109="",$I109=""),0,IF(OR(R$107<$H109,R$107>$I109),0,$J109)) -> 0 | S109: =IF(OR($H109="",$I109=""),0,IF(OR(S$107<$H109,S$107>$I109),0,$J109)) -> 0 | T109: =IF(OR($H109="",$I109=""),0,IF(OR(T$107<$H109,T$107>$I109),0,$J109)) -> 0 | U109: =IF(OR($H109="",$I109=""),0,IF(OR(U$107<$H109,U$107>$I109),0,$J109)) -> 0 | V109: =IF(OR($H109="",$I109=""),0,IF(OR(V$107<$H109,V$107>$I109),0,$J109)) -> 0 | W109: =IF(OR($H109="",$I109=""),0,IF(OR(W$107<$H109,W$107>$I109),0,$J109)) -> 0 | ... BW109: =IF(OR($H109="",$I109=""),0,IF(OR(BW$107<$H109,BW$107>$I109),0,$J109)) -> 0
A110: 3 | B110: =IF(A110>F$107,"{Can hide row}","") | C110: =A110&" " -> 3 | D110: Baristas | G110: 3000 | H110: 46418 | I110: 48213 | J110: 2 | K110: =IF(I110<>"",$O$102,0) -> 0 | L110: =IF(I110<>"",L109,0) -> 0 | M110: =IF(I110<>"",M109,0) -> 0 | P110: =IF(OR($H110="",$I110=""),0,IF(OR(P$107<$H110,P$107>$I110),0,$J110)) -> 0 | Q110: =IF(OR($H110="",$I110=""),0,IF(OR(Q$107<$H110,Q$107>$I110),0,$J110)) -> 0 | R110: =IF(OR($H110="",$I110=""),0,IF(OR(R$107<$H110,R$107>$I110),0,$J110)) -> 0 | S110: =IF(OR($H110="",$I110=""),0,IF(OR(S$107<$H110,S$107>$I110),0,$J110)) -> 0 | T110: =IF(OR($H110="",$I110=""),0,IF(OR(T$107<$H110,T$107>$I110),0,$J110)) -> 0 | U110: =IF(OR($H110="",$I110=""),0,IF(OR(U$107<$H110,U$107>$I110),0,$J110)) -> 0 | V110: =IF(OR($H110="",$I110=""),0,IF(OR(V$107<$H110,V$107>$I110),0,$J110)) -> 0 | W110: =IF(OR($H110="",$I110=""),0,IF(OR(W$107<$H110,W$107>$I110),0,$J110)) -> 0 | ... BW110: =IF(OR($H110="",$I110=""),0,IF(OR(BW$107<$H110,BW$107>$I110),0,$J110)) -> 0
A111: 4 | B111: =IF(A111>F$107,"{Can hide row}","") | C111: =A111&" " -> 4 | D111: Sales Manager | G111: 5000 | H111: 46568 | I111: 48213 | J111: 1 | K111: =IF(I111<>"",$O$102,0) -> 0 | L111: =IF(I111<>"",L110,0) -> 0 | M111: =IF(I111<>"",M110,0) -> 0 | P111: =IF(OR($H111="",$I111=""),0,IF(OR(P$107<$H111,P$107>$I111),0,$J111)) -> 0 | Q111: =IF(OR($H111="",$I111=""),0,IF(OR(Q$107<$H111,Q$107>$I111),0,$J111)) -> 0 | R111: =IF(OR($H111="",$I111=""),0,IF(OR(R$107<$H111,R$107>$I111),0,$J111)) -> 0 | S111: =IF(OR($H111="",$I111=""),0,IF(OR(S$107<$H111,S$107>$I111),0,$J111)) -> 0 | T111: =IF(OR($H111="",$I111=""),0,IF(OR(T$107<$H111,T$107>$I111),0,$J111)) -> 0 | U111: =IF(OR($H111="",$I111=""),0,IF(OR(U$107<$H111,U$107>$I111),0,$J111)) -> 0 | V111: =IF(OR($H111="",$I111=""),0,IF(OR(V$107<$H111,V$107>$I111),0,$J111)) -> 0 | W111: =IF(OR($H111="",$I111=""),0,IF(OR(W$107<$H111,W$107>$I111),0,$J111)) -> 0 | ... BW111: =IF(OR($H111="",$I111=""),0,IF(OR(BW$107<$H111,BW$107>$I111),0,$J111)) -> 0
A112: 5 | B112: =IF(A112>F$107,"{Can hide row}","") | C112: =A112&" " -> 5 | J112: 2 | K112: =IF(I112<>"",$O$102,0) -> 0 | L112: =IF(I112<>"",L111,0) -> 0 | M112: =IF(I112<>"",M111,0) -> 0 | P112: =IF(OR($H112="",$I112=""),0,IF(OR(P$107<$H112,P$107>$I112),0,$J112)) -> 0 | Q112: =IF(OR($H112="",$I112=""),0,IF(OR(Q$107<$H112,Q$107>$I112),0,$J112)) -> 0 | R112: =IF(OR($H112="",$I112=""),0,IF(OR(R$107<$H112,R$107>$I112),0,$J112)) -> 0 | S112: =IF(OR($H112="",$I112=""),0,IF(OR(S$107<$H112,S$107>$I112),0,$J112)) -> 0 | T112: =IF(OR($H112="",$I112=""),0,IF(OR(T$107<$H112,T$107>$I112),0,$J112)) -> 0 | U112: =IF(OR($H112="",$I112=""),0,IF(OR(U$107<$H112,U$107>$I112),0,$J112)) -> 0 | V112: =IF(OR($H112="",$I112=""),0,IF(OR(V$107<$H112,V$107>$I112),0,$J112)) -> 0 | W112: =IF(OR($H112="",$I112=""),0,IF(OR(W$107<$H112,W$107>$I112),0,$J112)) -> 0 | ... BW112: =IF(OR($H112="",$I112=""),0,IF(OR(BW$107<$H112,BW$107>$I112),0,$J112)) -> 0
A113: 6 | B113: =IF(A113>F$107,"{Can hide row}","") | C113: =A113&" " -> 6 | J113: 2 | K113: =IF(I113<>"",$O$102,0) -> 0 | L113: =IF(I113<>"",L112,0) -> 0 | M113: =IF(I113<>"",M112,0) -> 0 | P113: =IF(OR($H113="",$I113=""),0,IF(OR(P$107<$H113,P$107>$I113),0,$J113)) -> 0 | Q113: =IF(OR($H113="",$I113=""),0,IF(OR(Q$107<$H113,Q$107>$I113),0,$J113)) -> 0 | R113: =IF(OR($H113="",$I113=""),0,IF(OR(R$107<$H113,R$107>$I113),0,$J113)) -> 0 | S113: =IF(OR($H113="",$I113=""),0,IF(OR(S$107<$H113,S$107>$I113),0,$J113)) -> 0 | T113: =IF(OR($H113="",$I113=""),0,IF(OR(T$107<$H113,T$107>$I113),0,$J113)) -> 0 | U113: =IF(OR($H113="",$I113=""),0,IF(OR(U$107<$H113,U$107>$I113),0,$J113)) -> 0 | V113: =IF(OR($H113="",$I113=""),0,IF(OR(V$107<$H113,V$107>$I113),0,$J113)) -> 0 | W113: =IF(OR($H113="",$I113=""),0,IF(OR(W$107<$H113,W$107>$I113),0,$J113)) -> 0 | ... BW113: =IF(OR($H113="",$I113=""),0,IF(OR(BW$107<$H113,BW$107>$I113),0,$J113)) -> 0
A114: 7 | B114: =IF(A114>F$107,"{Can hide row}","") | C114: =A114&" " -> 7 | J114: 3 | K114: =IF(I114<>"",$O$102,0) -> 0 | L114: =IF(I114<>"",L113,0) -> 0 | M114: =IF(I114<>"",M113,0) -> 0 | P114: =IF(OR($H114="",$I114=""),0,IF(OR(P$107<$H114,P$107>$I114),0,$J114)) -> 0 | Q114: =IF(OR($H114="",$I114=""),0,IF(OR(Q$107<$H114,Q$107>$I114),0,$J114)) -> 0 | R114: =IF(OR($H114="",$I114=""),0,IF(OR(R$107<$H114,R$107>$I114),0,$J114)) -> 0 | S114: =IF(OR($H114="",$I114=""),0,IF(OR(S$107<$H114,S$107>$I114),0,$J114)) -> 0 | T114: =IF(OR($H114="",$I114=""),0,IF(OR(T$107<$H114,T$107>$I114),0,$J114)) -> 0 | U114: =IF(OR($H114="",$I114=""),0,IF(OR(U$107<$H114,U$107>$I114),0,$J114)) -> 0 | V114: =IF(OR($H114="",$I114=""),0,IF(OR(V$107<$H114,V$107>$I114),0,$J114)) -> 0 | W114: =IF(OR($H114="",$I114=""),0,IF(OR(W$107<$H114,W$107>$I114),0,$J114)) -> 0 | ... BW114: =IF(OR($H114="",$I114=""),0,IF(OR(BW$107<$H114,BW$107>$I114),0,$J114)) -> 0
A115: 8 | B115: =IF(A115>F$107,"{Can hide row}","") | C115: =A115&" " -> 8 | J115: 2 | K115: =IF(I115<>"",$O$102,0) -> 0 | L115: =IF(I115<>"",L114,0) -> 0 | M115: =IF(I115<>"",M114,0) -> 0 | P115: =IF(OR($H115="",$I115=""),0,IF(OR(P$107<$H115,P$107>$I115),0,$J115)) -> 0 | Q115: =IF(OR($H115="",$I115=""),0,IF(OR(Q$107<$H115,Q$107>$I115),0,$J115)) -> 0 | R115: =IF(OR($H115="",$I115=""),0,IF(OR(R$107<$H115,R$107>$I115),0,$J115)) -> 0 | S115: =IF(OR($H115="",$I115=""),0,IF(OR(S$107<$H115,S$107>$I115),0,$J115)) -> 0 | T115: =IF(OR($H115="",$I115=""),0,IF(OR(T$107<$H115,T$107>$I115),0,$J115)) -> 0 | U115: =IF(OR($H115="",$I115=""),0,IF(OR(U$107<$H115,U$107>$I115),0,$J115)) -> 0 | V115: =IF(OR($H115="",$I115=""),0,IF(OR(V$107<$H115,V$107>$I115),0,$J115)) -> 0 | W115: =IF(OR($H115="",$I115=""),0,IF(OR(W$107<$H115,W$107>$I115),0,$J115)) -> 0 | ... BW115: =IF(OR($H115="",$I115=""),0,IF(OR(BW$107<$H115,BW$107>$I115),0,$J115)) -> 0
A116: 9 | B116: =IF(A116>F$107,"{Can hide row}","") | C116: =A116&" " -> 9 | J116: =IF(I116<>"",1,0) -> 0 | K116: =IF(I116<>"",$O$102,0) -> 0 | L116: =IF(I116<>"",L115,0) -> 0 | M116: =IF(I116<>"",M115,0) -> 0 | P116: =IF(OR($H116="",$I116=""),0,IF(OR(P$107<$H116,P$107>$I116),0,$J116)) -> 0 | Q116: =IF(OR($H116="",$I116=""),0,IF(OR(Q$107<$H116,Q$107>$I116),0,$J116)) -> 0 | R116: =IF(OR($H116="",$I116=""),0,IF(OR(R$107<$H116,R$107>$I116),0,$J116)) -> 0 | S116: =IF(OR($H116="",$I116=""),0,IF(OR(S$107<$H116,S$107>$I116),0,$J116)) -> 0 | T116: =IF(OR($H116="",$I116=""),0,IF(OR(T$107<$H116,T$107>$I116),0,$J116)) -> 0 | U116: =IF(OR($H116="",$I116=""),0,IF(OR(U$107<$H116,U$107>$I116),0,$J116)) -> 0 | V116: =IF(OR($H116="",$I116=""),0,IF(OR(V$107<$H116,V$107>$I116),0,$J116)) -> 0 | W116: =IF(OR($H116="",$I116=""),0,IF(OR(W$107<$H116,W$107>$I116),0,$J116)) -> 0 | ... BW116: =IF(OR($H116="",$I116=""),0,IF(OR(BW$107<$H116,BW$107>$I116),0,$J116)) -> 0
A117: 10 | B117: =IF(A117>F$107,"{Can hide row}","") | C117: =A117&" " -> 10 | J117: =IF(I117<>"",1,0) -> 0 | K117: =IF(I117<>"",$O$102,0) -> 0 | L117: =IF(I117<>"",L116,0) -> 0 | M117: =IF(I117<>"",M116,0) -> 0 | P117: =IF(OR($H117="",$I117=""),0,IF(OR(P$107<$H117,P$107>$I117),0,$J117)) -> 0 | Q117: =IF(OR($H117="",$I117=""),0,IF(OR(Q$107<$H117,Q$107>$I117),0,$J117)) -> 0 | R117: =IF(OR($H117="",$I117=""),0,IF(OR(R$107<$H117,R$107>$I117),0,$J117)) -> 0 | S117: =IF(OR($H117="",$I117=""),0,IF(OR(S$107<$H117,S$107>$I117),0,$J117)) -> 0 | T117: =IF(OR($H117="",$I117=""),0,IF(OR(T$107<$H117,T$107>$I117),0,$J117)) -> 0 | U117: =IF(OR($H117="",$I117=""),0,IF(OR(U$107<$H117,U$107>$I117),0,$J117)) -> 0 | V117: =IF(OR($H117="",$I117=""),0,IF(OR(V$107<$H117,V$107>$I117),0,$J117)) -> 0 | W117: =IF(OR($H117="",$I117=""),0,IF(OR(W$107<$H117,W$107>$I117),0,$J117)) -> 0 | ... BW117: =IF(OR($H117="",$I117=""),0,IF(OR(BW$107<$H117,BW$107>$I117),0,$J117)) -> 0
...

Sheet Financials
B1: Financials | F1: 2 | G1: 3 | H1: 4 | I1: 5 | J1: 6 | K1: 7 | L1: 8 | M1: 9 | N1: 10 | O1: 11 | P1: 12 | R1: 13 | S1: 14 | T1: 15 | U1: 16 | V1: 17 | W1: 18 | X1: 19 | Y1: 20 | Z1: 21 | AA1: 22 | AB1: 23 | AC1: 24 | AE1: 25 | AF1: 26 | AG1: 27 | AH1: 28 | AI1: 29 | AJ1: 30 | AK1: 31 | AL1: 32 | AM1: 33 | AN1: 34 | AO1: 35 | AP1: 36 | AR1: 37 | AS1: 38 | AT1: 39 | AU1: 40 | AV1: 41 | AW1: 42 | AX1: 43 | AY1: 44 | AZ1: 45 | BA1: 46 | BB1: 47 | BC1: 48 | BE1: 49 | BF1: 50 | BG1: 51 | BH1: 52 | BI1: 53 | BJ1: 54 | BK1: 55 | BL1: 56 | BM1: 57 | BN1: 58 | BO1: 59 | BP1: 60 | BY1: Quarterly
D2: P&L | G2: Mon 3 | H2: Mon 4 | I2: Mon 5 | R2: Mon 6 | BV2: Mon 57 | BY2: Mon 58 | BZ2: Mon 59 | CA2: Mon 60
E3: =Infrastructure!H14 -> 0 | F3: =Infrastructure!I14 -> 59 | G3: =Infrastructure!J14 -> 91 | H3: =Infrastructure!K14 -> 121 | I3: =Infrastructure!L14 -> 152 | J3: =Infrastructure!M14 -> 182 | K3: =Infrastructure!N14 -> 213 | L3: =Infrastructure!O14 -> 244 | ... P3: =Infrastructure!S14 -> 366 | Q3: =Infrastructure!H9 -> Year 1 | R3: =Infrastructure!T14 -> 397 | S3: =Infrastructure!U14 -> 425 | T3: =Infrastructure!V14 -> 456 | U3: =Infrastructure!W14 -> 486 | V3: =Infrastructure!X14 -> 517 | W3: =Infrastructure!Y14 -> 547 | X3: =Infrastructure!Z14 -> 578 | Y3: =Infrastructure!AA14 -> 609 | ... AC3: =Infrastructure!AE14 -> 731 | AD3: =Infrastructure!I9 -> Year 2 | AE3: =Infrastructure!AF14 -> 762 | AF3: =Infrastructure!AG14 -> 790 | AG3: =Infrastructure!AH14 -> 821 | AH3: =Infrastructure!AI14 -> 851 | AI3: =Infrastructure!AJ14 -> 882 | AJ3: =Infrastructure!AK14 -> 912 | AK3: =Infrastructure!AL14 -> 943 | AL3: =Infrastructure!AM14 -> 974 | ... AP3: =Infrastructure!AQ14 -> 1096 | AQ3: =Infrastructure!J9 -> Year 3 | AR3: =Infrastructure!AR14 -> 1127 | AS3: =Infrastructure!AS14 -> 1155 | AT3: =Infrastructure!AT14 -> 1186 | AU3: =Infrastructure!AU14 -> 1216 | AV3: =Infrastructure!AV14 -> 1247 | AW3: =Infrastructure!AW14 -> 1277 | AX3: =Infrastructure!AX14 -> 1308 | AY3: =Infrastructure!AY14 -> 1339 | ... BC3: =Infrastructure!BC14 -> 1461 | BD3: =Infrastructure!K9 -> Year 4 | BE3: =Infrastructure!BD14 -> 1492 | BF3: =Infrastructure!BE14 -> 1521 | BG3: =Infrastructure!BF14 -> 1552 | BH3: =Infrastructure!BG14 -> 1582 | BI3: =Infrastructure!BH14 -> 1613 | BJ3: =Infrastructure!BI14 -> 1643 | BK3: =Infrastructure!BJ14 -> 1674 | BL3: =Infrastructure!BK14 -> 1705 | ... BP3: =Infrastructure!BO14 -> 1827 | BQ3: =Infrastructure!L9 -> Year 5 | BU3: Total
D4: =IF(Infrastructure!AO26=Infrastructure!AN26,"Revenue","Revenue - Hidden Rows with Values") -> Revenue | BV4: Revenue
B5: =IF(Input!D1309="Monthly","This row can be hidden","") | D5: Subscription - Annual (Earned) | E5: =Calcs!L192 -> 0 | F5: =Calcs!M192 -> 0 | G5: =Calcs!N192 -> 0 | H5: =Calcs!O192 -> 0 | I5: =Calcs!P192 -> 0 | J5: =Calcs!Q192 -> 0 | K5: =Calcs!R192 -> 0 | L5: =Calcs!S192 -> 0 | ... P5: =Calcs!W192 -> 0 | Q5: =SUM(E5:P5) -> 0 | R5: =Calcs!X192 -> 0 | S5: =Calcs!Y192 -> 0 | T5: =Calcs!Z192 -> 0 | U5: =Calcs!AA192 -> 0 | V5: =Calcs!AB192 -> 0 | W5: =Calcs!AC192 -> 0 | X5: =Calcs!AD192 -> 0 | Y5: =Calcs!AE192 -> 0 | ... AC5: =Calcs!AI192 -> 0 | AD5: =SUM(R5:AC5) -> 0 | AE5: =Calcs!AJ192 -> 0 | AF5: =Calcs!AK192 -> 0 | AG5: =Calcs!AL192 -> 0 | AH5: =Calcs!AM192 -> 0 | AI5: =Calcs!AN192 -> 0 | AJ5: =Calcs!AO192 -> 0 | AK5: =Calcs!AP192 -> 0 | AL5: =Calcs!AQ192 -> 0 | ... AP5: =Calcs!AU192 -> 0 | AQ5: =SUM(AE5:AP5) -> 0 | AR5: =Calcs!AV192 -> 0 | AS5: =Calcs!AW192 -> 0 | AT5: =Calcs!AX192 -> 0 | AU5: =Calcs!AY192 -> 0 | AV5: =Calcs!AZ192 -> 0 | AW5: =Calcs!BA192 -> 0 | AX5: =Calcs!BB192 -> 0 | AY5: =Calcs!BC192 -> 0 | ... BC5: =Calcs!BG192 -> 0 | BD5: =SUM(AR5:BC5) -> 0 | BE5: =Calcs!BH192 -> 0 | BF5: =Calcs!BI192 -> 0 | BG5: =Calcs!BJ192 -> 0 | BH5: =Calcs!BK192 -> 0 | BI5: =Calcs!BL192 -> 0 | BJ5: =Calcs!BM192 -> 0 | BK5: =Calcs!BN192 -> 0 | BL5: =Calcs!BO192 -> 0 | ... BP5: =Calcs!BS192 -> 0 | BQ5: =SUM(BE5:BP5) -> 0 | BS5: =SUM(BQ5,BD5,AQ5,AD5,Q5) -> 0 | BU5: =SUM(BQ5,BD5,AQ5,AD5,Q5) -> 0 | BV5: =D5 -> Subscription - Annual (Earned) | BW5: =SUM(Financials!E5:'Financials'!G5) -> 0 | BX5: =SUM(Financials!H5:'Financials'!J5) -> 0 | BY5: =SUM(Financials!K5:'Financials'!M5) -> 0 | BZ5: =SUM(Financials!N5:'Financials'!P5) -> 0 | CA5: =SUM(Financials!R5:'Financials'!T5) -> 0 | CB5: =SUM(Financials!U5:'Financials'!W5) -> 0 | CC5: =SUM(Financials!X5:'Financials'!Z5) -> 0 | CD5: =SUM(Financials!AA5:'Financials'!AC5) -> 0 | CE5: =SUM(Financials!AE5:'Financials'!AG5) -> 0 | CF5: =SUM(Financials!AH5:'Financials'!AJ5) -> 0 | CG5: =SUM(Financials!AK5:'Financials'!AM5) -> 0 | CH5: =SUM(Financials!AN5:'Financials'!AP5) -> 0 | CI5: =SUM(Financials!AR5:'Financials'!AT5) -> 0 | CJ5: =SUM(Financials!AU5:'Financials'!AW5) -> 0 | CK5: =SUM(Financials!AX5:'Financials'!AZ5) -> 0 | CL5: =SUM(Financials!BA5:'Financials'!BC5) -> 0 | CM5: =SUM(Financials!BE5:'Financials'!BG5) -> 0 | CN5: =SUM(Financials!BH5:'Financials'!BJ5) -> 0 | CO5: =SUM(Financials!BK5:'Financials'!BM5) -> 0 | CP5: =SUM(Financials!BN5:'Financials'!BP5) -> 0
B6: =IF(Input!D1309="Annual","This row can be hidden","") | D6: Subscription - Monthly | E6: =Calcs!L194 -> 0 | F6: =Calcs!M194 -> 0 | G6: =Calcs!N194 -> 0 | H6: =Calcs!O194 -> 0 | I6: =Calcs!P194 -> 0 | J6: =Calcs!Q194 -> 0 | K6: =Calcs!R194 -> 0 | L6: =Calcs!S194 -> 0 | ... P6: =Calcs!W194 -> 0 | Q6: =SUM(E6:P6) -> 0 | R6: =Calcs!X194 -> 0 | S6: =Calcs!Y194 -> 0 | T6: =Calcs!Z194 -> 0 | U6: =Calcs!AA194 -> 0 | V6: =Calcs!AB194 -> 0 | W6: =Calcs!AC194 -> 0 | X6: =Calcs!AD194 -> 0 | Y6: =Calcs!AE194 -> 0 | ... AC6: =Calcs!AI194 -> 0 | AD6: =SUM(R6:AC6) -> 0 | AE6: =Calcs!AJ194 -> 0 | AF6: =Calcs!AK194 -> 0 | AG6: =Calcs!AL194 -> 0 | AH6: =Calcs!AM194 -> 0 | AI6: =Calcs!AN194 -> 0 | AJ6: =Calcs!AO194 -> 0 | AK6: =Calcs!AP194 -> 0 | AL6: =Calcs!AQ194 -> 0 | ... AP6: =Calcs!AU194 -> 0 | AQ6: =SUM(AE6:AP6) -> 0 | AR6: =Calcs!AV194 -> 0 | AS6: =Calcs!AW194 -> 0 | AT6: =Calcs!AX194 -> 0 | AU6: =Calcs!AY194 -> 0 | AV6: =Calcs!AZ194 -> 0 | AW6: =Calcs!BA194 -> 0 | AX6: =Calcs!BB194 -> 0 | AY6: =Calcs!BC194 -> 0 | ... BC6: =Calcs!BG194 -> 0 | BD6: =SUM(AR6:BC6) -> 0 | BE6: =Calcs!BH194 -> 0 | BF6: =Calcs!BI194 -> 0 | BG6: =Calcs!BJ194 -> 0 | BH6: =Calcs!BK194 -> 0 | BI6: =Calcs!BL194 -> 0 | BJ6: =Calcs!BM194 -> 0 | BK6: =Calcs!BN194 -> 0 | BL6: =Calcs!BO194 -> 0 | ... BP6: =Calcs!BS194 -> 0 | BQ6: =SUM(BE6:BP6) -> 0 | BS6: =SUM(BQ6,BD6,AQ6,AD6,Q6) -> 0 | BU6: =SUM(BQ6,BD6,AQ6,AD6,Q6) -> 0 | BV6: Social | BW6: =SUM(Financials!E6:'Financials'!G6) -> 0 | BX6: =SUM(Financials!H6:'Financials'!J6) -> 0 | BY6: =SUM(Financials!K6:'Financials'!M6) -> 0 | BZ6: =SUM(Financials!N6:'Financials'!P6) -> 0 | CA6: =SUM(Financials!R6:'Financials'!T6) -> 0 | CB6: =SUM(Financials!U6:'Financials'!W6) -> 0 | CC6: =SUM(Financials!X6:'Financials'!Z6) -> 0 | CD6: =SUM(Financials!AA6:'Financials'!AC6) -> 0 | CE6: =SUM(Financials!AE6:'Financials'!AG6) -> 0 | CF6: =SUM(Financials!AH6:'Financials'!AJ6) -> 0 | CG6: =SUM(Financials!AK6:'Financials'!AM6) -> 0 | CH6: =SUM(Financials!AN6:'Financials'!AP6) -> 0 | CI6: =SUM(Financials!AR6:'Financials'!AT6) -> 0 | CJ6: =SUM(Financials!AU6:'Financials'!AW6) -> 0 | CK6: =SUM(Financials!AX6:'Financials'!AZ6) -> 0 | CL6: =SUM(Financials!BA6:'Financials'!BC6) -> 0 | CM6: =SUM(Financials!BE6:'Financials'!BG6) -> 0 | CN6: =SUM(Financials!BH6:'Financials'!BJ6) -> 0 | CO6: =SUM(Financials!BK6:'Financials'!BM6) -> 0 | CP6: =SUM(Financials!BN6:'Financials'!BP6) -> 0
D7: =Calcs!K211 -> Item 1 | E7: =Calcs!L211 -> 0 | F7: =Calcs!M211 -> 0 | G7: =Calcs!N211 -> 0 | H7: =Calcs!O211 -> 0 | I7: =Calcs!P211 -> 0 | J7: =Calcs!Q211 -> 0 | K7: =Calcs!R211 -> 0 | ... P7: =Calcs!W211 -> 0 | Q7: =SUM(E7:P7) -> 0 | R7: =Calcs!X211 -> 0 | S7: =Calcs!Y211 -> 0 | T7: =Calcs!Z211 -> 0 | U7: =Calcs!AA211 -> 0 | V7: =Calcs!AB211 -> 0 | W7: =Calcs!AC211 -> 0 | X7: =Calcs!AD211 -> 0 | Y7: =Calcs!AE211 -> 0 | ... AC7: =Calcs!AI211 -> 0 | AD7: =SUM(R7:AC7) -> 0 | AE7: =Calcs!AJ211 -> 0 | AF7: =Calcs!AK211 -> 0 | AG7: =Calcs!AL211 -> 0 | AH7: =Calcs!AM211 -> 0 | AI7: =Calcs!AN211 -> 0 | AJ7: =Calcs!AO211 -> 0 | AK7: =Calcs!AP211 -> 0 | AL7: =Calcs!AQ211 -> 0 | ... AP7: =Calcs!AU211 -> 0 | AQ7: =SUM(AE7:AP7) -> 0 | AR7: =Calcs!AV211 -> 0 | AS7: =Calcs!AW211 -> 0 | AT7: =Calcs!AX211 -> 0 | AU7: =Calcs!AY211 -> 0 | AV7: =Calcs!AZ211 -> 0 | AW7: =Calcs!BA211 -> 0 | AX7: =Calcs!BB211 -> 0 | AY7: =Calcs!BC211 -> 0 | ... BC7: =Calcs!BG211 -> 0 | BD7: =SUM(AR7:BC7) -> 0 | BE7: =Calcs!BH211 -> 0 | BF7: =Calcs!BI211 -> 0 | BG7: =Calcs!BJ211 -> 0 | BH7: =Calcs!BK211 -> 0 | BI7: =Calcs!BL211 -> 0 | BJ7: =Calcs!BM211 -> 0 | BK7: =Calcs!BN211 -> 0 | BL7: =Calcs!BO211 -> 0 | ... BP7: =Calcs!BS211 -> 0 | BQ7: =SUM(BE7:BP7) -> 0 | BS7: =SUM(BQ7,BD7,AQ7,AD7,Q7) -> 0 | BU7: =SUM(BQ7,BD7,AQ7,AD7,Q7)
D8: =Calcs!K212 -> Item 2 | E8: =Calcs!L212 -> 0 | F8: =Calcs!M212 -> 0 | G8: =Calcs!N212 -> 0 | H8: =Calcs!O212 -> 0 | I8: =Calcs!P212 -> 0 | J8: =Calcs!Q212 -> 0 | K8: =Calcs!R212 -> 0 | ... P8: =Calcs!W212 -> 0 | Q8: =SUM(E8:P8) -> 0 | R8: =Calcs!X212 -> 0 | S8: =Calcs!Y212 -> 0 | T8: =Calcs!Z212 -> 0 | U8: =Calcs!AA212 -> 0 | V8: =Calcs!AB212 -> 0 | W8: =Calcs!AC212 -> 0 | X8: =Calcs!AD212 -> 0 | Y8: =Calcs!AE212 -> 0 | ... AC8: =Calcs!AI212 -> 0 | AD8: =SUM(R8:AC8) -> 0 | AE8: =Calcs!AJ212 -> 0 | AF8: =Calcs!AK212 -> 0 | AG8: =Calcs!AL212 -> 0 | AH8: =Calcs!AM212 -> 0 | AI8: =Calcs!AN212 -> 0 | AJ8: =Calcs!AO212 -> 0 | AK8: =Calcs!AP212 -> 0 | AL8: =Calcs!AQ212 -> 0 | ... AP8: =Calcs!AU212 -> 0 | AQ8: =SUM(AE8:AP8) -> 0 | AR8: =Calcs!AV212 -> 0 | AS8: =Calcs!AW212 -> 0 | AT8: =Calcs!AX212 -> 0 | AU8: =Calcs!AY212 -> 0 | AV8: =Calcs!AZ212 -> 0 | AW8: =Calcs!BA212 -> 0 | AX8: =Calcs!BB212 -> 0 | AY8: =Calcs!BC212 -> 0 | ... BC8: =Calcs!BG212 -> 0 | BD8: =SUM(AR8:BC8) -> 0 | BE8: =Calcs!BH212 -> 0 | BF8: =Calcs!BI212 -> 0 | BG8: =Calcs!BJ212 -> 0 | BH8: =Calcs!BK212 -> 0 | BI8: =Calcs!BL212 -> 0 | BJ8: =Calcs!BM212 -> 0 | BK8: =Calcs!BN212 -> 0 | BL8: =Calcs!BO212 -> 0 | ... BP8: =Calcs!BS212 -> 0 | BQ8: =SUM(BE8:BP8) -> 0 | BS8: =SUM(BQ8,BD8,AQ8,AD8,Q8) -> 0 | BU8: =SUM(BQ8,BD8,AQ8,AD8,Q8)
D9: =Calcs!K213 -> Item 3 | E9: =Calcs!L213 -> 0 | F9: =Calcs!M213 -> 0 | G9: =Calcs!N213 -> 0 | H9: =Calcs!O213 -> 0 | I9: =Calcs!P213 -> 0 | J9: =Calcs!Q213 -> 0 | K9: =Calcs!R213 -> 0 | ... P9: =Calcs!W213 -> 0 | Q9: =SUM(E9:P9) -> 0 | R9: =Calcs!X213 -> 0 | S9: =Calcs!Y213 -> 0 | T9: =Calcs!Z213 -> 0 | U9: =Calcs!AA213 -> 0 | V9: =Calcs!AB213 -> 0 | W9: =Calcs!AC213 -> 0 | X9: =Calcs!AD213 -> 0 | Y9: =Calcs!AE213 -> 0 | ... AC9: =Calcs!AI213 -> 0 | AD9: =SUM(R9:AC9) -> 0 | AE9: =Calcs!AJ213 -> 0 | AF9: =Calcs!AK213 -> 0 | AG9: =Calcs!AL213 -> 0 | AH9: =Calcs!AM213 -> 0 | AI9: =Calcs!AN213 -> 0 | AJ9: =Calcs!AO213 -> 0 | AK9: =Calcs!AP213 -> 0 | AL9: =Calcs!AQ213 -> 0 | ... AP9: =Calcs!AU213 -> 0 | AQ9: =SUM(AE9:AP9) -> 0 | AR9: =Calcs!AV213 -> 0 | AS9: =Calcs!AW213 -> 0 | AT9: =Calcs!AX213 -> 0 | AU9: =Calcs!AY213 -> 0 | AV9: =Calcs!AZ213 -> 0 | AW9: =Calcs!BA213 -> 0 | AX9: =Calcs!BB213 -> 0 | AY9: =Calcs!BC213 -> 0 | ... BC9: =Calcs!BG213 -> 0 | BD9: =SUM(AR9:BC9) -> 0 | BE9: =Calcs!BH213 -> 0 | BF9: =Calcs!BI213 -> 0 | BG9: =Calcs!BJ213 -> 0 | BH9: =Calcs!BK213 -> 0 | BI9: =Calcs!BL213 -> 0 | BJ9: =Calcs!BM213 -> 0 | BK9: =Calcs!BN213 -> 0 | BL9: =Calcs!BO213 -> 0 | ... BP9: =Calcs!BS213 -> 0 | BQ9: =SUM(BE9:BP9) -> 0 | BS9: =SUM(BQ9,BD9,AQ9,AD9,Q9) -> 0 | BU9: =SUM(BQ9,BD9,AQ9,AD9,Q9)
D10: =Calcs!K214 -> Item 4 | E10: =Calcs!L214 -> 0 | F10: =Calcs!M214 -> 0 | G10: =Calcs!N214 -> 0 | H10: =Calcs!O214 -> 0 | I10: =Calcs!P214 -> 0 | J10: =Calcs!Q214 -> 0 | K10: =Calcs!R214 -> 0 | ... P10: =Calcs!W214 -> 0 | Q10: =SUM(E10:P10) -> 0 | R10: =Calcs!X214 -> 0 | S10: =Calcs!Y214 -> 0 | T10: =Calcs!Z214 -> 0 | U10: =Calcs!AA214 -> 0 | V10: =Calcs!AB214 -> 0 | W10: =Calcs!AC214 -> 0 | X10: =Calcs!AD214 -> 0 | Y10: =Calcs!AE214 -> 0 | ... AC10: =Calcs!AI214 -> 0 | AD10: =SUM(R10:AC10) -> 0 | AE10: =Calcs!AJ214 -> 0 | AF10: =Calcs!AK214 -> 0 | AG10: =Calcs!AL214 -> 0 | AH10: =Calcs!AM214 -> 0 | AI10: =Calcs!AN214 -> 0 | AJ10: =Calcs!AO214 -> 0 | AK10: =Calcs!AP214 -> 0 | AL10: =Calcs!AQ214 -> 0 | ... AP10: =Calcs!AU214 -> 0 | AQ10: =SUM(AE10:AP10) -> 0 | AR10: =Calcs!AV214 -> 0 | AS10: =Calcs!AW214 -> 0 | AT10: =Calcs!AX214 -> 0 | AU10: =Calcs!AY214 -> 0 | AV10: =Calcs!AZ214 -> 0 | AW10: =Calcs!BA214 -> 0 | AX10: =Calcs!BB214 -> 0 | AY10: =Calcs!BC214 -> 0 | ... BC10: =Calcs!BG214 -> 0 | BD10: =SUM(AR10:BC10) -> 0 | BE10: =Calcs!BH214 -> 0 | BF10: =Calcs!BI214 -> 0 | BG10: =Calcs!BJ214 -> 0 | BH10: =Calcs!BK214 -> 0 | BI10: =Calcs!BL214 -> 0 | BJ10: =Calcs!BM214 -> 0 | BK10: =Calcs!BN214 -> 0 | BL10: =Calcs!BO214 -> 0 | ... BP10: =Calcs!BS214 -> 0 | BQ10: =SUM(BE10:BP10) -> 0 | BS10: =SUM(BQ10,BD10,AQ10,AD10,Q10) -> 0 | BU10: =SUM(BQ10,BD10,AQ10,AD10,Q10)
D11: =Calcs!K215 -> Item 5 | E11: =Calcs!L215 -> 0 | F11: =Calcs!M215 -> 0 | G11: =Calcs!N215 -> 0 | H11: =Calcs!O215 -> 0 | I11: =Calcs!P215 -> 0 | J11: =Calcs!Q215 -> 0 | K11: =Calcs!R215 -> 0 | ... P11: =Calcs!W215 -> 0 | Q11: =SUM(E11:P11) -> 0 | R11: =Calcs!X215 -> 0 | S11: =Calcs!Y215 -> 0 | T11: =Calcs!Z215 -> 0 | U11: =Calcs!AA215 -> 0 | V11: =Calcs!AB215 -> 0 | W11: =Calcs!AC215 -> 0 | X11: =Calcs!AD215 -> 0 | Y11: =Calcs!AE215 -> 0 | ... AC11: =Calcs!AI215 -> 0 | AD11: =SUM(R11:AC11) -> 0 | AE11: =Calcs!AJ215 -> 0 | AF11: =Calcs!AK215 -> 0 | AG11: =Calcs!AL215 -> 0 | AH11: =Calcs!AM215 -> 0 | AI11: =Calcs!AN215 -> 0 | AJ11: =Calcs!AO215 -> 0 | AK11: =Calcs!AP215 -> 0 | AL11: =Calcs!AQ215 -> 0 | ... AP11: =Calcs!AU215 -> 0 | AQ11: =SUM(AE11:AP11) -> 0 | AR11: =Calcs!AV215 -> 0 | AS11: =Calcs!AW215 -> 0 | AT11: =Calcs!AX215 -> 0 | AU11: =Calcs!AY215 -> 0 | AV11: =Calcs!AZ215 -> 0 | AW11: =Calcs!BA215 -> 0 | AX11: =Calcs!BB215 -> 0 | AY11: =Calcs!BC215 -> 0 | ... BC11: =Calcs!BG215 -> 0 | BD11: =SUM(AR11:BC11) -> 0 | BE11: =Calcs!BH215 -> 0 | BF11: =Calcs!BI215 -> 0 | BG11: =Calcs!BJ215 -> 0 | BH11: =Calcs!BK215 -> 0 | BI11: =Calcs!BL215 -> 0 | BJ11: =Calcs!BM215 -> 0 | BK11: =Calcs!BN215 -> 0 | BL11: =Calcs!BO215 -> 0 | ... BP11: =Calcs!BS215 -> 0 | BQ11: =SUM(BE11:BP11) -> 0 | BS11: =SUM(BQ11,BD11,AQ11,AD11,Q11) -> 0 | BU11: =SUM(BQ11,BD11,AQ11,AD11,Q11)
D12: =Calcs!K216 -> Item 6 | E12: =Calcs!L216 -> 0 | F12: =Calcs!M216 -> 0 | G12: =Calcs!N216 -> 0 | H12: =Calcs!O216 -> 0 | I12: =Calcs!P216 -> 0 | J12: =Calcs!Q216 -> 0 | K12: =Calcs!R216 -> 0 | ... P12: =Calcs!W216 -> 0 | Q12: =SUM(E12:P12) -> 0 | R12: =Calcs!X216 -> 0 | S12: =Calcs!Y216 -> 0 | T12: =Calcs!Z216 -> 0 | U12: =Calcs!AA216 -> 0 | V12: =Calcs!AB216 -> 0 | W12: =Calcs!AC216 -> 0 | X12: =Calcs!AD216 -> 0 | Y12: =Calcs!AE216 -> 0 | ... AC12: =Calcs!AI216 -> 0 | AD12: =SUM(R12:AC12) -> 0 | AE12: =Calcs!AJ216 -> 0 | AF12: =Calcs!AK216 -> 0 | AG12: =Calcs!AL216 -> 0 | AH12: =Calcs!AM216 -> 0 | AI12: =Calcs!AN216 -> 0 | AJ12: =Calcs!AO216 -> 0 | AK12: =Calcs!AP216 -> 0 | AL12: =Calcs!AQ216 -> 0 | ... AP12: =Calcs!AU216 -> 0 | AQ12: =SUM(AE12:AP12) -> 0 | AR12: =Calcs!AV216 -> 0 | AS12: =Calcs!AW216 -> 0 | AT12: =Calcs!AX216 -> 0 | AU12: =Calcs!AY216 -> 0 | AV12: =Calcs!AZ216 -> 0 | AW12: =Calcs!BA216 -> 0 | AX12: =Calcs!BB216 -> 0 | AY12: =Calcs!BC216 -> 0 | ... BC12: =Calcs!BG216 -> 0 | BD12: =SUM(AR12:BC12) -> 0 | BE12: =Calcs!BH216 -> 0 | BF12: =Calcs!BI216 -> 0 | BG12: =Calcs!BJ216 -> 0 | BH12: =Calcs!BK216 -> 0 | BI12: =Calcs!BL216 -> 0 | BJ12: =Calcs!BM216 -> 0 | BK12: =Calcs!BN216 -> 0 | BL12: =Calcs!BO216 -> 0 | ... BP12: =Calcs!BS216 -> 0 | BQ12: =SUM(BE12:BP12) -> 0 | BS12: =SUM(BQ12,BD12,AQ12,AD12,Q12) -> 0 | BU12: =SUM(BQ12,BD12,AQ12,AD12,Q12)
D13: =Calcs!K217 -> Item 7 | E13: =Calcs!L217 -> 0 | F13: =Calcs!M217 -> 0 | G13: =Calcs!N217 -> 0 | H13: =Calcs!O217 -> 0 | I13: =Calcs!P217 -> 0 | J13: =Calcs!Q217 -> 0 | K13: =Calcs!R217 -> 0 | ... P13: =Calcs!W217 -> 0 | Q13: =SUM(E13:P13) -> 0 | R13: =Calcs!X217 -> 0 | S13: =Calcs!Y217 -> 0 | T13: =Calcs!Z217 -> 0 | U13: =Calcs!AA217 -> 0 | V13: =Calcs!AB217 -> 0 | W13: =Calcs!AC217 -> 0 | X13: =Calcs!AD217 -> 0 | Y13: =Calcs!AE217 -> 0 | ... AC13: =Calcs!AI217 -> 0 | AD13: =SUM(R13:AC13) -> 0 | AE13: =Calcs!AJ217 -> 0 | AF13: =Calcs!AK217 -> 0 | AG13: =Calcs!AL217 -> 0 | AH13: =Calcs!AM217 -> 0 | AI13: =Calcs!AN217 -> 0 | AJ13: =Calcs!AO217 -> 0 | AK13: =Calcs!AP217 -> 0 | AL13: =Calcs!AQ217 -> 0 | ... AP13: =Calcs!AU217 -> 0 | AQ13: =SUM(AE13:AP13) -> 0 | AR13: =Calcs!AV217 -> 0 | AS13: =Calcs!AW217 -> 0 | AT13: =Calcs!AX217 -> 0 | AU13: =Calcs!AY217 -> 0 | AV13: =Calcs!AZ217 -> 0 | AW13: =Calcs!BA217 -> 0 | AX13: =Calcs!BB217 -> 0 | AY13: =Calcs!BC217 -> 0 | ... BC13: =Calcs!BG217 -> 0 | BD13: =SUM(AR13:BC13) -> 0 | BE13: =Calcs!BH217 -> 0 | BF13: =Calcs!BI217 -> 0 | BG13: =Calcs!BJ217 -> 0 | BH13: =Calcs!BK217 -> 0 | BI13: =Calcs!BL217 -> 0 | BJ13: =Calcs!BM217 -> 0 | BK13: =Calcs!BN217 -> 0 | BL13: =Calcs!BO217 -> 0 | ... BP13: =Calcs!BS217 -> 0 | BQ13: =SUM(BE13:BP13) -> 0 | BS13: =SUM(BQ13,BD13,AQ13,AD13,Q13) -> 0 | BU13: =SUM(BQ13,BD13,AQ13,AD13,Q13)
D14: =Calcs!K218 -> Item 8 | E14: =Calcs!L218 -> 0 | F14: =Calcs!M218 -> 0 | G14: =Calcs!N218 -> 0 | H14: =Calcs!O218 -> 0 | I14: =Calcs!P218 -> 0 | J14: =Calcs!Q218 -> 0 | K14: =Calcs!R218 -> 0 | ... P14: =Calcs!W218 -> 0 | Q14: =SUM(E14:P14) -> 0 | R14: =Calcs!X218 -> 0 | S14: =Calcs!Y218 -> 0 | T14: =Calcs!Z218 -> 0 | U14: =Calcs!AA218 -> 0 | V14: =Calcs!AB218 -> 0 | W14: =Calcs!AC218 -> 0 | X14: =Calcs!AD218 -> 0 | Y14: =Calcs!AE218 -> 0 | ... AC14: =Calcs!AI218 -> 0 | AD14: =SUM(R14:AC14) -> 0 | AE14: =Calcs!AJ218 -> 0 | AF14: =Calcs!AK218 -> 0 | AG14: =Calcs!AL218 -> 0 | AH14: =Calcs!AM218 -> 0 | AI14: =Calcs!AN218 -> 0 | AJ14: =Calcs!AO218 -> 0 | AK14: =Calcs!AP218 -> 0 | AL14: =Calcs!AQ218 -> 0 | ... AP14: =Calcs!AU218 -> 0 | AQ14: =SUM(AE14:AP14) -> 0 | AR14: =Calcs!AV218 -> 0 | AS14: =Calcs!AW218 -> 0 | AT14: =Calcs!AX218 -> 0 | AU14: =Calcs!AY218 -> 0 | AV14: =Calcs!AZ218 -> 0 | AW14: =Calcs!BA218 -> 0 | AX14: =Calcs!BB218 -> 0 | AY14: =Calcs!BC218 -> 0 | ... BC14: =Calcs!BG218 -> 0 | BD14: =SUM(AR14:BC14) -> 0 | BE14: =Calcs!BH218 -> 0 | BF14: =Calcs!BI218 -> 0 | BG14: =Calcs!BJ218 -> 0 | BH14: =Calcs!BK218 -> 0 | BI14: =Calcs!BL218 -> 0 | BJ14: =Calcs!BM218 -> 0 | BK14: =Calcs!BN218 -> 0 | BL14: =Calcs!BO218 -> 0 | ... BP14: =Calcs!BS218 -> 0 | BQ14: =SUM(BE14:BP14) -> 0 | BS14: =SUM(BQ14,BD14,AQ14,AD14,Q14) -> 0 | BU14: =SUM(BQ14,BD14,AQ14,AD14,Q14)
D15: =Calcs!K219 -> Item 9 | E15: =Calcs!L219 -> 0 | F15: =Calcs!M219 -> 0 | G15: =Calcs!N219 -> 0 | H15: =Calcs!O219 -> 0 | I15: =Calcs!P219 -> 0 | J15: =Calcs!Q219 -> 0 | K15: =Calcs!R219 -> 0 | ... P15: =Calcs!W219 -> 0 | Q15: =SUM(E15:P15) -> 0 | R15: =Calcs!X219 -> 0 | S15: =Calcs!Y219 -> 0 | T15: =Calcs!Z219 -> 0 | U15: =Calcs!AA219 -> 0 | V15: =Calcs!AB219 -> 0 | W15: =Calcs!AC219 -> 0 | X15: =Calcs!AD219 -> 0 | Y15: =Calcs!AE219 -> 0 | ... AC15: =Calcs!AI219 -> 0 | AD15: =SUM(R15:AC15) -> 0 | AE15: =Calcs!AJ219 -> 0 | AF15: =Calcs!AK219 -> 0 | AG15: =Calcs!AL219 -> 0 | AH15: =Calcs!AM219 -> 0 | AI15: =Calcs!AN219 -> 0 | AJ15: =Calcs!AO219 -> 0 | AK15: =Calcs!AP219 -> 0 | AL15: =Calcs!AQ219 -> 0 | ... AP15: =Calcs!AU219 -> 0 | AQ15: =SUM(AE15:AP15) -> 0 | AR15: =Calcs!AV219 -> 0 | AS15: =Calcs!AW219 -> 0 | AT15: =Calcs!AX219 -> 0 | AU15: =Calcs!AY219 -> 0 | AV15: =Calcs!AZ219 -> 0 | AW15: =Calcs!BA219 -> 0 | AX15: =Calcs!BB219 -> 0 | AY15: =Calcs!BC219 -> 0 | ... BC15: =Calcs!BG219 -> 0 | BD15: =SUM(AR15:BC15) -> 0 | BE15: =Calcs!BH219 -> 0 | BF15: =Calcs!BI219 -> 0 | BG15: =Calcs!BJ219 -> 0 | BH15: =Calcs!BK219 -> 0 | BI15: =Calcs!BL219 -> 0 | BJ15: =Calcs!BM219 -> 0 | BK15: =Calcs!BN219 -> 0 | BL15: =Calcs!BO219 -> 0 | ... BP15: =Calcs!BS219 -> 0 | BQ15: =SUM(BE15:BP15) -> 0 | BS15: =SUM(BQ15,BD15,AQ15,AD15,Q15) -> 0 | BU15: =SUM(BQ15,BD15,AQ15,AD15,Q15)
D16: =Calcs!K220 -> Item 10 | E16: =Calcs!L220 -> 0 | F16: =Calcs!M220 -> 0 | G16: =Calcs!N220 -> 0 | H16: =Calcs!O220 -> 0 | I16: =Calcs!P220 -> 0 | J16: =Calcs!Q220 -> 0 | K16: =Calcs!R220 -> 0 | ... P16: =Calcs!W220 -> 0 | Q16: =SUM(E16:P16) -> 0 | R16: =Calcs!X220 -> 0 | S16: =Calcs!Y220 -> 0 | T16: =Calcs!Z220 -> 0 | U16: =Calcs!AA220 -> 0 | V16: =Calcs!AB220 -> 0 | W16: =Calcs!AC220 -> 0 | X16: =Calcs!AD220 -> 0 | Y16: =Calcs!AE220 -> 0 | ... AC16: =Calcs!AI220 -> 0 | AD16: =SUM(R16:AC16) -> 0 | AE16: =Calcs!AJ220 -> 0 | AF16: =Calcs!AK220 -> 0 | AG16: =Calcs!AL220 -> 0 | AH16: =Calcs!AM220 -> 0 | AI16: =Calcs!AN220 -> 0 | AJ16: =Calcs!AO220 -> 0 | AK16: =Calcs!AP220 -> 0 | AL16: =Calcs!AQ220 -> 0 | ... AP16: =Calcs!AU220 -> 0 | AQ16: =SUM(AE16:AP16) -> 0 | AR16: =Calcs!AV220 -> 0 | AS16: =Calcs!AW220 -> 0 | AT16: =Calcs!AX220 -> 0 | AU16: =Calcs!AY220 -> 0 | AV16: =Calcs!AZ220 -> 0 | AW16: =Calcs!BA220 -> 0 | AX16: =Calcs!BB220 -> 0 | AY16: =Calcs!BC220 -> 0 | ... BC16: =Calcs!BG220 -> 0 | BD16: =SUM(AR16:BC16) -> 0 | BE16: =Calcs!BH220 -> 0 | BF16: =Calcs!BI220 -> 0 | BG16: =Calcs!BJ220 -> 0 | BH16: =Calcs!BK220 -> 0 | BI16: =Calcs!BL220 -> 0 | BJ16: =Calcs!BM220 -> 0 | BK16: =Calcs!BN220 -> 0 | BL16: =Calcs!BO220 -> 0 | ... BP16: =Calcs!BS220 -> 0 | BQ16: =SUM(BE16:BP16) -> 0 | BS16: =SUM(BQ16,BD16,AQ16,AD16,Q16) -> 0 | BU16: =SUM(BQ16,BD16,AQ16,AD16,Q16)
D17: =Calcs!K221 -> Item 11 | E17: =Calcs!L221 -> 0 | F17: =Calcs!M221 -> 0 | G17: =Calcs!N221 -> 0 | H17: =Calcs!O221 -> 0 | I17: =Calcs!P221 -> 0 | J17: =Calcs!Q221 -> 0 | K17: =Calcs!R221 -> 0 | ... P17: =Calcs!W221 -> 0 | Q17: =SUM(E17:P17) -> 0 | R17: =Calcs!X221 -> 0 | S17: =Calcs!Y221 -> 0 | T17: =Calcs!Z221 -> 0 | U17: =Calcs!AA221 -> 0 | V17: =Calcs!AB221 -> 0 | W17: =Calcs!AC221 -> 0 | X17: =Calcs!AD221 -> 0 | Y17: =Calcs!AE221 -> 0 | ... AC17: =Calcs!AI221 -> 0 | AD17: =SUM(R17:AC17) -> 0 | AE17: =Calcs!AJ221 -> 0 | AF17: =Calcs!AK221 -> 0 | AG17: =Calcs!AL221 -> 0 | AH17: =Calcs!AM221 -> 0 | AI17: =Calcs!AN221 -> 0 | AJ17: =Calcs!AO221 -> 0 | AK17: =Calcs!AP221 -> 0 | AL17: =Calcs!AQ221 -> 0 | ... AP17: =Calcs!AU221 -> 0 | AQ17: =SUM(AE17:AP17) -> 0 | AR17: =Calcs!AV221 -> 0 | AS17: =Calcs!AW221 -> 0 | AT17: =Calcs!AX221 -> 0 | AU17: =Calcs!AY221 -> 0 | AV17: =Calcs!AZ221 -> 0 | AW17: =Calcs!BA221 -> 0 | AX17: =Calcs!BB221 -> 0 | AY17: =Calcs!BC221 -> 0 | ... BC17: =Calcs!BG221 -> 0 | BD17: =SUM(AR17:BC17) -> 0 | BE17: =Calcs!BH221 -> 0 | BF17: =Calcs!BI221 -> 0 | BG17: =Calcs!BJ221 -> 0 | BH17: =Calcs!BK221 -> 0 | BI17: =Calcs!BL221 -> 0 | BJ17: =Calcs!BM221 -> 0 | BK17: =Calcs!BN221 -> 0 | BL17: =Calcs!BO221 -> 0 | ... BP17: =Calcs!BS221 -> 0 | BQ17: =SUM(BE17:BP17) -> 0 | BS17: =SUM(BQ17,BD17,AQ17,AD17,Q17) -> 0 | BU17: =SUM(BQ17,BD17,AQ17,AD17,Q17)
D18: =Calcs!K222 -> Item 12 | E18: =Calcs!L222 -> 0 | F18: =Calcs!M222 -> 0 | G18: =Calcs!N222 -> 0 | H18: =Calcs!O222 -> 0 | I18: =Calcs!P222 -> 0 | J18: =Calcs!Q222 -> 0 | K18: =Calcs!R222 -> 0 | ... P18: =Calcs!W222 -> 0 | Q18: =SUM(E18:P18) -> 0 | R18: =Calcs!X222 -> 0 | S18: =Calcs!Y222 -> 0 | T18: =Calcs!Z222 -> 0 | U18: =Calcs!AA222 -> 0 | V18: =Calcs!AB222 -> 0 | W18: =Calcs!AC222 -> 0 | X18: =Calcs!AD222 -> 0 | Y18: =Calcs!AE222 -> 0 | ... AC18: =Calcs!AI222 -> 0 | AD18: =SUM(R18:AC18) -> 0 | AE18: =Calcs!AJ222 -> 0 | AF18: =Calcs!AK222 -> 0 | AG18: =Calcs!AL222 -> 0 | AH18: =Calcs!AM222 -> 0 | AI18: =Calcs!AN222 -> 0 | AJ18: =Calcs!AO222 -> 0 | AK18: =Calcs!AP222 -> 0 | AL18: =Calcs!AQ222 -> 0 | ... AP18: =Calcs!AU222 -> 0 | AQ18: =SUM(AE18:AP18) -> 0 | AR18: =Calcs!AV222 -> 0 | AS18: =Calcs!AW222 -> 0 | AT18: =Calcs!AX222 -> 0 | AU18: =Calcs!AY222 -> 0 | AV18: =Calcs!AZ222 -> 0 | AW18: =Calcs!BA222 -> 0 | AX18: =Calcs!BB222 -> 0 | AY18: =Calcs!BC222 -> 0 | ... BC18: =Calcs!BG222 -> 0 | BD18: =SUM(AR18:BC18) -> 0 | BE18: =Calcs!BH222 -> 0 | BF18: =Calcs!BI222 -> 0 | BG18: =Calcs!BJ222 -> 0 | BH18: =Calcs!BK222 -> 0 | BI18: =Calcs!BL222 -> 0 | BJ18: =Calcs!BM222 -> 0 | BK18: =Calcs!BN222 -> 0 | BL18: =Calcs!BO222 -> 0 | ... BP18: =Calcs!BS222 -> 0 | BQ18: =SUM(BE18:BP18) -> 0 | BS18: =SUM(BQ18,BD18,AQ18,AD18,Q18) -> 0 | BU18: =SUM(BQ18,BD18,AQ18,AD18,Q18)
... D20: =Calcs!K224 -> Item 14 | E20: =Calcs!L224 -> 0 | F20: =Calcs!M224 -> 0 | G20: =Calcs!N224 -> 0 | H20: =Calcs!O224 -> 0 | I20: =Calcs!P224 -> 0 | J20: =Calcs!Q224 -> 0 | K20: =Calcs!R224 -> 0 | ... P20: =Calcs!W224 -> 0 | Q20: =SUM(E20:P20) -> 0 | R20: =Calcs!X224 -> 0 | S20: =Calcs!Y224 -> 0 | T20: =Calcs!Z224 -> 0 | U20: =Calcs!AA224 -> 0 | V20: =Calcs!AB224 -> 0 | W20: =Calcs!AC224 -> 0 | X20: =Calcs!AD224 -> 0 | Y20: =Calcs!AE224 -> 0 | ... AC20: =Calcs!AI224 -> 0 | AD20: =SUM(R20:AC20) -> 0 | AE20: =Calcs!AJ224 -> 0 | AF20: =Calcs!AK224 -> 0 | AG20: =Calcs!AL224 -> 0 | AH20: =Calcs!AM224 -> 0 | AI20: =Calcs!AN224 -> 0 | AJ20: =Calcs!AO224 -> 0 | AK20: =Calcs!AP224 -> 0 | AL20: =Calcs!AQ224 -> 0 | ... AP20: =Calcs!AU224 -> 0 | AQ20: =SUM(AE20:AP20) -> 0 | AR20: =Calcs!AV224 -> 0 | AS20: =Calcs!AW224 -> 0 | AT20: =Calcs!AX224 -> 0 | AU20: =Calcs!AY224 -> 0 | AV20: =Calcs!AZ224 -> 0 | AW20: =Calcs!BA224 -> 0 | AX20: =Calcs!BB224 -> 0 | AY20: =Calcs!BC224 -> 0 | ... BC20: =Calcs!BG224 -> 0 | BD20: =SUM(AR20:BC20) -> 0 | BE20: =Calcs!BH224 -> 0 | BF20: =Calcs!BI224 -> 0 | BG20: =Calcs!BJ224 -> 0 | BH20: =Calcs!BK224 -> 0 | BI20: =Calcs!BL224 -> 0 | BJ20: =Calcs!BM224 -> 0 | BK20: =Calcs!BN224 -> 0 | BL20: =Calcs!BO224 -> 0 | ... BP20: =Calcs!BS224 -> 0 | BQ20: =SUM(BE20:BP20) -> 0 | BS20: =SUM(BQ20,BD20,AQ20,AD20,Q20) -> 0 | BU20: =SUM(BQ20,BD20,AQ20,AD20,Q20)
D21: =Calcs!K225 -> Item 15 | E21: =Calcs!L225 -> 0 | F21: =Calcs!M225 -> 0 | G21: =Calcs!N225 -> 0 | H21: =Calcs!O225 -> 0 | I21: =Calcs!P225 -> 0 | J21: =Calcs!Q225 -> 0 | K21: =Calcs!R225 -> 0 | ... P21: =Calcs!W225 -> 0 | Q21: =SUM(E21:P21) -> 0 | R21: =Calcs!X225 -> 0 | S21: =Calcs!Y225 -> 0 | T21: =Calcs!Z225 -> 0 | U21: =Calcs!AA225 -> 0 | V21: =Calcs!AB225 -> 0 | W21: =Calcs!AC225 -> 0 | X21: =Calcs!AD225 -> 0 | Y21: =Calcs!AE225 -> 0 | ... AC21: =Calcs!AI225 -> 0 | AD21: =SUM(R21:AC21) -> 0 | AE21: =Calcs!AJ225 -> 0 | AF21: =Calcs!AK225 -> 0 | AG21: =Calcs!AL225 -> 0 | AH21: =Calcs!AM225 -> 0 | AI21: =Calcs!AN225 -> 0 | AJ21: =Calcs!AO225 -> 0 | AK21: =Calcs!AP225 -> 0 | AL21: =Calcs!AQ225 -> 0 | ... AP21: =Calcs!AU225 -> 0 | AQ21: =SUM(AE21:AP21) -> 0 | AR21: =Calcs!AV225 -> 0 | AS21: =Calcs!AW225 -> 0 | AT21: =Calcs!AX225 -> 0 | AU21: =Calcs!AY225 -> 0 | AV21: =Calcs!AZ225 -> 0 | AW21: =Calcs!BA225 -> 0 | AX21: =Calcs!BB225 -> 0 | AY21: =Calcs!BC225 -> 0 | ... BC21: =Calcs!BG225 -> 0 | BD21: =SUM(AR21:BC21) -> 0 | BE21: =Calcs!BH225 -> 0 | BF21: =Calcs!BI225 -> 0 | BG21: =Calcs!BJ225 -> 0 | BH21: =Calcs!BK225 -> 0 | BI21: =Calcs!BL225 -> 0 | BJ21: =Calcs!BM225 -> 0 | BK21: =Calcs!BN225 -> 0 | BL21: =Calcs!BO225 -> 0 | ... BP21: =Calcs!BS225 -> 0 | BQ21: =SUM(BE21:BP21) -> 0 | BS21: =SUM(BQ21,BD21,AQ21,AD21,Q21) -> 0 | BU21: =SUM(BQ21,BD21,AQ21,AD21,Q21) | BV21: E-Mails | BW21: =SUM(Financials!E21:'Financials'!G21) -> 0 | BX21: =SUM(Financials!H21:'Financials'!J21) -> 0 | BY21: =SUM(Financials!K21:'Financials'!M21) -> 0 | BZ21: =SUM(Financials!N21:'Financials'!P21) -> 0 | CA21: =SUM(Financials!R21:'Financials'!T21) -> 0 | CB21: =SUM(Financials!U21:'Financials'!W21) -> 0 | CC21: =SUM(Financials!X21:'Financials'!Z21) -> 0 | CD21: =SUM(Financials!AA21:'Financials'!AC21) -> 0 | CE21: =SUM(Financials!AE21:'Financials'!AG21) -> 0 | CF21: =SUM(Financials!AH21:'Financials'!AJ21) -> 0 | CG21: =SUM(Financials!AK21:'Financials'!AM21) -> 0 | CH21: =SUM(Financials!AN21:'Financials'!AP21) -> 0 | CI21: =SUM(Financials!AR21:'Financials'!AT21) -> 0 | CJ21: =SUM(Financials!AU21:'Financials'!AW21) -> 0 | CK21: =SUM(Financials!AX21:'Financials'!AZ21) -> 0 | CL21: =SUM(Financials!BA21:'Financials'!BC21) -> 0 | CM21: =SUM(Financials!BE21:'Financials'!BG21) -> 0 | CN21: =SUM(Financials!BH21:'Financials'!BJ21) -> 0 | CO21: =SUM(Financials!BK21:'Financials'!BM21) -> 0 | CP21: =SUM(Financials!BN21:'Financials'!BP21) -> 0
D22: =Calcs!K226 -> Item 16 | E22: =Calcs!L226 -> 0 | F22: =Calcs!M226 -> 0 | G22: =Calcs!N226 -> 0 | H22: =Calcs!O226 -> 0 | I22: =Calcs!P226 -> 0 | J22: =Calcs!Q226 -> 0 | K22: =Calcs!R226 -> 0 | ... P22: =Calcs!W226 -> 0 | Q22: =SUM(E22:P22) -> 0 | R22: =Calcs!X226 -> 0 | S22: =Calcs!Y226 -> 0 | T22: =Calcs!Z226 -> 0 | U22: =Calcs!AA226 -> 0 | V22: =Calcs!AB226 -> 0 | W22: =Calcs!AC226 -> 0 | X22: =Calcs!AD226 -> 0 | Y22: =Calcs!AE226 -> 0 | ... AC22: =Calcs!AI226 -> 0 | AD22: =SUM(R22:AC22) -> 0 | AE22: =Calcs!AJ226 -> 0 | AF22: =Calcs!AK226 -> 0 | AG22: =Calcs!AL226 -> 0 | AH22: =Calcs!AM226 -> 0 | AI22: =Calcs!AN226 -> 0 | AJ22: =Calcs!AO226 -> 0 | AK22: =Calcs!AP226 -> 0 | AL22: =Calcs!AQ226 -> 0 | ... AP22: =Calcs!AU226 -> 0 | AQ22: =SUM(AE22:AP22) -> 0 | AR22: =Calcs!AV226 -> 0 | AS22: =Calcs!AW226 -> 0 | AT22: =Calcs!AX226 -> 0 | AU22: =Calcs!AY226 -> 0 | AV22: =Calcs!AZ226 -> 0 | AW22: =Calcs!BA226 -> 0 | AX22: =Calcs!BB226 -> 0 | AY22: =Calcs!BC226 -> 0 | ... BC22: =Calcs!BG226 -> 0 | BD22: =SUM(AR22:BC22) -> 0 | BE22: =Calcs!BH226 -> 0 | BF22: =Calcs!BI226 -> 0 | BG22: =Calcs!BJ226 -> 0 | BH22: =Calcs!BK226 -> 0 | BI22: =Calcs!BL226 -> 0 | BJ22: =Calcs!BM226 -> 0 | BK22: =Calcs!BN226 -> 0 | BL22: =Calcs!BO226 -> 0 | ... BP22: =Calcs!BS226 -> 0 | BQ22: =SUM(BE22:BP22) -> 0 | BS22: =SUM(BQ22,BD22,AQ22,AD22,Q22) -> 0 | BU22: =SUM(BQ22,BD22,AQ22,AD22,Q22) | BV22: Events | BW22: =SUM(Financials!E22:'Financials'!G22) -> 0 | BX22: =SUM(Financials!H22:'Financials'!J22) -> 0 | BY22: =SUM(Financials!K22:'Financials'!M22) -> 0 | BZ22: =SUM(Financials!N22:'Financials'!P22) -> 0 | CA22: =SUM(Financials!R22:'Financials'!T22) -> 0 | CB22: =SUM(Financials!U22:'Financials'!W22) -> 0 | CC22: =SUM(Financials!X22:'Financials'!Z22) -> 0 | CD22: =SUM(Financials!AA22:'Financials'!AC22) -> 0 | CE22: =SUM(Financials!AE22:'Financials'!AG22) -> 0 | CF22: =SUM(Financials!AH22:'Financials'!AJ22) -> 0 | CG22: =SUM(Financials!AK22:'Financials'!AM22) -> 0 | CH22: =SUM(Financials!AN22:'Financials'!AP22) -> 0 | CI22: =SUM(Financials!AR22:'Financials'!AT22) -> 0 | CJ22: =SUM(Financials!AU22:'Financials'!AW22) -> 0 | CK22: =SUM(Financials!AX22:'Financials'!AZ22) -> 0 | CL22: =SUM(Financials!BA22:'Financials'!BC22) -> 0 | CM22: =SUM(Financials!BE22:'Financials'!BG22) -> 0 | CN22: =SUM(Financials!BH22:'Financials'!BJ22) -> 0 | CO22: =SUM(Financials!BK22:'Financials'!BM22) -> 0 | CP22: =SUM(Financials!BN22:'Financials'!BP22) -> 0
D23: =Calcs!K227 -> Item 17 | E23: =Calcs!L227 -> 0 | F23: =Calcs!M227 -> 0 | G23: =Calcs!N227 -> 0 | H23: =Calcs!O227 -> 0 | I23: =Calcs!P227 -> 0 | J23: =Calcs!Q227 -> 0 | K23: =Calcs!R227 -> 0 | ... P23: =Calcs!W227 -> 0 | Q23: =SUM(E23:P23) | R23: =Calcs!X227 -> 0 | S23: =Calcs!Y227 -> 0 | T23: =Calcs!Z227 -> 0 | U23: =Calcs!AA227 -> 0 | V23: =Calcs!AB227 -> 0 | W23: =Calcs!AC227 -> 0 | X23: =Calcs!AD227 -> 0 | Y23: =Calcs!AE227 -> 0 | ... AC23: =Calcs!AI227 -> 0 | AD23: =SUM(R23:AC23) -> 0 | AE23: =Calcs!AJ227 -> 0 | AF23: =Calcs!AK227 -> 0 | AG23: =Calcs!AL227 -> 0 | AH23: =Calcs!AM227 -> 0 | AI23: =Calcs!AN227 -> 0 | AJ23: =Calcs!AO227 -> 0 | AK23: =Calcs!AP227 -> 0 | AL23: =Calcs!AQ227 -> 0 | ... AP23: =Calcs!AU227 -> 0 | AQ23: =SUM(AE23:AP23) -> 0 | AR23: =Calcs!AV227 -> 0 | AS23: =Calcs!AW227 -> 0 | AT23: =Calcs!AX227 -> 0 | AU23: =Calcs!AY227 -> 0 | AV23: =Calcs!AZ227 -> 0 | AW23: =Calcs!BA227 -> 0 | AX23: =Calcs!BB227 -> 0 | AY23: =Calcs!BC227 -> 0 | ... BC23: =Calcs!BG227 -> 0 | BD23: =SUM(AR23:BC23) -> 0 | BE23: =Calcs!BH227 -> 0 | BF23: =Calcs!BI227 -> 0 | BG23: =Calcs!BJ227 -> 0 | BH23: =Calcs!BK227 -> 0 | BI23: =Calcs!BL227 -> 0 | BJ23: =Calcs!BM227 -> 0 | BK23: =Calcs!BN227 -> 0 | BL23: =Calcs!BO227 -> 0 | ... BP23: =Calcs!BS227 -> 0 | BQ23: =SUM(BE23:BP23) -> 0 | BS23: =SUM(BQ23,BD23,AQ23,AD23,Q23) -> 0 | BU23: =SUM(BQ23,BD23,AQ23,AD23,Q23) | BV23: Podcasts | BW23: =SUM(Financials!E23:'Financials'!G23) -> 0 | BX23: =SUM(Financials!H23:'Financials'!J23) -> 0 | BY23: =SUM(Financials!K23:'Financials'!M23) -> 0 | BZ23: =SUM(Financials!N23:'Financials'!P23) -> 0 | CA23: =SUM(Financials!R23:'Financials'!T23) -> 0 | CB23: =SUM(Financials!U23:'Financials'!W23) -> 0 | CC23: =SUM(Financials!X23:'Financials'!Z23) -> 0 | CD23: =SUM(Financials!AA23:'Financials'!AC23) -> 0 | CE23: =SUM(Financials!AE23:'Financials'!AG23) -> 0 | CF23: =SUM(Financials!AH23:'Financials'!AJ23) -> 0 | CG23: =SUM(Financials!AK23:'Financials'!AM23) -> 0 | CH23: =SUM(Financials!AN23:'Financials'!AP23) -> 0 | CI23: =SUM(Financials!AR23:'Financials'!AT23) -> 0 | CJ23: =SUM(Financials!AU23:'Financials'!AW23) -> 0 | CK23: =SUM(Financials!AX23:'Financials'!AZ23) -> 0 | CL23: =SUM(Financials!BA23:'Financials'!BC23) -> 0 | CM23: =SUM(Financials!BE23:'Financials'!BG23) -> 0 | CN23: =SUM(Financials!BH23:'Financials'!BJ23) -> 0 | CO23: =SUM(Financials!BK23:'Financials'!BM23) -> 0 | CP23: =SUM(Financials!BN23:'Financials'!BP23) -> 0
D24: =Calcs!K228 -> Item 18 | E24: =Calcs!L228 -> 0 | F24: =Calcs!M228 -> 0 | G24: =Calcs!N228 -> 0 | H24: =Calcs!O228 -> 0 | I24: =Calcs!P228 -> 0 | J24: =Calcs!Q228 -> 0 | K24: =Calcs!R228 -> 0 | ... P24: =Calcs!W228 -> 0 | Q24: =SUM(E24:P24) -> 0 | R24: =Calcs!X228 -> 0 | S24: =Calcs!Y228 -> 0 | T24: =Calcs!Z228 -> 0 | U24: =Calcs!AA228 -> 0 | V24: =Calcs!AB228 -> 0 | W24: =Calcs!AC228 -> 0 | X24: =Calcs!AD228 -> 0 | Y24: =Calcs!AE228 -> 0 | ... AC24: =Calcs!AI228 -> 0 | AD24: =SUM(R24:AC24) -> 0 | AE24: =Calcs!AJ228 -> 0 | AF24: =Calcs!AK228 -> 0 | AG24: =Calcs!AL228 -> 0 | AH24: =Calcs!AM228 -> 0 | AI24: =Calcs!AN228 -> 0 | AJ24: =Calcs!AO228 -> 0 | AK24: =Calcs!AP228 -> 0 | AL24: =Calcs!AQ228 -> 0 | ... AP24: =Calcs!AU228 -> 0 | AQ24: =SUM(AE24:AP24) -> 0 | AR24: =Calcs!AV228 -> 0 | AS24: =Calcs!AW228 -> 0 | AT24: =Calcs!AX228 -> 0 | AU24: =Calcs!AY228 -> 0 | AV24: =Calcs!AZ228 -> 0 | AW24: =Calcs!BA228 -> 0 | AX24: =Calcs!BB228 -> 0 | AY24: =Calcs!BC228 -> 0 | ... BC24: =Calcs!BG228 -> 0 | BD24: =SUM(AR24:BC24) -> 0 | BE24: =Calcs!BH228 -> 0 | BF24: =Calcs!BI228 -> 0 | BG24: =Calcs!BJ228 -> 0 | BH24: =Calcs!BK228 -> 0 | BI24: =Calcs!BL228 -> 0 | BJ24: =Calcs!BM228 -> 0 | BK24: =Calcs!BN228 -> 0 | BL24: =Calcs!BO228 -> 0 | ... BP24: =Calcs!BS228 -> 0 | BQ24: =SUM(BE24:BP24) -> 0 | BS24: =SUM(BQ24,BD24,AQ24,AD24,Q24) -> 0 | BU24: =SUM(BQ24,BD24,AQ24,AD24,Q24) | BV24: Affiliate | BW24: =SUM(Financials!E24:'Financials'!G24) -> 0 | BX24: =SUM(Financials!H24:'Financials'!J24) -> 0 | BY24: =SUM(Financials!K24:'Financials'!M24) -> 0 | BZ24: =SUM(Financials!N24:'Financials'!P24) -> 0 | CA24: =SUM(Financials!R24:'Financials'!T24) -> 0 | CB24: =SUM(Financials!U24:'Financials'!W24) -> 0 | CC24: =SUM(Financials!X24:'Financials'!Z24) -> 0 | CD24: =SUM(Financials!AA24:'Financials'!AC24) -> 0 | CE24: =SUM(Financials!AE24:'Financials'!AG24) -> 0 | CF24: =SUM(Financials!AH24:'Financials'!AJ24) -> 0 | CG24: =SUM(Financials!AK24:'Financials'!AM24) -> 0 | CH24: =SUM(Financials!AN24:'Financials'!AP24) -> 0 | CI24: =SUM(Financials!AR24:'Financials'!AT24) -> 0 | CJ24: =SUM(Financials!AU24:'Financials'!AW24) -> 0 | CK24: =SUM(Financials!AX24:'Financials'!AZ24) -> 0 | CL24: =SUM(Financials!BA24:'Financials'!BC24) -> 0 | CM24: =SUM(Financials!BE24:'Financials'!BG24) -> 0 | CN24: =SUM(Financials!BH24:'Financials'!BJ24) -> 0 | CO24: =SUM(Financials!BK24:'Financials'!BM24) -> 0 | CP24: =SUM(Financials!BN24:'Financials'!BP24) -> 0
D25: =Calcs!K229 -> Item 19 | E25: =Calcs!L229 -> 0 | F25: =Calcs!M229 -> 0 | G25: =Calcs!N229 -> 0 | H25: =Calcs!O229 -> 0 | I25: =Calcs!P229 -> 0 | J25: =Calcs!Q229 -> 0 | K25: =Calcs!R229 -> 0 | ... P25: =Calcs!W229 -> 0 | Q25: =SUM(E25:P25) -> 0 | R25: =Calcs!X229 -> 0 | S25: =Calcs!Y229 -> 0 | T25: =Calcs!Z229 -> 0 | U25: =Calcs!AA229 -> 0 | V25: =Calcs!AB229 -> 0 | W25: =Calcs!AC229 -> 0 | X25: =Calcs!AD229 -> 0 | Y25: =Calcs!AE229 -> 0 | ... AC25: =Calcs!AI229 -> 0 | AD25: =SUM(R25:AC25) -> 0 | AE25: =Calcs!AJ229 -> 0 | AF25: =Calcs!AK229 -> 0 | AG25: =Calcs!AL229 -> 0 | AH25: =Calcs!AM229 -> 0 | AI25: =Calcs!AN229 -> 0 | AJ25: =Calcs!AO229 -> 0 | AK25: =Calcs!AP229 -> 0 | AL25: =Calcs!AQ229 -> 0 | ... AP25: =Calcs!AU229 -> 0 | AQ25: =SUM(AE25:AP25) -> 0 | AR25: =Calcs!AV229 -> 0 | AS25: =Calcs!AW229 -> 0 | AT25: =Calcs!AX229 -> 0 | AU25: =Calcs!AY229 -> 0 | AV25: =Calcs!AZ229 -> 0 | AW25: =Calcs!BA229 -> 0 | AX25: =Calcs!BB229 -> 0 | AY25: =Calcs!BC229 -> 0 | ... BC25: =Calcs!BG229 -> 0 | BD25: =SUM(AR25:BC25) -> 0 | BE25: =Calcs!BH229 -> 0 | BF25: =Calcs!BI229 -> 0 | BG25: =Calcs!BJ229 -> 0 | BH25: =Calcs!BK229 -> 0 | BI25: =Calcs!BL229 -> 0 | BJ25: =Calcs!BM229 -> 0 | BK25: =Calcs!BN229 -> 0 | BL25: =Calcs!BO229 -> 0 | ... BP25: =Calcs!BS229 -> 0 | BQ25: =SUM(BE25:BP25) -> 0 | BS25: =SUM(BQ25,BD25,AQ25,AD25,Q25) -> 0 | BU25: =SUM(BQ25,BD25,AQ25,AD25,Q25) -> 0 | BV25: =D25 -> Item 19 | BW25: =SUM(Financials!E25:'Financials'!G25) -> 0 | BX25: =SUM(Financials!H25:'Financials'!J25) -> 0 | BY25: =SUM(Financials!K25:'Financials'!M25) -> 0 | BZ25: =SUM(Financials!N25:'Financials'!P25) -> 0 | CA25: =SUM(Financials!R25:'Financials'!T25) -> 0 | CB25: =SUM(Financials!U25:'Financials'!W25) -> 0 | CC25: =SUM(Financials!X25:'Financials'!Z25) -> 0 | CD25: =SUM(Financials!AA25:'Financials'!AC25) -> 0 | CE25: =SUM(Financials!AE25:'Financials'!AG25) -> 0 | CF25: =SUM(Financials!AH25:'Financials'!AJ25) -> 0 | CG25: =SUM(Financials!AK25:'Financials'!AM25) -> 0 | CH25: =SUM(Financials!AN25:'Financials'!AP25) -> 0 | CI25: =SUM(Financials!AR25:'Financials'!AT25) -> 0 | CJ25: =SUM(Financials!AU25:'Financials'!AW25) -> 0 | CK25: =SUM(Financials!AX25:'Financials'!AZ25) -> 0 | CL25: =SUM(Financials!BA25:'Financials'!BC25) -> 0 | CM25: =SUM(Financials!BE25:'Financials'!BG25) -> 0 | CN25: =SUM(Financials!BH25:'Financials'!BJ25) -> 0 | CO25: =SUM(Financials!BK25:'Financials'!BM25) -> 0 | CP25: =SUM(Financials!BN25:'Financials'!BP25) -> 0
D26: =Calcs!K230 -> Item 20 | E26: =Calcs!L230 -> 0 | F26: =Calcs!M230 -> 0 | G26: =Calcs!N230 -> 0 | H26: =Calcs!O230 -> 0 | I26: =Calcs!P230 -> 0 | J26: =Calcs!Q230 -> 0 | K26: =Calcs!R230 -> 0 | ... P26: =Calcs!W230 -> 0 | Q26: =SUM(E26:P26) -> 0 | R26: =Calcs!X230 -> 0 | S26: =Calcs!Y230 -> 0 | T26: =Calcs!Z230 -> 0 | U26: =Calcs!AA230 -> 0 | V26: =Calcs!AB230 -> 0 | W26: =Calcs!AC230 -> 0 | X26: =Calcs!AD230 -> 0 | Y26: =Calcs!AE230 -> 0 | ... AC26: =Calcs!AI230 -> 0 | AD26: =SUM(R26:AC26) -> 0 | AE26: =Calcs!AJ230 -> 0 | AF26: =Calcs!AK230 -> 0 | AG26: =Calcs!AL230 -> 0 | AH26: =Calcs!AM230 -> 0 | AI26: =Calcs!AN230 -> 0 | AJ26: =Calcs!AO230 -> 0 | AK26: =Calcs!AP230 -> 0 | AL26: =Calcs!AQ230 -> 0 | ... AP26: =Calcs!AU230 -> 0 | AQ26: =SUM(AE26:AP26) -> 0 | AR26: =Calcs!AV230 -> 0 | AS26: =Calcs!AW230 -> 0 | AT26: =Calcs!AX230 -> 0 | AU26: =Calcs!AY230 -> 0 | AV26: =Calcs!AZ230 -> 0 | AW26: =Calcs!BA230 -> 0 | AX26: =Calcs!BB230 -> 0 | AY26: =Calcs!BC230 -> 0 | ... BC26: =Calcs!BG230 -> 0 | BD26: =SUM(AR26:BC26) -> 0 | BE26: =Calcs!BH230 -> 0 | BF26: =Calcs!BI230 -> 0 | BG26: =Calcs!BJ230 -> 0 | BH26: =Calcs!BK230 -> 0 | BI26: =Calcs!BL230 -> 0 | BJ26: =Calcs!BM230 -> 0 | BK26: =Calcs!BN230 -> 0 | BL26: =Calcs!BO230 -> 0 | ... BP26: =Calcs!BS230 -> 0 | BQ26: =SUM(BE26:BP26) -> 0 | BS26: =SUM(BQ26,BD26,AQ26,AD26,Q26) -> 0 | BU26: =SUM(BQ26,BD26,AQ26,AD26,Q26)
D27: =Calcs!K231 -> Item 21 | E27: =Calcs!L231 -> 0 | F27: =Calcs!M231 -> 0 | G27: =Calcs!N231 -> 0 | H27: =Calcs!O231 -> 0 | I27: =Calcs!P231 -> 0 | J27: =Calcs!Q231 -> 0 | K27: =Calcs!R231 -> 0 | ... P27: =Calcs!W231 -> 0 | Q27: =SUM(E27:P27) -> 0 | R27: =Calcs!X231 -> 0 | S27: =Calcs!Y231 -> 0 | T27: =Calcs!Z231 -> 0 | U27: =Calcs!AA231 -> 0 | V27: =Calcs!AB231 -> 0 | W27: =Calcs!AC231 -> 0 | X27: =Calcs!AD231 -> 0 | Y27: =Calcs!AE231 -> 0 | ... AC27: =Calcs!AI231 -> 0 | AD27: =SUM(R27:AC27) -> 0 | AE27: =Calcs!AJ231 -> 0 | AF27: =Calcs!AK231 -> 0 | AG27: =Calcs!AL231 -> 0 | AH27: =Calcs!AM231 -> 0 | AI27: =Calcs!AN231 -> 0 | AJ27: =Calcs!AO231 -> 0 | AK27: =Calcs!AP231 -> 0 | AL27: =Calcs!AQ231 -> 0 | ... AP27: =Calcs!AU231 -> 0 | AQ27: =SUM(AE27:AP27) -> 0 | AR27: =Calcs!AV231 -> 0 | AS27: =Calcs!AW231 -> 0 | AT27: =Calcs!AX231 -> 0 | AU27: =Calcs!AY231 -> 0 | AV27: =Calcs!AZ231 -> 0 | AW27: =Calcs!BA231 -> 0 | AX27: =Calcs!BB231 -> 0 | AY27: =Calcs!BC231 -> 0 | ... BC27: =Calcs!BG231 -> 0 | BD27: =SUM(AR27:BC27) -> 0 | BE27: =Calcs!BH231 -> 0 | BF27: =Calcs!BI231 -> 0 | BG27: =Calcs!BJ231 -> 0 | BH27: =Calcs!BK231 -> 0 | BI27: =Calcs!BL231 -> 0 | BJ27: =Calcs!BM231 -> 0 | BK27: =Calcs!BN231 -> 0 | BL27: =Calcs!BO231 -> 0 | ... BP27: =Calcs!BS231 -> 0 | BQ27: =SUM(BE27:BP27) -> 0 | BS27: =SUM(BQ27,BD27,AQ27,AD27,Q27) -> 0 | BU27: =SUM(BQ27,BD27,AQ27,AD27,Q27)
D28: =Calcs!K232 -> Item 22 | E28: =Calcs!L232 -> 0 | F28: =Calcs!M232 -> 0 | G28: =Calcs!N232 -> 0 | H28: =Calcs!O232 -> 0 | I28: =Calcs!P232 -> 0 | J28: =Calcs!Q232 -> 0 | K28: =Calcs!R232 -> 0 | ... P28: =Calcs!W232 -> 0 | Q28: =SUM(E28:P28) -> 0 | R28: =Calcs!X232 -> 0 | S28: =Calcs!Y232 -> 0 | T28: =Calcs!Z232 -> 0 | U28: =Calcs!AA232 -> 0 | V28: =Calcs!AB232 -> 0 | W28: =Calcs!AC232 -> 0 | X28: =Calcs!AD232 -> 0 | Y28: =Calcs!AE232 -> 0 | ... AC28: =Calcs!AI232 -> 0 | AD28: =SUM(R28:AC28) -> 0 | AE28: =Calcs!AJ232 -> 0 | AF28: =Calcs!AK232 -> 0 | AG28: =Calcs!AL232 -> 0 | AH28: =Calcs!AM232 -> 0 | AI28: =Calcs!AN232 -> 0 | AJ28: =Calcs!AO232 -> 0 | AK28: =Calcs!AP232 -> 0 | AL28: =Calcs!AQ232 -> 0 | ... AP28: =Calcs!AU232 -> 0 | AQ28: =SUM(AE28:AP28) -> 0 | AR28: =Calcs!AV232 -> 0 | AS28: =Calcs!AW232 -> 0 | AT28: =Calcs!AX232 -> 0 | AU28: =Calcs!AY232 -> 0 | AV28: =Calcs!AZ232 -> 0 | AW28: =Calcs!BA232 -> 0 | AX28: =Calcs!BB232 -> 0 | AY28: =Calcs!BC232 -> 0 | ... BC28: =Calcs!BG232 -> 0 | BD28: =SUM(AR28:BC28) -> 0 | BE28: =Calcs!BH232 -> 0 | BF28: =Calcs!BI232 -> 0 | BG28: =Calcs!BJ232 -> 0 | BH28: =Calcs!BK232 -> 0 | BI28: =Calcs!BL232 -> 0 | BJ28: =Calcs!BM232 -> 0 | BK28: =Calcs!BN232 -> 0 | BL28: =Calcs!BO232 -> 0 | ... BP28: =Calcs!BS232 -> 0 | BQ28: =SUM(BE28:BP28) -> 0 | BS28: =SUM(BQ28,BD28,AQ28,AD28,Q28) -> 0 | BU28: =SUM(BQ28,BD28,AQ28,AD28,Q28)
D29: =Calcs!K233 -> Item 23 | E29: =Calcs!L233 -> 0 | F29: =Calcs!M233 -> 0 | G29: =Calcs!N233 -> 0 | H29: =Calcs!O233 -> 0 | I29: =Calcs!P233 -> 0 | J29: =Calcs!Q233 -> 0 | K29: =Calcs!R233 -> 0 | ... P29: =Calcs!W233 -> 0 | Q29: =SUM(E29:P29) -> 0 | R29: =Calcs!X233 -> 0 | S29: =Calcs!Y233 -> 0 | T29: =Calcs!Z233 -> 0 | U29: =Calcs!AA233 -> 0 | V29: =Calcs!AB233 -> 0 | W29: =Calcs!AC233 -> 0 | X29: =Calcs!AD233 -> 0 | Y29: =Calcs!AE233 -> 0 | ... AC29: =Calcs!AI233 -> 0 | AD29: =SUM(R29:AC29) -> 0 | AE29: =Calcs!AJ233 -> 0 | AF29: =Calcs!AK233 -> 0 | AG29: =Calcs!AL233 -> 0 | AH29: =Calcs!AM233 -> 0 | AI29: =Calcs!AN233 -> 0 | AJ29: =Calcs!AO233 -> 0 | AK29: =Calcs!AP233 -> 0 | AL29: =Calcs!AQ233 -> 0 | ... AP29: =Calcs!AU233 -> 0 | AQ29: =SUM(AE29:AP29) -> 0 | AR29: =Calcs!AV233 -> 0 | AS29: =Calcs!AW233 -> 0 | AT29: =Calcs!AX233 -> 0 | AU29: =Calcs!AY233 -> 0 | AV29: =Calcs!AZ233 -> 0 | AW29: =Calcs!BA233 -> 0 | AX29: =Calcs!BB233 -> 0 | AY29: =Calcs!BC233 -> 0 | ... BC29: =Calcs!BG233 -> 0 | BD29: =SUM(AR29:BC29) -> 0 | BE29: =Calcs!BH233 -> 0 | BF29: =Calcs!BI233 -> 0 | BG29: =Calcs!BJ233 -> 0 | BH29: =Calcs!BK233 -> 0 | BI29: =Calcs!BL233 -> 0 | BJ29: =Calcs!BM233 -> 0 | BK29: =Calcs!BN233 -> 0 | BL29: =Calcs!BO233 -> 0 | ... BP29: =Calcs!BS233 -> 0 | BQ29: =SUM(BE29:BP29) -> 0 | BS29: =SUM(BQ29,BD29,AQ29,AD29,Q29) -> 0 | BU29: =SUM(BQ29,BD29,AQ29,AD29,Q29)
D30: =Calcs!K234 -> Item 24 | E30: =Calcs!L234 -> 0 | F30: =Calcs!M234 -> 0 | G30: =Calcs!N234 -> 0 | H30: =Calcs!O234 -> 0 | I30: =Calcs!P234 -> 0 | J30: =Calcs!Q234 -> 0 | K30: =Calcs!R234 -> 0 | ... P30: =Calcs!W234 -> 0 | Q30: =SUM(E30:P30) -> 0 | R30: =Calcs!X234 -> 0 | S30: =Calcs!Y234 -> 0 | T30: =Calcs!Z234 -> 0 | U30: =Calcs!AA234 -> 0 | V30: =Calcs!AB234 -> 0 | W30: =Calcs!AC234 -> 0 | X30: =Calcs!AD234 -> 0 | Y30: =Calcs!AE234 -> 0 | ... AC30: =Calcs!AI234 -> 0 | AD30: =SUM(R30:AC30) -> 0 | AE30: =Calcs!AJ234 -> 0 | AF30: =Calcs!AK234 -> 0 | AG30: =Calcs!AL234 -> 0 | AH30: =Calcs!AM234 -> 0 | AI30: =Calcs!AN234 -> 0 | AJ30: =Calcs!AO234 -> 0 | AK30: =Calcs!AP234 -> 0 | AL30: =Calcs!AQ234 -> 0 | ... AP30: =Calcs!AU234 -> 0 | AQ30: =SUM(AE30:AP30) -> 0 | AR30: =Calcs!AV234 -> 0 | AS30: =Calcs!AW234 -> 0 | AT30: =Calcs!AX234 -> 0 | AU30: =Calcs!AY234 -> 0 | AV30: =Calcs!AZ234 -> 0 | AW30: =Calcs!BA234 -> 0 | AX30: =Calcs!BB234 -> 0 | AY30: =Calcs!BC234 -> 0 | ... BC30: =Calcs!BG234 -> 0 | BD30: =SUM(AR30:BC30) -> 0 | BE30: =Calcs!BH234 -> 0 | BF30: =Calcs!BI234 -> 0 | BG30: =Calcs!BJ234 -> 0 | BH30: =Calcs!BK234 -> 0 | BI30: =Calcs!BL234 -> 0 | BJ30: =Calcs!BM234 -> 0 | BK30: =Calcs!BN234 -> 0 | BL30: =Calcs!BO234 -> 0 | ... BP30: =Calcs!BS234 -> 0 | BQ30: =SUM(BE30:BP30) -> 0 | BS30: =SUM(BQ30,BD30,AQ30,AD30,Q30) -> 0 | BU30: =SUM(BQ30,BD30,AQ30,AD30,Q30)
D31: =Calcs!K235 -> Item 25 | E31: =Calcs!L235 -> 0 | F31: =Calcs!M235 -> 0 | G31: =Calcs!N235 -> 0 | H31: =Calcs!O235 -> 0 | I31: =Calcs!P235 -> 0 | J31: =Calcs!Q235 -> 0 | K31: =Calcs!R235 -> 0 | ... P31: =Calcs!W235 -> 0 | Q31: =SUM(E31:P31) -> 0 | R31: =Calcs!X235 -> 0 | S31: =Calcs!Y235 -> 0 | T31: =Calcs!Z235 -> 0 | U31: =Calcs!AA235 -> 0 | V31: =Calcs!AB235 -> 0 | W31: =Calcs!AC235 -> 0 | X31: =Calcs!AD235 -> 0 | Y31: =Calcs!AE235 -> 0 | ... AC31: =Calcs!AI235 -> 0 | AD31: =SUM(R31:AC31) -> 0 | AE31: =Calcs!AJ235 -> 0 | AF31: =Calcs!AK235 -> 0 | AG31: =Calcs!AL235 -> 0 | AH31: =Calcs!AM235 -> 0 | AI31: =Calcs!AN235 -> 0 | AJ31: =Calcs!AO235 -> 0 | AK31: =Calcs!AP235 -> 0 | AL31: =Calcs!AQ235 -> 0 | ... AP31: =Calcs!AU235 -> 0 | AQ31: =SUM(AE31:AP31) -> 0 | AR31: =Calcs!AV235 -> 0 | AS31: =Calcs!AW235 -> 0 | AT31: =Calcs!AX235 -> 0 | AU31: =Calcs!AY235 -> 0 | AV31: =Calcs!AZ235 -> 0 | AW31: =Calcs!BA235 -> 0 | AX31: =Calcs!BB235 -> 0 | AY31: =Calcs!BC235 -> 0 | ... BC31: =Calcs!BG235 -> 0 | BD31: =SUM(AR31:BC31) -> 0 | BE31: =Calcs!BH235 -> 0 | BF31: =Calcs!BI235 -> 0 | BG31: =Calcs!BJ235 -> 0 | BH31: =Calcs!BK235 -> 0 | BI31: =Calcs!BL235 -> 0 | BJ31: =Calcs!BM235 -> 0 | BK31: =Calcs!BN235 -> 0 | BL31: =Calcs!BO235 -> 0 | ... BP31: =Calcs!BS235 -> 0 | BQ31: =SUM(BE31:BP31) -> 0 | BS31: =SUM(BQ31,BD31,AQ31,AD31,Q31) -> 0 | BU31: =SUM(BQ31,BD31,AQ31,AD31,Q31)
D32: Bad Debt / Returns | E32: =-Calcs!L202 -> 0 | F32: =-Calcs!M202 -> 0 | G32: =-Calcs!N202 -> 0 | H32: =-Calcs!O202 -> 0 | I32: =-Calcs!P202 -> 0 | J32: =-Calcs!Q202 -> 0 | K32: =-Calcs!R202 -> 0 | L32: =-Calcs!S202 -> 0 | ... P32: =-Calcs!W202 -> 0 | Q32: =SUM(E32:P32) -> 0 | R32: =-Calcs!X202 -> 0 | S32: =-Calcs!Y202 -> 0 | T32: =-Calcs!Z202 -> 0 | U32: =-Calcs!AA202 -> 0 | V32: =-Calcs!AB202 -> 0 | W32: =-Calcs!AC202 -> 0 | X32: =-Calcs!AD202 -> 0 | Y32: =-Calcs!AE202 -> 0 | ... AC32: =-Calcs!AI202 -> 0 | AD32: =SUM(R32:AC32) -> 0 | AE32: =-Calcs!AJ202 -> 0 | AF32: =-Calcs!AK202 -> 0 | AG32: =-Calcs!AL202 -> 0 | AH32: =-Calcs!AM202 -> 0 | AI32: =-Calcs!AN202 -> 0 | AJ32: =-Calcs!AO202 -> 0 | AK32: =-Calcs!AP202 -> 0 | AL32: =-Calcs!AQ202 -> 0 | ... AP32: =-Calcs!AU202 -> 0 | AQ32: =SUM(AE32:AP32) -> 0 | AR32: =-Calcs!AV202 -> 0 | AS32: =-Calcs!AW202 -> 0 | AT32: =-Calcs!AX202 -> 0 | AU32: =-Calcs!AY202 -> 0 | AV32: =-Calcs!AZ202 -> 0 | AW32: =-Calcs!BA202 -> 0 | AX32: =-Calcs!BB202 -> 0 | AY32: =-Calcs!BC202 -> 0 | ... BC32: =-Calcs!BG202 -> 0 | BD32: =SUM(AR32:BC32) -> 0 | BE32: =-Calcs!BH202 -> 0 | BF32: =-Calcs!BI202 -> 0 | BG32: =-Calcs!BJ202 -> 0 | BH32: =-Calcs!BK202 -> 0 | BI32: =-Calcs!BL202 -> 0 | BJ32: =-Calcs!BM202 -> 0 | BK32: =-Calcs!BN202 -> 0 | BL32: =-Calcs!BO202 -> 0 | ... BP32: =-Calcs!BS202 -> 0 | BQ32: =SUM(BE32:BP32) -> 0 | BS32: =SUM(BQ32,BD32,AQ32,AD32,Q32) -> 0 | BU32: =SUM(BQ32,BD32,AQ32,AD32,Q32)
D33: Net Revenue | E33: =SUM(E5:E32) -> 0 | F33: =SUM(F5:F32) -> 0 | G33: =SUM(G5:G32) -> 0 | H33: =SUM(H5:H32) -> 0 | I33: =SUM(I5:I32) -> 0 | J33: =SUM(J5:J32) -> 0 | K33: =SUM(K5:K32) -> 0 | L33: =SUM(L5:L32) -> 0 | ... BQ33: =SUM(BQ5:BQ32) -> 0 | BS33: 1 | BU33: =SUM(BU5:BU32) | BV33: Total Revenue | BW33: =SUM(BW5:BW25) -> 0 | BX33: =SUM(BX5:BX25) -> 0 | BY33: =SUM(BY5:BY25) -> 0 | BZ33: =SUM(BZ5:BZ25) -> 0 | CA33: =SUM(CA5:CA25) -> 0 | CB33: =SUM(CB5:CB25) -> 0 | CC33: =SUM(CC5:CC25) -> 0 | CD33: =SUM(CD5:CD25) -> 0 | ... CP33: =SUM(CP5:CP25) -> 0
BS34: 1
D35: =IF(AND(Input!O21="Services",Infrastructure!AN27=Infrastructure!AO27),"Cost of Sales",IF(AND(Input!O21="Services",Infrastructure!AN27<>Infrastructure!AO27),"Cost of Sales - Hidden Rows with Values",IF(Infrastructure!AN27=Infrastructure!AO27,"Cost of Goods Sold","Cost of Goods Sold - Hidden Rows with Values"))) -> Cost of Goods Sold | BS35: 1 | BV35: Cost of Sales
D36: =D7 -> Item 1 | E36: =Calcs!L239 -> 0 | F36: =Calcs!M239 -> 0 | G36: =Calcs!N239 -> 0 | H36: =Calcs!O239 -> 0 | I36: =Calcs!P239 -> 0 | J36: =Calcs!Q239 -> 0 | K36: =Calcs!R239 -> 0 | L36: =Calcs!S239 -> 0 | ... P36: =Calcs!W239 -> 0 | Q36: =SUM(E36:P36) -> 0 | R36: =Calcs!X239 -> 0 | S36: =Calcs!Y239 -> 0 | T36: =Calcs!Z239 -> 0 | U36: =Calcs!AA239 -> 0 | V36: =Calcs!AB239 -> 0 | W36: =Calcs!AC239 -> 0 | X36: =Calcs!AD239 -> 0 | Y36: =Calcs!AE239 -> 0 | ... AC36: =Calcs!AI239 -> 0 | AD36: =SUM(R36:AC36) -> 0 | AE36: =Calcs!AJ239 -> 0 | AF36: =Calcs!AK239 -> 0 | AG36: =Calcs!AL239 -> 0 | AH36: =Calcs!AM239 -> 0 | AI36: =Calcs!AN239 -> 0 | AJ36: =Calcs!AO239 -> 0 | AK36: =Calcs!AP239 -> 0 | AL36: =Calcs!AQ239 -> 0 | ... AP36: =Calcs!AU239 -> 0 | AQ36: =SUM(AE36:AP36) -> 0 | AR36: =Calcs!AV239 -> 0 | AS36: =Calcs!AW239 -> 0 | AT36: =Calcs!AX239 -> 0 | AU36: =Calcs!AY239 -> 0 | AV36: =Calcs!AZ239 -> 0 | AW36: =Calcs!BA239 -> 0 | AX36: =Calcs!BB239 -> 0 | AY36: =Calcs!BC239 -> 0 | ... BC36: =Calcs!BG239 -> 0 | BD36: =SUM(AR36:BC36) -> 0 | BE36: =Calcs!BH239 -> 0 | BF36: =Calcs!BI239 -> 0 | BG36: =Calcs!BJ239 -> 0 | BH36: =Calcs!BK239 -> 0 | BI36: =Calcs!BL239 -> 0 | BJ36: =Calcs!BM239 -> 0 | BK36: =Calcs!BN239 -> 0 | BL36: =Calcs!BO239 -> 0 | ... BP36: =Calcs!BS239 -> 0 | BQ36: =SUM(BE36:BP36) -> 0 | BS36: =SUM(BQ36,BD36,AQ36,AD36,Q36) -> 0 | BU36: =SUM(BQ36,BD36,AQ36,AD36,Q36)
D37: =D8 -> Item 2 | E37: =Calcs!L240 -> 0 | F37: =Calcs!M240 -> 0 | G37: =Calcs!N240 -> 0 | H37: =Calcs!O240 -> 0 | I37: =Calcs!P240 -> 0 | J37: =Calcs!Q240 -> 0 | K37: =Calcs!R240 -> 0 | L37: =Calcs!S240 -> 0 | ... P37: =Calcs!W240 -> 0 | Q37: =SUM(E37:P37) -> 0 | R37: =Calcs!X240 -> 0 | S37: =Calcs!Y240 -> 0 | T37: =Calcs!Z240 -> 0 | U37: =Calcs!AA240 -> 0 | V37: =Calcs!AB240 -> 0 | W37: =Calcs!AC240 -> 0 | X37: =Calcs!AD240 -> 0 | Y37: =Calcs!AE240 -> 0 | ... AC37: =Calcs!AI240 -> 0 | AD37: =SUM(R37:AC37) -> 0 | AE37: =Calcs!AJ240 -> 0 | AF37: =Calcs!AK240 -> 0 | AG37: =Calcs!AL240 -> 0 | AH37: =Calcs!AM240 -> 0 | AI37: =Calcs!AN240 -> 0 | AJ37: =Calcs!AO240 -> 0 | AK37: =Calcs!AP240 -> 0 | AL37: =Calcs!AQ240 -> 0 | ... AP37: =Calcs!AU240 -> 0 | AQ37: =SUM(AE37:AP37) -> 0 | AR37: =Calcs!AV240 -> 0 | AS37: =Calcs!AW240 -> 0 | AT37: =Calcs!AX240 -> 0 | AU37: =Calcs!AY240 -> 0 | AV37: =Calcs!AZ240 -> 0 | AW37: =Calcs!BA240 -> 0 | AX37: =Calcs!BB240 -> 0 | AY37: =Calcs!BC240 -> 0 | ... BC37: =Calcs!BG240 -> 0 | BD37: =SUM(AR37:BC37) -> 0 | BE37: =Calcs!BH240 -> 0 | BF37: =Calcs!BI240 -> 0 | BG37: =Calcs!BJ240 -> 0 | BH37: =Calcs!BK240 -> 0 | BI37: =Calcs!BL240 -> 0 | BJ37: =Calcs!BM240 -> 0 | BK37: =Calcs!BN240 -> 0 | BL37: =Calcs!BO240 -> 0 | ... BP37: =Calcs!BS240 -> 0 | BQ37: =SUM(BE37:BP37) -> 0 | BS37: =SUM(BQ37,BD37,AQ37,AD37,Q37) -> 0 | BU37: =SUM(BQ37,BD37,AQ37,AD37,Q37)
D38: =D9 -> Item 3 | E38: =Calcs!L241 -> 0 | F38: =Calcs!M241 -> 0 | G38: =Calcs!N241 -> 0 | H38: =Calcs!O241 -> 0 | I38: =Calcs!P241 -> 0 | J38: =Calcs!Q241 -> 0 | K38: =Calcs!R241 -> 0 | L38: =Calcs!S241 -> 0 | ... P38: =Calcs!W241 -> 0 | Q38: =SUM(E38:P38) -> 0 | R38: =Calcs!X241 -> 0 | S38: =Calcs!Y241 -> 0 | T38: =Calcs!Z241 -> 0 | U38: =Calcs!AA241 -> 0 | V38: =Calcs!AB241 -> 0 | W38: =Calcs!AC241 -> 0 | X38: =Calcs!AD241 -> 0 | Y38: =Calcs!AE241 -> 0 | ... AC38: =Calcs!AI241 -> 0 | AD38: =SUM(R38:AC38) -> 0 | AE38: =Calcs!AJ241 -> 0 | AF38: =Calcs!AK241 -> 0 | AG38: =Calcs!AL241 -> 0 | AH38: =Calcs!AM241 -> 0 | AI38: =Calcs!AN241 -> 0 | AJ38: =Calcs!AO241 -> 0 | AK38: =Calcs!AP241 -> 0 | AL38: =Calcs!AQ241 -> 0 | ... AP38: =Calcs!AU241 -> 0 | AQ38: =SUM(AE38:AP38) -> 0 | AR38: =Calcs!AV241 -> 0 | AS38: =Calcs!AW241 -> 0 | AT38: =Calcs!AX241 -> 0 | AU38: =Calcs!AY241 -> 0 | AV38: =Calcs!AZ241 -> 0 | AW38: =Calcs!BA241 -> 0 | AX38: =Calcs!BB241 -> 0 | AY38: =Calcs!BC241 -> 0 | ... BC38: =Calcs!BG241 -> 0 | BD38: =SUM(AR38:BC38) -> 0 | BE38: =Calcs!BH241 -> 0 | BF38: =Calcs!BI241 -> 0 | BG38: =Calcs!BJ241 -> 0 | BH38: =Calcs!BK241 -> 0 | BI38: =Calcs!BL241 -> 0 | BJ38: =Calcs!BM241 -> 0 | BK38: =Calcs!BN241 -> 0 | BL38: =Calcs!BO241 -> 0 | ... BP38: =Calcs!BS241 -> 0 | BQ38: =SUM(BE38:BP38) -> 0 | BS38: =SUM(BQ38,BD38,AQ38,AD38,Q38) -> 0 | BU38: =SUM(BQ38,BD38,AQ38,AD38,Q38)
D39: =D10 -> Item 4 | E39: =Calcs!L242 -> 0 | F39: =Calcs!M242 -> 0 | G39: =Calcs!N242 -> 0 | H39: =Calcs!O242 -> 0 | I39: =Calcs!P242 -> 0 | J39: =Calcs!Q242 -> 0 | K39: =Calcs!R242 -> 0 | L39: =Calcs!S242 -> 0 | ... P39: =Calcs!W242 -> 0 | Q39: =SUM(E39:P39) -> 0 | R39: =Calcs!X242 -> 0 | S39: =Calcs!Y242 -> 0 | T39: =Calcs!Z242 -> 0 | U39: =Calcs!AA242 -> 0 | V39: =Calcs!AB242 -> 0 | W39: =Calcs!AC242 -> 0 | X39: =Calcs!AD242 -> 0 | Y39: =Calcs!AE242 -> 0 | ... AC39: =Calcs!AI242 -> 0 | AD39: =SUM(R39:AC39) -> 0 | AE39: =Calcs!AJ242 -> 0 | AF39: =Calcs!AK242 -> 0 | AG39: =Calcs!AL242 -> 0 | AH39: =Calcs!AM242 -> 0 | AI39: =Calcs!AN242 -> 0 | AJ39: =Calcs!AO242 -> 0 | AK39: =Calcs!AP242 -> 0 | AL39: =Calcs!AQ242 -> 0 | ... AP39: =Calcs!AU242 -> 0 | AQ39: =SUM(AE39:AP39) -> 0 | AR39: =Calcs!AV242 -> 0 | AS39: =Calcs!AW242 -> 0 | AT39: =Calcs!AX242 -> 0 | AU39: =Calcs!AY242 -> 0 | AV39: =Calcs!AZ242 -> 0 | AW39: =Calcs!BA242 -> 0 | AX39: =Calcs!BB242 -> 0 | AY39: =Calcs!BC242 -> 0 | ... BC39: =Calcs!BG242 -> 0 | BD39: =SUM(AR39:BC39) -> 0 | BE39: =Calcs!BH242 -> 0 | BF39: =Calcs!BI242 -> 0 | BG39: =Calcs!BJ242 -> 0 | BH39: =Calcs!BK242 -> 0 | BI39: =Calcs!BL242 -> 0 | BJ39: =Calcs!BM242 -> 0 | BK39: =Calcs!BN242 -> 0 | BL39: =Calcs!BO242 -> 0 | ... BP39: =Calcs!BS242 -> 0 | BQ39: =SUM(BE39:BP39) -> 0 | BS39: =SUM(BQ39,BD39,AQ39,AD39,Q39) -> 0 | BU39: =SUM(BQ39,BD39,AQ39,AD39,Q39)
D40: =D11 -> Item 5 | E40: =Calcs!L243 -> 0 | F40: =Calcs!M243 -> 0 | G40: =Calcs!N243 -> 0 | H40: =Calcs!O243 -> 0 | I40: =Calcs!P243 -> 0 | J40: =Calcs!Q243 -> 0 | K40: =Calcs!R243 -> 0 | L40: =Calcs!S243 -> 0 | ... P40: =Calcs!W243 -> 0 | Q40: =SUM(E40:P40) -> 0 | R40: =Calcs!X243 -> 0 | S40: =Calcs!Y243 -> 0 | T40: =Calcs!Z243 -> 0 | U40: =Calcs!AA243 -> 0 | V40: =Calcs!AB243 -> 0 | W40: =Calcs!AC243 -> 0 | X40: =Calcs!AD243 -> 0 | Y40: =Calcs!AE243 -> 0 | ... AC40: =Calcs!AI243 -> 0 | AD40: =SUM(R40:AC40) -> 0 | AE40: =Calcs!AJ243 -> 0 | AF40: =Calcs!AK243 -> 0 | AG40: =Calcs!AL243 -> 0 | AH40: =Calcs!AM243 -> 0 | AI40: =Calcs!AN243 -> 0 | AJ40: =Calcs!AO243 -> 0 | AK40: =Calcs!AP243 -> 0 | AL40: =Calcs!AQ243 -> 0 | ... AP40: =Calcs!AU243 -> 0 | AQ40: =SUM(AE40:AP40) -> 0 | AR40: =Calcs!AV243 -> 0 | AS40: =Calcs!AW243 -> 0 | AT40: =Calcs!AX243 -> 0 | AU40: =Calcs!AY243 -> 0 | AV40: =Calcs!AZ243 -> 0 | AW40: =Calcs!BA243 -> 0 | AX40: =Calcs!BB243 -> 0 | AY40: =Calcs!BC243 -> 0 | ... BC40: =Calcs!BG243 -> 0 | BD40: =SUM(AR40:BC40) -> 0 | BE40: =Calcs!BH243 -> 0 | BF40: =Calcs!BI243 -> 0 | BG40: =Calcs!BJ243 -> 0 | BH40: =Calcs!BK243 -> 0 | BI40: =Calcs!BL243 -> 0 | BJ40: =Calcs!BM243 -> 0 | BK40: =Calcs!BN243 -> 0 | BL40: =Calcs!BO243 -> 0 | ... BP40: =Calcs!BS243 -> 0 | BQ40: =SUM(BE40:BP40) -> 0 | BS40: =SUM(BQ40,BD40,AQ40,AD40,Q40) -> 0 | BU40: =SUM(BQ40,BD40,AQ40,AD40,Q40)
D41: =D12 -> Item 6 | E41: =Calcs!L244 -> 0 | F41: =Calcs!M244 -> 0 | G41: =Calcs!N244 -> 0 | H41: =Calcs!O244 -> 0 | I41: =Calcs!P244 -> 0 | J41: =Calcs!Q244 -> 0 | K41: =Calcs!R244 -> 0 | L41: =Calcs!S244 -> 0 | ... P41: =Calcs!W244 -> 0 | Q41: =SUM(E41:P41) -> 0 | R41: =Calcs!X244 -> 0 | S41: =Calcs!Y244 -> 0 | T41: =Calcs!Z244 -> 0 | U41: =Calcs!AA244 -> 0 | V41: =Calcs!AB244 -> 0 | W41: =Calcs!AC244 -> 0 | X41: =Calcs!AD244 -> 0 | Y41: =Calcs!AE244 -> 0 | ... AC41: =Calcs!AI244 -> 0 | AD41: =SUM(R41:AC41) -> 0 | AE41: =Calcs!AJ244 -> 0 | AF41: =Calcs!AK244 -> 0 | AG41: =Calcs!AL244 -> 0 | AH41: =Calcs!AM244 -> 0 | AI41: =Calcs!AN244 -> 0 | AJ41: =Calcs!AO244 -> 0 | AK41: =Calcs!AP244 -> 0 | AL41: =Calcs!AQ244 -> 0 | ... AP41: =Calcs!AU244 -> 0 | AQ41: =SUM(AE41:AP41) -> 0 | AR41: =Calcs!AV244 -> 0 | AS41: =Calcs!AW244 -> 0 | AT41: =Calcs!AX244 -> 0 | AU41: =Calcs!AY244 -> 0 | AV41: =Calcs!AZ244 -> 0 | AW41: =Calcs!BA244 -> 0 | AX41: =Calcs!BB244 -> 0 | AY41: =Calcs!BC244 -> 0 | ... BC41: =Calcs!BG244 -> 0 | BD41: =SUM(AR41:BC41) -> 0 | BE41: =Calcs!BH244 -> 0 | BF41: =Calcs!BI244 -> 0 | BG41: =Calcs!BJ244 -> 0 | BH41: =Calcs!BK244 -> 0 | BI41: =Calcs!BL244 -> 0 | BJ41: =Calcs!BM244 -> 0 | BK41: =Calcs!BN244 -> 0 | BL41: =Calcs!BO244 -> 0 | ... BP41: =Calcs!BS244 -> 0 | BQ41: =SUM(BE41:BP41) -> 0 | BS41: =SUM(BQ41,BD41,AQ41,AD41,Q41) -> 0 | BU41: =SUM(BQ41,BD41,AQ41,AD41,Q41)
D42: =D13 -> Item 7 | E42: =Calcs!L245 -> 0 | F42: =Calcs!M245 -> 0 | G42: =Calcs!N245 -> 0 | H42: =Calcs!O245 -> 0 | I42: =Calcs!P245 -> 0 | J42: =Calcs!Q245 -> 0 | K42: =Calcs!R245 -> 0 | L42: =Calcs!S245 -> 0 | ... P42: =Calcs!W245 -> 0 | Q42: =SUM(E42:P42) -> 0 | R42: =Calcs!X245 -> 0 | S42: =Calcs!Y245 -> 0 | T42: =Calcs!Z245 -> 0 | U42: =Calcs!AA245 -> 0 | V42: =Calcs!AB245 -> 0 | W42: =Calcs!AC245 -> 0 | X42: =Calcs!AD245 -> 0 | Y42: =Calcs!AE245 -> 0 | ... AC42: =Calcs!AI245 -> 0 | AD42: =SUM(R42:AC42) -> 0 | AE42: =Calcs!AJ245 -> 0 | AF42: =Calcs!AK245 -> 0 | AG42: =Calcs!AL245 -> 0 | AH42: =Calcs!AM245 -> 0 | AI42: =Calcs!AN245 -> 0 | AJ42: =Calcs!AO245 -> 0 | AK42: =Calcs!AP245 -> 0 | AL42: =Calcs!AQ245 -> 0 | ... AP42: =Calcs!AU245 -> 0 | AQ42: =SUM(AE42:AP42) -> 0 | AR42: =Calcs!AV245 -> 0 | AS42: =Calcs!AW245 -> 0 | AT42: =Calcs!AX245 -> 0 | AU42: =Calcs!AY245 -> 0 | AV42: =Calcs!AZ245 -> 0 | AW42: =Calcs!BA245 -> 0 | AX42: =Calcs!BB245 -> 0 | AY42: =Calcs!BC245 -> 0 | ... BC42: =Calcs!BG245 -> 0 | BD42: =SUM(AR42:BC42) -> 0 | BE42: =Calcs!BH245 -> 0 | BF42: =Calcs!BI245 -> 0 | BG42: =Calcs!BJ245 -> 0 | BH42: =Calcs!BK245 -> 0 | BI42: =Calcs!BL245 -> 0 | BJ42: =Calcs!BM245 -> 0 | BK42: =Calcs!BN245 -> 0 | BL42: =Calcs!BO245 -> 0 | ... BP42: =Calcs!BS245 -> 0 | BQ42: =SUM(BE42:BP42) -> 0 | BS42: =SUM(BQ42,BD42,AQ42,AD42,Q42) -> 0 | BU42: =SUM(BQ42,BD42,AQ42,AD42,Q42)
D43: =D14 -> Item 8 | E43: =Calcs!L246 -> 0 | F43: =Calcs!M246 -> 0 | G43: =Calcs!N246 -> 0 | H43: =Calcs!O246 -> 0 | I43: =Calcs!P246 -> 0 | J43: =Calcs!Q246 -> 0 | K43: =Calcs!R246 -> 0 | L43: =Calcs!S246 -> 0 | ... P43: =Calcs!W246 -> 0 | Q43: =SUM(E43:P43) -> 0 | R43: =Calcs!X246 -> 0 | S43: =Calcs!Y246 -> 0 | T43: =Calcs!Z246 -> 0 | U43: =Calcs!AA246 -> 0 | V43: =Calcs!AB246 -> 0 | W43: =Calcs!AC246 -> 0 | X43: =Calcs!AD246 -> 0 | Y43: =Calcs!AE246 -> 0 | ... AC43: =Calcs!AI246 -> 0 | AD43: =SUM(R43:AC43) -> 0 | AE43: =Calcs!AJ246 -> 0 | AF43: =Calcs!AK246 -> 0 | AG43: =Calcs!AL246 -> 0 | AH43: =Calcs!AM246 -> 0 | AI43: =Calcs!AN246 -> 0 | AJ43: =Calcs!AO246 -> 0 | AK43: =Calcs!AP246 -> 0 | AL43: =Calcs!AQ246 -> 0 | ... AP43: =Calcs!AU246 -> 0 | AQ43: =SUM(AE43:AP43) -> 0 | AR43: =Calcs!AV246 -> 0 | AS43: =Calcs!AW246 -> 0 | AT43: =Calcs!AX246 -> 0 | AU43: =Calcs!AY246 -> 0 | AV43: =Calcs!AZ246 -> 0 | AW43: =Calcs!BA246 -> 0 | AX43: =Calcs!BB246 -> 0 | AY43: =Calcs!BC246 -> 0 | ... BC43: =Calcs!BG246 -> 0 | BD43: =SUM(AR43:BC43) -> 0 | BE43: =Calcs!BH246 -> 0 | BF43: =Calcs!BI246 -> 0 | BG43: =Calcs!BJ246 -> 0 | BH43: =Calcs!BK246 -> 0 | BI43: =Calcs!BL246 -> 0 | BJ43: =Calcs!BM246 -> 0 | BK43: =Calcs!BN246 -> 0 | BL43: =Calcs!BO246 -> 0 | ... BP43: =Calcs!BS246 -> 0 | BQ43: =SUM(BE43:BP43) -> 0 | BS43: =SUM(BQ43,BD43,AQ43,AD43,Q43) -> 0 | BU43: =SUM(BQ43,BD43,AQ43,AD43,Q43)
D44: =D15 -> Item 9 | E44: =Calcs!L247 -> 0 | F44: =Calcs!M247 -> 0 | G44: =Calcs!N247 -> 0 | H44: =Calcs!O247 -> 0 | I44: =Calcs!P247 -> 0 | J44: =Calcs!Q247 -> 0 | K44: =Calcs!R247 -> 0 | L44: =Calcs!S247 -> 0 | ... P44: =Calcs!W247 -> 0 | Q44: =SUM(E44:P44) -> 0 | R44: =Calcs!X247 -> 0 | S44: =Calcs!Y247 -> 0 | T44: =Calcs!Z247 -> 0 | U44: =Calcs!AA247 -> 0 | V44: =Calcs!AB247 -> 0 | W44: =Calcs!AC247 -> 0 | X44: =Calcs!AD247 -> 0 | Y44: =Calcs!AE247 -> 0 | ... AC44: =Calcs!AI247 -> 0 | AD44: =SUM(R44:AC44) -> 0 | AE44: =Calcs!AJ247 -> 0 | AF44: =Calcs!AK247 -> 0 | AG44: =Calcs!AL247 -> 0 | AH44: =Calcs!AM247 -> 0 | AI44: =Calcs!AN247 -> 0 | AJ44: =Calcs!AO247 -> 0 | AK44: =Calcs!AP247 -> 0 | AL44: =Calcs!AQ247 -> 0 | ... AP44: =Calcs!AU247 -> 0 | AQ44: =SUM(AE44:AP44) -> 0 | AR44: =Calcs!AV247 -> 0 | AS44: =Calcs!AW247 -> 0 | AT44: =Calcs!AX247 -> 0 | AU44: =Calcs!AY247 -> 0 | AV44: =Calcs!AZ247 -> 0 | AW44: =Calcs!BA247 -> 0 | AX44: =Calcs!BB247 -> 0 | AY44: =Calcs!BC247 -> 0 | ... BC44: =Calcs!BG247 -> 0 | BD44: =SUM(AR44:BC44) -> 0 | BE44: =Calcs!BH247 -> 0 | BF44: =Calcs!BI247 -> 0 | BG44: =Calcs!BJ247 -> 0 | BH44: =Calcs!BK247 -> 0 | BI44: =Calcs!BL247 -> 0 | BJ44: =Calcs!BM247 -> 0 | BK44: =Calcs!BN247 -> 0 | BL44: =Calcs!BO247 -> 0 | ... BP44: =Calcs!BS247 -> 0 | BQ44: =SUM(BE44:BP44) -> 0 | BS44: =SUM(BQ44,BD44,AQ44,AD44,Q44) -> 0 | BU44: =SUM(BQ44,BD44,AQ44,AD44,Q44)
D45: =D16 -> Item 10 | E45: =Calcs!L248 -> 0 | F45: =Calcs!M248 -> 0 | G45: =Calcs!N248 -> 0 | H45: =Calcs!O248 -> 0 | I45: =Calcs!P248 -> 0 | J45: =Calcs!Q248 -> 0 | K45: =Calcs!R248 -> 0 | L45: =Calcs!S248 -> 0 | ... P45: =Calcs!W248 -> 0 | Q45: =SUM(E45:P45) -> 0 | R45: =Calcs!X248 -> 0 | S45: =Calcs!Y248 -> 0 | T45: =Calcs!Z248 -> 0 | U45: =Calcs!AA248 -> 0 | V45: =Calcs!AB248 -> 0 | W45: =Calcs!AC248 -> 0 | X45: =Calcs!AD248 -> 0 | Y45: =Calcs!AE248 -> 0 | ... AC45: =Calcs!AI248 -> 0 | AD45: =SUM(R45:AC45) -> 0 | AE45: =Calcs!AJ248 -> 0 | AF45: =Calcs!AK248 -> 0 | AG45: =Calcs!AL248 -> 0 | AH45: =Calcs!AM248 -> 0 | AI45: =Calcs!AN248 -> 0 | AJ45: =Calcs!AO248 -> 0 | AK45: =Calcs!AP248 -> 0 | AL45: =Calcs!AQ248 -> 0 | ... AP45: =Calcs!AU248 -> 0 | AQ45: =SUM(AE45:AP45) -> 0 | AR45: =Calcs!AV248 -> 0 | AS45: =Calcs!AW248 -> 0 | AT45: =Calcs!AX248 -> 0 | AU45: =Calcs!AY248 -> 0 | AV45: =Calcs!AZ248 -> 0 | AW45: =Calcs!BA248 -> 0 | AX45: =Calcs!BB248 -> 0 | AY45: =Calcs!BC248 -> 0 | ... BC45: =Calcs!BG248 -> 0 | BD45: =SUM(AR45:BC45) -> 0 | BE45: =Calcs!BH248 -> 0 | BF45: =Calcs!BI248 -> 0 | BG45: =Calcs!BJ248 -> 0 | BH45: =Calcs!BK248 -> 0 | BI45: =Calcs!BL248 -> 0 | BJ45: =Calcs!BM248 -> 0 | BK45: =Calcs!BN248 -> 0 | BL45: =Calcs!BO248 -> 0 | ... BP45: =Calcs!BS248 -> 0 | BQ45: =SUM(BE45:BP45) -> 0 | BS45: =SUM(BQ45,BD45,AQ45,AD45,Q45) -> 0 | BU45: =SUM(BQ45,BD45,AQ45,AD45,Q45)
D46: =D17 -> Item 11 | E46: =Calcs!L249 -> 0 | F46: =Calcs!M249 -> 0 | G46: =Calcs!N249 -> 0 | H46: =Calcs!O249 -> 0 | I46: =Calcs!P249 -> 0 | J46: =Calcs!Q249 -> 0 | K46: =Calcs!R249 -> 0 | L46: =Calcs!S249 -> 0 | ... P46: =Calcs!W249 -> 0 | Q46: =SUM(E46:P46) -> 0 | R46: =Calcs!X249 -> 0 | S46: =Calcs!Y249 -> 0 | T46: =Calcs!Z249 -> 0 | U46: =Calcs!AA249 -> 0 | V46: =Calcs!AB249 -> 0 | W46: =Calcs!AC249 -> 0 | X46: =Calcs!AD249 -> 0 | Y46: =Calcs!AE249 -> 0 | ... AC46: =Calcs!AI249 -> 0 | AD46: =SUM(R46:AC46) -> 0 | AE46: =Calcs!AJ249 -> 0 | AF46: =Calcs!AK249 -> 0 | AG46: =Calcs!AL249 -> 0 | AH46: =Calcs!AM249 -> 0 | AI46: =Calcs!AN249 -> 0 | AJ46: =Calcs!AO249 -> 0 | AK46: =Calcs!AP249 -> 0 | AL46: =Calcs!AQ249 -> 0 | ... AP46: =Calcs!AU249 -> 0 | AQ46: =SUM(AE46:AP46) -> 0 | AR46: =Calcs!AV249 -> 0 | AS46: =Calcs!AW249 -> 0 | AT46: =Calcs!AX249 -> 0 | AU46: =Calcs!AY249 -> 0 | AV46: =Calcs!AZ249 -> 0 | AW46: =Calcs!BA249 -> 0 | AX46: =Calcs!BB249 -> 0 | AY46: =Calcs!BC249 -> 0 | ... BC46: =Calcs!BG249 -> 0 | BD46: =SUM(AR46:BC46) -> 0 | BE46: =Calcs!BH249 -> 0 | BF46: =Calcs!BI249 -> 0 | BG46: =Calcs!BJ249 -> 0 | BH46: =Calcs!BK249 -> 0 | BI46: =Calcs!BL249 -> 0 | BJ46: =Calcs!BM249 -> 0 | BK46: =Calcs!BN249 -> 0 | BL46: =Calcs!BO249 -> 0 | ... BP46: =Calcs!BS249 -> 0 | BQ46: =SUM(BE46:BP46) -> 0 | BS46: =SUM(BQ46,BD46,AQ46,AD46,Q46) -> 0 | BU46: =SUM(BQ46,BD46,AQ46,AD46,Q46)
D47: =D18 -> Item 12 | E47: =Calcs!L250 -> 0 | F47: =Calcs!M250 -> 0 | G47: =Calcs!N250 -> 0 | H47: =Calcs!O250 -> 0 | I47: =Calcs!P250 -> 0 | J47: =Calcs!Q250 -> 0 | K47: =Calcs!R250 -> 0 | L47: =Calcs!S250 -> 0 | ... P47: =Calcs!W250 -> 0 | Q47: =SUM(E47:P47) -> 0 | R47: =Calcs!X250 -> 0 | S47: =Calcs!Y250 -> 0 | T47: =Calcs!Z250 -> 0 | U47: =Calcs!AA250 -> 0 | V47: =Calcs!AB250 -> 0 | W47: =Calcs!AC250 -> 0 | X47: =Calcs!AD250 -> 0 | Y47: =Calcs!AE250 -> 0 | ... AC47: =Calcs!AI250 -> 0 | AD47: =SUM(R47:AC47) -> 0 | AE47: =Calcs!AJ250 -> 0 | AF47: =Calcs!AK250 -> 0 | AG47: =Calcs!AL250 -> 0 | AH47: =Calcs!AM250 -> 0 | AI47: =Calcs!AN250 -> 0 | AJ47: =Calcs!AO250 -> 0 | AK47: =Calcs!AP250 -> 0 | AL47: =Calcs!AQ250 -> 0 | ... AP47: =Calcs!AU250 -> 0 | AQ47: =SUM(AE47:AP47) -> 0 | AR47: =Calcs!AV250 -> 0 | AS47: =Calcs!AW250 -> 0 | AT47: =Calcs!AX250 -> 0 | AU47: =Calcs!AY250 -> 0 | AV47: =Calcs!AZ250 -> 0 | AW47: =Calcs!BA250 -> 0 | AX47: =Calcs!BB250 -> 0 | AY47: =Calcs!BC250 -> 0 | ... BC47: =Calcs!BG250 -> 0 | BD47: =SUM(AR47:BC47) -> 0 | BE47: =Calcs!BH250 -> 0 | BF47: =Calcs!BI250 -> 0 | BG47: =Calcs!BJ250 -> 0 | BH47: =Calcs!BK250 -> 0 | BI47: =Calcs!BL250 -> 0 | BJ47: =Calcs!BM250 -> 0 | BK47: =Calcs!BN250 -> 0 | BL47: =Calcs!BO250 -> 0 | ... BP47: =Calcs!BS250 -> 0 | BQ47: =SUM(BE47:BP47) -> 0 | BS47: =SUM(BQ47,BD47,AQ47,AD47,Q47) -> 0 | BU47: =SUM(BQ47,BD47,AQ47,AD47,Q47)
... D57: =D28 -> Item 22 | E57: =Calcs!L260 -> 0 | F57: =Calcs!M260 -> 0 | G57: =Calcs!N260 -> 0 | H57: =Calcs!O260 -> 0 | I57: =Calcs!P260 -> 0 | J57: =Calcs!Q260 -> 0 | K57: =Calcs!R260 -> 0 | L57: =Calcs!S260 -> 0 | ... P57: =Calcs!W260 -> 0 | Q57: =SUM(E57:P57) -> 0 | R57: =Calcs!X260 -> 0 | S57: =Calcs!Y260 -> 0 | T57: =Calcs!Z260 -> 0 | U57: =Calcs!AA260 -> 0 | V57: =Calcs!AB260 -> 0 | W57: =Calcs!AC260 -> 0 | X57: =Calcs!AD260 -> 0 | Y57: =Calcs!AE260 -> 0 | ... AC57: =Calcs!AI260 -> 0 | AD57: =SUM(R57:AC57) -> 0 | AE57: =Calcs!AJ260 -> 0 | AF57: =Calcs!AK260 -> 0 | AG57: =Calcs!AL260 -> 0 | AH57: =Calcs!AM260 -> 0 | AI57: =Calcs!AN260 -> 0 | AJ57: =Calcs!AO260 -> 0 | AK57: =Calcs!AP260 -> 0 | AL57: =Calcs!AQ260 -> 0 | ... AP57: =Calcs!AU260 -> 0 | AQ57: =SUM(AE57:AP57) -> 0 | AR57: =Calcs!AV260 -> 0 | AS57: =Calcs!AW260 -> 0 | AT57: =Calcs!AX260 -> 0 | AU57: =Calcs!AY260 -> 0 | AV57: =Calcs!AZ260 -> 0 | AW57: =Calcs!BA260 -> 0 | AX57: =Calcs!BB260 -> 0 | AY57: =Calcs!BC260 -> 0 | ... BC57: =Calcs!BG260 -> 0 | BD57: =SUM(AR57:BC57) -> 0 | BE57: =Calcs!BH260 -> 0 | BF57: =Calcs!BI260 -> 0 | BG57: =Calcs!BJ260 -> 0 | BH57: =Calcs!BK260 -> 0 | BI57: =Calcs!BL260 -> 0 | BJ57: =Calcs!BM260 -> 0 | BK57: =Calcs!BN260 -> 0 | BL57: =Calcs!BO260 -> 0 | ... BP57: =Calcs!BS260 -> 0 | BQ57: =SUM(BE57:BP57) -> 0 | BS57: =SUM(BQ57,BD57,AQ57,AD57,Q57) -> 0 | BU57: =SUM(BQ57,BD57,AQ57,AD57,Q57)
D58: =D29 -> Item 23 | E58: =Calcs!L261 -> 0 | F58: =Calcs!M261 -> 0 | G58: =Calcs!N261 -> 0 | H58: =Calcs!O261 -> 0 | I58: =Calcs!P261 -> 0 | J58: =Calcs!Q261 -> 0 | K58: =Calcs!R261 -> 0 | L58: =Calcs!S261 -> 0 | ... P58: =Calcs!W261 -> 0 | Q58: =SUM(E58:P58) -> 0 | R58: =Calcs!X261 -> 0 | S58: =Calcs!Y261 -> 0 | T58: =Calcs!Z261 -> 0 | U58: =Calcs!AA261 -> 0 | V58: =Calcs!AB261 -> 0 | W58: =Calcs!AC261 -> 0 | X58: =Calcs!AD261 -> 0 | Y58: =Calcs!AE261 -> 0 | ... AC58: =Calcs!AI261 -> 0 | AD58: =SUM(R58:AC58) -> 0 | AE58: =Calcs!AJ261 -> 0 | AF58: =Calcs!AK261 -> 0 | AG58: =Calcs!AL261 -> 0 | AH58: =Calcs!AM261 -> 0 | AI58: =Calcs!AN261 -> 0 | AJ58: =Calcs!AO261 -> 0 | AK58: =Calcs!AP261 -> 0 | AL58: =Calcs!AQ261 -> 0 | ... AP58: =Calcs!AU261 -> 0 | AQ58: =SUM(AE58:AP58) -> 0 | AR58: =Calcs!AV261 -> 0 | AS58: =Calcs!AW261 -> 0 | AT58: =Calcs!AX261 -> 0 | AU58: =Calcs!AY261 -> 0 | AV58: =Calcs!AZ261 -> 0 | AW58: =Calcs!BA261 -> 0 | AX58: =Calcs!BB261 -> 0 | AY58: =Calcs!BC261 -> 0 | ... BC58: =Calcs!BG261 -> 0 | BD58: =SUM(AR58:BC58) -> 0 | BE58: =Calcs!BH261 -> 0 | BF58: =Calcs!BI261 -> 0 | BG58: =Calcs!BJ261 -> 0 | BH58: =Calcs!BK261 -> 0 | BI58: =Calcs!BL261 -> 0 | BJ58: =Calcs!BM261 -> 0 | BK58: =Calcs!BN261 -> 0 | BL58: =Calcs!BO261 -> 0 | ... BP58: =Calcs!BS261 -> 0 | BQ58: =SUM(BE58:BP58) -> 0 | BS58: =SUM(BQ58,BD58,AQ58,AD58,Q58) -> 0 | BU58: =SUM(BQ58,BD58,AQ58,AD58,Q58) | BV58: =D58 -> Item 23 | BW58: =SUM(Financials!E58:'Financials'!G58) -> 0 | BX58: =SUM(Financials!H58:'Financials'!J58) -> 0 | BY58: =SUM(Financials!K58:'Financials'!M58) -> 0 | BZ58: =SUM(Financials!N58:'Financials'!P58) -> 0 | CA58: =SUM(Financials!R58:'Financials'!T58) -> 0 | CB58: =SUM(Financials!U58:'Financials'!W58) -> 0 | CC58: =SUM(Financials!X58:'Financials'!Z58) -> 0 | CD58: =SUM(Financials!AA58:'Financials'!AC58) -> 0 | CE58: =SUM(Financials!AE58:'Financials'!AG58) -> 0 | CF58: =SUM(Financials!AH58:'Financials'!AJ58) -> 0 | CG58: =SUM(Financials!AK58:'Financials'!AM58) -> 0 | CH58: =SUM(Financials!AN58:'Financials'!AP58) -> 0 | CI58: =SUM(Financials!AR58:'Financials'!AT58) -> 0 | CJ58: =SUM(Financials!AU58:'Financials'!AW58) -> 0 | CK58: =SUM(Financials!AX58:'Financials'!AZ58) -> 0 | CL58: =SUM(Financials!BA58:'Financials'!BC58) -> 0 | CM58: =SUM(Financials!BE58:'Financials'!BG58) -> 0 | CN58: =SUM(Financials!BH58:'Financials'!BJ58) -> 0 | CO58: =SUM(Financials!BK58:'Financials'!BM58) -> 0 | CP58: =SUM(Financials!BN58:'Financials'!BP58) -> 0 | CW58: =D58 -> Item 23 | CX58: =E58 -> 0 | CY58: =F58 -> 0 | CZ58: =G58 -> 0 | DA58: =H58 -> 0 | DB58: =I58 -> 0 | DC58: =J58 -> 0 | DD58: =K58 -> 0 | ... DI58: =P58 -> 0 | DJ58: =R58 -> 0 | DK58: =S58 -> 0 | DL58: =T58 -> 0 | DM58: =U58 -> 0 | DN58: =V58 -> 0 | DO58: =W58 -> 0 | DP58: =X58 -> 0 | DQ58: =Y58 -> 0 | ... DU58: =AC58 -> 0 | DV58: =AE58 -> 0 | DW58: =AF58 -> 0 | DX58: =AG58 -> 0 | DY58: =AH58 -> 0 | DZ58: =AI58 -> 0 | EA58: =AJ58 -> 0 | EB58: =AK58 -> 0 | EC58: =AL58 -> 0 | ... EG58: =AP58 -> 0 | EH58: =AR58 -> 0 | EI58: =AS58 -> 0 | EJ58: =AT58 -> 0 | EK58: =AU58 -> 0 | EL58: =AV58 -> 0 | EM58: =AW58 -> 0 | EN58: =AX58 -> 0 | EO58: =AY58 -> 0 | ... ES58: =BC58 -> 0 | ET58: =BE58 -> 0 | EU58: =BF58 -> 0 | EV58: =BG58 -> 0 | EW58: =BH58 -> 0 | EX58: =BI58 -> 0 | EY58: =BJ58 -> 0 | EZ58: =BK58 -> 0 | FA58: =BL58 -> 0 | ... FE58: =BP58 -> 0
D59: =D30 -> Item 24 | E59: =Calcs!L262 -> 0 | F59: =Calcs!M262 -> 0 | G59: =Calcs!N262 -> 0 | H59: =Calcs!O262 -> 0 | I59: =Calcs!P262 -> 0 | J59: =Calcs!Q262 -> 0 | K59: =Calcs!R262 -> 0 | L59: =Calcs!S262 -> 0 | ... P59: =Calcs!W262 -> 0 | Q59: =SUM(E59:P59) -> 0 | R59: =Calcs!X262 -> 0 | S59: =Calcs!Y262 -> 0 | T59: =Calcs!Z262 -> 0 | U59: =Calcs!AA262 -> 0 | V59: =Calcs!AB262 -> 0 | W59: =Calcs!AC262 -> 0 | X59: =Calcs!AD262 -> 0 | Y59: =Calcs!AE262 -> 0 | ... AC59: =Calcs!AI262 -> 0 | AD59: =SUM(R59:AC59) -> 0 | AE59: =Calcs!AJ262 -> 0 | AF59: =Calcs!AK262 -> 0 | AG59: =Calcs!AL262 -> 0 | AH59: =Calcs!AM262 -> 0 | AI59: =Calcs!AN262 -> 0 | AJ59: =Calcs!AO262 -> 0 | AK59: =Calcs!AP262 -> 0 | AL59: =Calcs!AQ262 -> 0 | ... AP59: =Calcs!AU262 -> 0 | AQ59: =SUM(AE59:AP59) -> 0 | AR59: =Calcs!AV262 -> 0 | AS59: =Calcs!AW262 -> 0 | AT59: =Calcs!AX262 -> 0 | AU59: =Calcs!AY262 -> 0 | AV59: =Calcs!AZ262 -> 0 | AW59: =Calcs!BA262 -> 0 | AX59: =Calcs!BB262 -> 0 | AY59: =Calcs!BC262 -> 0 | ... BC59: =Calcs!BG262 -> 0 | BD59: =SUM(AR59:BC59) -> 0 | BE59: =Calcs!BH262 -> 0 | BF59: =Calcs!BI262 -> 0 | BG59: =Calcs!BJ262 -> 0 | BH59: =Calcs!BK262 -> 0 | BI59: =Calcs!BL262 -> 0 | BJ59: =Calcs!BM262 -> 0 | BK59: =Calcs!BN262 -> 0 | BL59: =Calcs!BO262 -> 0 | ... BP59: =Calcs!BS262 -> 0 | BQ59: =SUM(BE59:BP59) -> 0 | BS59: =SUM(BQ59,BD59,AQ59,AD59,Q59) -> 0 | BU59: =SUM(BQ59,BD59,AQ59,AD59,Q59) -> 0 | BV59: =D59 -> Item 24 | BW59: =SUM(Financials!E59:'Financials'!G59) -> 0 | BX59: =SUM(Financials!H59:'Financials'!J59) -> 0 | BY59: =SUM(Financials!K59:'Financials'!M59) -> 0 | BZ59: =SUM(Financials!N59:'Financials'!P59) -> 0 | CA59: =SUM(Financials!R59:'Financials'!T59) -> 0 | CB59: =SUM(Financials!U59:'Financials'!W59) -> 0 | CC59: =SUM(Financials!X59:'Financials'!Z59) -> 0 | CD59: =SUM(Financials!AA59:'Financials'!AC59) -> 0 | CE59: =SUM(Financials!AE59:'Financials'!AG59) -> 0 | CF59: =SUM(Financials!AH59:'Financials'!AJ59) -> 0 | CG59: =SUM(Financials!AK59:'Financials'!AM59) -> 0 | CH59: =SUM(Financials!AN59:'Financials'!AP59) -> 0 | CI59: =SUM(Financials!AR59:'Financials'!AT59) -> 0 | CJ59: =SUM(Financials!AU59:'Financials'!AW59) -> 0 | CK59: =SUM(Financials!AX59:'Financials'!AZ59) -> 0 | CL59: =SUM(Financials!BA59:'Financials'!BC59) -> 0 | CM59: =SUM(Financials!BE59:'Financials'!BG59) -> 0 | CN59: =SUM(Financials!BH59:'Financials'!BJ59) -> 0 | CO59: =SUM(Financials!BK59:'Financials'!BM59) -> 0 | CP59: =SUM(Financials!BN59:'Financials'!BP59) -> 0 | CW59: =D59 -> Item 24 | CX59: =E59 -> 0 | CY59: =F59 -> 0 | CZ59: =G59 -> 0 | DA59: =H59 -> 0 | DB59: =I59 -> 0 | DC59: =J59 -> 0 | DD59: =K59 -> 0 | ... DI59: =P59 -> 0 | DJ59: =R59 -> 0 | DK59: =S59 -> 0 | DL59: =T59 -> 0 | DM59: =U59 -> 0 | DN59: =V59 -> 0 | DO59: =W59 -> 0 | DP59: =X59 -> 0 | DQ59: =Y59 -> 0 | ... DU59: =AC59 -> 0 | DV59: =AE59 -> 0 | DW59: =AF59 -> 0 | DX59: =AG59 -> 0 | DY59: =AH59 -> 0 | DZ59: =AI59 -> 0 | EA59: =AJ59 -> 0 | EB59: =AK59 -> 0 | EC59: =AL59 -> 0 | ... EG59: =AP59 -> 0 | EH59: =AR59 -> 0 | EI59: =AS59 -> 0 | EJ59: =AT59 -> 0 | EK59: =AU59 -> 0 | EL59: =AV59 -> 0 | EM59: =AW59 -> 0 | EN59: =AX59 -> 0 | EO59: =AY59 -> 0 | ... ES59: =BC59 -> 0 | ET59: =BE59 -> 0 | EU59: =BF59 -> 0 | EV59: =BG59 -> 0 | EW59: =BH59 -> 0 | EX59: =BI59 -> 0 | EY59: =BJ59 -> 0 | EZ59: =BK59 -> 0 | FA59: =BL59 -> 0 | ... FE59: =BP59 -> 0
D60: =D31 -> Item 25 | E60: =Calcs!L263 -> 0 | F60: =Calcs!M263 -> 0 | G60: =Calcs!N263 -> 0 | H60: =Calcs!O263 -> 0 | I60: =Calcs!P263 -> 0 | J60: =Calcs!Q263 -> 0 | K60: =Calcs!R263 -> 0 | L60: =Calcs!S263 -> 0 | ... P60: =Calcs!W263 -> 0 | Q60: =SUM(E60:P60) -> 0 | R60: =Calcs!X263 -> 0 | S60: =Calcs!Y263 -> 0 | T60: =Calcs!Z263 -> 0 | U60: =Calcs!AA263 -> 0 | V60: =Calcs!AB263 -> 0 | W60: =Calcs!AC263 -> 0 | X60: =Calcs!AD263 -> 0 | Y60: =Calcs!AE263 -> 0 | ... AC60: =Calcs!AI263 -> 0 | AD60: =SUM(R60:AC60) -> 0 | AE60: =Calcs!AJ263 -> 0 | AF60: =Calcs!AK263 -> 0 | AG60: =Calcs!AL263 -> 0 | AH60: =Calcs!AM263 -> 0 | AI60: =Calcs!AN263 -> 0 | AJ60: =Calcs!AO263 -> 0 | AK60: =Calcs!AP263 -> 0 | AL60: =Calcs!AQ263 -> 0 | ... AP60: =Calcs!AU263 -> 0 | AQ60: =SUM(AE60:AP60) -> 0 | AR60: =Calcs!AV263 -> 0 | AS60: =Calcs!AW263 -> 0 | AT60: =Calcs!AX263 -> 0 | AU60: =Calcs!AY263 -> 0 | AV60: =Calcs!AZ263 -> 0 | AW60: =Calcs!BA263 -> 0 | AX60: =Calcs!BB263 -> 0 | AY60: =Calcs!BC263 -> 0 | ... BC60: =Calcs!BG263 -> 0 | BD60: =SUM(AR60:BC60) -> 0 | BE60: =Calcs!BH263 -> 0 | BF60: =Calcs!BI263 -> 0 | BG60: =Calcs!BJ263 -> 0 | BH60: =Calcs!BK263 -> 0 | BI60: =Calcs!BL263 -> 0 | BJ60: =Calcs!BM263 -> 0 | BK60: =Calcs!BN263 -> 0 | BL60: =Calcs!BO263 -> 0 | ... BP60: =Calcs!BS263 -> 0 | BQ60: =SUM(BE60:BP60) -> 0 | BS60: =SUM(BQ60,BD60,AQ60,AD60,Q60) -> 0 | BU60: =SUM(BQ60,BD60,AQ60,AD60,Q60)
D61: =IF(Input!O21="Services","Total Cost of Sales","Total Cost of Goods Sold") -> Total Cost of Goods Sold | E61: =SUM(E36:E60) -> 0 | F61: =SUM(F36:F60) -> 0 | G61: =SUM(G36:G60) -> 0 | H61: =SUM(H36:H60) -> 0 | I61: =SUM(I36:I60) -> 0 | J61: =SUM(J36:J60) -> 0 | K61: =SUM(K36:K60) -> 0 | L61: =SUM(L36:L60) -> 0 | ... BQ61: =SUM(BQ36:BQ60) -> 0 | BS61: 1 | BU61: =SUM(BU36:BU60) | BV61: Total COGS | BW61: =SUM(BW58:BW59) -> 0 | BX61: =SUM(BX58:BX59) -> 0 | BY61: =SUM(BY58:BY59) -> 0 | BZ61: =SUM(BZ58:BZ59) -> 0 | CA61: =SUM(CA58:CA59) -> 0 | CB61: =SUM(CB58:CB59) -> 0 | CC61: =SUM(CC58:CC59) -> 0 | CD61: =SUM(CD58:CD59) -> 0 | ... CP61: =SUM(CP58:CP59) -> 0
E62: =IF(AND(E$33<>0,,E61>0),E61/E$33,"") | F62: =IF(AND(F$33<>0,,F61>0),F61/F$33,"") | G62: =IF(AND(G$33<>0,,G61>0),G61/G$33,"") | H62: =IF(AND(H$33<>0,,H61>0),H61/H$33,"") | I62: =IF(AND(I$33<>0,,I61>0),I61/I$33,"") | J62: =IF(AND(J$33<>0,,J61>0),J61/J$33,"") | K62: =IF(AND(K$33<>0,,K61>0),K61/K$33,"") | L62: =IF(AND(L$33<>0,,L61>0),L61/L$33,"") | ... BQ62: =IF(AND(BQ$33<>0,,BQ61>0),BQ61/BQ$33,"") | BS62: 1 | BW62: =IF(AND(BW$33<>0,BW61/BW$33>0,BW61>0),BW61/BW$33,"") -> #DIV/0! | BX62: =IF(AND(BX$33<>0,BX61/BX$33>0,BX61>0),BX61/BX$33,"") -> #DIV/0! | BY62: =IF(AND(BY$33<>0,BY61/BY$33>0,BY61>0),BY61/BY$33,"") -> #DIV/0! | BZ62: =IF(AND(BZ$33<>0,BZ61/BZ$33>0,BZ61>0),BZ61/BZ$33,"") -> #DIV/0! | CA62: =IF(AND(CA$33<>0,CA61/CA$33>0,CA61>0),CA61/CA$33,"") -> #DIV/0! | CB62: =IF(AND(CB$33<>0,CB61/CB$33>0,CB61>0),CB61/CB$33,"") -> #DIV/0! | CC62: =IF(AND(CC$33<>0,CC61/CC$33>0,CC61>0),CC61/CC$33,"") -> #DIV/0! | CD62: =IF(AND(CD$33<>0,CD61/CD$33>0,CD61>0),CD61/CD$33,"") -> #DIV/0! | ... CP62: =IF(AND(CP$33<>0,CP61/CP$33>0,CP61>0),CP61/CP$33,"") -> #DIV/0!
D63: Gross Profit | E63: =E33-E61 -> 0 | F63: =F33-F61 -> 0 | G63: =G33-G61 -> 0 | H63: =H33-H61 -> 0 | I63: =I33-I61 -> 0 | J63: =J33-J61 -> 0 | K63: =K33-K61 -> 0 | L63: =L33-L61 -> 0 | ... AC63: =AC33-AC61 -> 0 | AD63: =SUM(R63:AC63) -> 0 | AE63: =AE33-AE61 -> 0 | AF63: =AF33-AF61 -> 0 | AG63: =AG33-AG61 -> 0 | AH63: =AH33-AH61 -> 0 | AI63: =AI33-AI61 -> 0 | AJ63: =AJ33-AJ61 -> 0 | AK63: =AK33-AK61 -> 0 | AL63: =AL33-AL61 -> 0 | ... AP63: =AP33-AP61 -> 0 | AQ63: =SUM(AE63:AP63) -> 0 | AR63: =AR33-AR61 -> 0 | AS63: =AS33-AS61 -> 0 | AT63: =AT33-AT61 -> 0 | AU63: =AU33-AU61 -> 0 | AV63: =AV33-AV61 -> 0 | AW63: =AW33-AW61 -> 0 | AX63: =AX33-AX61 -> 0 | AY63: =AY33-AY61 -> 0 | ... BC63: =BC33-BC61 -> 0 | BD63: =SUM(AR63:BC63) -> 0 | BE63: =BE33-BE61 -> 0 | BF63: =BF33-BF61 -> 0 | BG63: =BG33-BG61 -> 0 | BH63: =BH33-BH61 -> 0 | BI63: =BI33-BI61 -> 0 | BJ63: =BJ33-BJ61 -> 0 | BK63: =BK33-BK61 -> 0 | BL63: =BL33-BL61 -> 0 | ... BP63: =BP33-BP61 -> 0 | BQ63: =SUM(BE63:BP63) -> 0 | BS63: 1 | BU63: =BU33-BU61 -> 0 | BV63: Gross Profit | BW63: =BW33-BW61 -> 0 | BX63: =BX33-BX61 -> 0 | BY63: =BY33-BY61 -> 0 | BZ63: =BZ33-BZ61 -> 0 | CA63: =CA33-CA61 -> 0 | CB63: =CB33-CB61 -> 0 | CC63: =CC33-CC61 -> 0 | CD63: =CD33-CD61 -> 0 | ... CP63: =CP33-CP61 -> 0
E64: =IF(AND(E$33<>0,,E63>0),E63/E$33,"") | F64: =IF(AND(F$33<>0,,F63>0),F63/F$33,"") | G64: =IF(AND(G$33<>0,,G63>0),G63/G$33,"") | H64: =IF(AND(H$33<>0,,H63>0),H63/H$33,"") | I64: =IF(AND(I$33<>0,,I63>0),I63/I$33,"") | J64: =IF(AND(J$33<>0,,J63>0),J63/J$33,"") | K64: =IF(AND(K$33<>0,,K63>0),K63/K$33,"") | L64: =IF(AND(L$33<>0,,L63>0),L63/L$33,"") | ... BQ64: =IF(AND(BQ$33<>0,,BQ63>0),BQ63/BQ$33,"") | BS64: 1 | BU64: =IF(BU33<>0,BU63/BU33,"") | BW64: =IF(AND(BW$33<>0,BW63/BW$33>0,BW63>0),BW63/BW$33,"") -> #DIV/0! | BX64: =IF(AND(BX$33<>0,BX63/BX$33>0,BX63>0),BX63/BX$33,"") -> #DIV/0! | BY64: =IF(AND(BY$33<>0,BY63/BY$33>0,BY63>0),BY63/BY$33,"") -> #DIV/0! | BZ64: =IF(AND(BZ$33<>0,BZ63/BZ$33>0,BZ63>0),BZ63/BZ$33,"") -> #DIV/0! | CA64: =IF(AND(CA$33<>0,CA63/CA$33>0,CA63>0),CA63/CA$33,"") -> #DIV/0! | CB64: =IF(AND(CB$33<>0,CB63/CB$33>0,CB63>0),CB63/CB$33,"") -> #DIV/0! | CC64: =IF(AND(CC$33<>0,CC63/CC$33>0,CC63>0),CC63/CC$33,"") -> #DIV/0! | CD64: =IF(AND(CD$33<>0,CD63/CD$33>0,CD63>0),CD63/CD$33,"") -> #DIV/0! | ... CP64: =IF(AND(CP$33<>0,CP63/CP$33>0,CP63>0),CP63/CP$33,"") -> #DIV/0!
D65: =IF(Infrastructure!AN28=Infrastructure!AO28,"Sales & Marketing Expenses","Sales & Marketing - Rows with Hidden Values") -> Sales & Marketing Expenses | BS65: 1 | BV65: Sales & Marketing Expenses
D66: Commissions | E66: =Calcs!L203 -> 0 | F66: =Calcs!M203 -> 0 | G66: =Calcs!N203 -> 0 | H66: =Calcs!O203 -> 0 | I66: =Calcs!P203 -> 0 | J66: =Calcs!Q203 -> 0 | K66: =Calcs!R203 -> 0 | L66: =Calcs!S203 -> 0 | ... P66: =Calcs!W203 -> 0 | Q66: =SUM(E66:P66) -> 0 | R66: =Calcs!X203 -> 0 | S66: =Calcs!Y203 -> 0 | T66: =Calcs!Z203 -> 0 | U66: =Calcs!AA203 -> 0 | V66: =Calcs!AB203 -> 0 | W66: =Calcs!AC203 -> 0 | X66: =Calcs!AD203 -> 0 | Y66: =Calcs!AE203 -> 0 | ... AC66: =Calcs!AI203 -> 0 | AD66: =SUM(R66:AC66) -> 0 | AE66: =Calcs!AJ203 -> 0 | AF66: =Calcs!AK203 -> 0 | AG66: =Calcs!AL203 -> 0 | AH66: =Calcs!AM203 -> 0 | AI66: =Calcs!AN203 -> 0 | AJ66: =Calcs!AO203 -> 0 | AK66: =Calcs!AP203 -> 0 | AL66: =Calcs!AQ203 -> 0 | ... AP66: =Calcs!AU203 -> 0 | AQ66: =SUM(AE66:AP66) -> 0 | AR66: =Calcs!AV203 -> 0 | AS66: =Calcs!AW203 -> 0 | AT66: =Calcs!AX203 -> 0 | AU66: =Calcs!AY203 -> 0 | AV66: =Calcs!AZ203 -> 0 | AW66: =Calcs!BA203 -> 0 | AX66: =Calcs!BB203 -> 0 | AY66: =Calcs!BC203 -> 0 | ... BC66: =Calcs!BG203 -> 0 | BD66: =SUM(AR66:BC66) | BE66: =Calcs!BI203 -> 0 | BF66: =Calcs!BJ203 -> 0 | BG66: =Calcs!BK203 -> 0 | BH66: =Calcs!BL203 -> 0 | BI66: =Calcs!BM203 -> 0 | BJ66: =Calcs!BN203 -> 0 | BK66: =Calcs!BO203 -> 0 | BL66: =Calcs!BP203 -> 0 | ... BP66: =Calcs!BT203 -> 0 | BQ66: =SUM(BE66:BP66) -> 0 | BS66: =SUM(BQ66,BD66,AQ66,AD66,Q66) -> 0 | BU66: =SUM(BQ66,BD66,AQ66,AD66,Q66)
D67: Royalties | E67: =Calcs!L204 -> 0 | F67: =Calcs!M204 -> 0 | G67: =Calcs!N204 -> 0 | H67: =Calcs!O204 -> 0 | I67: =Calcs!P204 -> 0 | J67: =Calcs!Q204 -> 0 | K67: =Calcs!R204 -> 0 | L67: =Calcs!S204 -> 0 | ... P67: =Calcs!W204 -> 0 | Q67: =SUM(E67:P67) -> 0 | R67: =Calcs!X204 -> 0 | S67: =Calcs!Y204 -> 0 | T67: =Calcs!Z204 -> 0 | U67: =Calcs!AA204 -> 0 | V67: =Calcs!AB204 -> 0 | W67: =Calcs!AC204 -> 0 | X67: =Calcs!AD204 -> 0 | Y67: =Calcs!AE204 -> 0 | ... AC67: =Calcs!AI204 -> 0 | AD67: =SUM(R67:AC67) -> 0 | AE67: =Calcs!AJ204 -> 0 | AF67: =Calcs!AK204 -> 0 | AG67: =Calcs!AL204 -> 0 | AH67: =Calcs!AM204 -> 0 | AI67: =Calcs!AN204 -> 0 | AJ67: =Calcs!AO204 -> 0 | AK67: =Calcs!AP204 -> 0 | AL67: =Calcs!AQ204 -> 0 | ... AP67: =Calcs!AU204 -> 0 | AQ67: =SUM(AE67:AP67) -> 0 | AR67: =Calcs!AV204 -> 0 | AS67: =Calcs!AW204 -> 0 | AT67: =Calcs!AX204 -> 0 | AU67: =Calcs!AY204 -> 0 | AV67: =Calcs!AZ204 -> 0 | AW67: =Calcs!BA204 -> 0 | AX67: =Calcs!BB204 -> 0 | AY67: =Calcs!BC204 -> 0 | ... BC67: =Calcs!BG204 -> 0 | BD67: =SUM(AR67:BC67) | BE67: =Calcs!BI204 -> 0 | BF67: =Calcs!BJ204 -> 0 | BG67: =Calcs!BK204 -> 0 | BH67: =Calcs!BL204 -> 0 | BI67: =Calcs!BM204 -> 0 | BJ67: =Calcs!BN204 -> 0 | BK67: =Calcs!BO204 -> 0 | BL67: =Calcs!BP204 -> 0 | ... BP67: =Calcs!BT204 -> 0 | BQ67: =SUM(BE67:BP67) -> 0 | BS67: =SUM(BQ67,BD67,AQ67,AD67,Q67) -> 0 | BU67: =SUM(BQ67,BD67,AQ67,AD67,Q67)
D68: =IF(Calcs!CE404="","TBD",Calcs!CE404) -> TBD | E68: =Calcs!CF404 -> 0 | F68: =Calcs!CG404 -> 0 | G68: =Calcs!CH404 -> 0 | H68: =Calcs!CI404 -> 0 | I68: =Calcs!CJ404 -> 0 | J68: =Calcs!CK404 -> 0 | K68: =Calcs!CL404 -> 0 | L68: =Calcs!CM404 -> 0 | ... P68: =Calcs!CQ404 -> 0 | Q68: =SUM(E68:P68) -> 0 | R68: =Calcs!CR404 -> 0 | S68: =Calcs!CS404 -> 0 | T68: =Calcs!CT404 -> 0 | U68: =Calcs!CU404 -> 0 | V68: =Calcs!CV404 -> 0 | W68: =Calcs!CW404 -> 0 | X68: =Calcs!CX404 -> 0 | Y68: =Calcs!CY404 -> 0 | ... AC68: =Calcs!DC404 -> 0 | AD68: =SUM(R68:AC68) -> 0 | AE68: =Calcs!DD404 -> 0 | AF68: =Calcs!DE404 -> 0 | AG68: =Calcs!DF404 -> 0 | AH68: =Calcs!DG404 -> 0 | AI68: =Calcs!DH404 -> 0 | AJ68: =Calcs!DI404 -> 0 | AK68: =Calcs!DJ404 -> 0 | AL68: =Calcs!DK404 -> 0 | ... AP68: =Calcs!DO404 -> 0 | AQ68: =SUM(AE68:AP68) -> 0 | AR68: =Calcs!DP404 -> 0 | AS68: =Calcs!DQ404 -> 0 | AT68: =Calcs!DR404 -> 0 | AU68: =Calcs!DS404 -> 0 | AV68: =Calcs!DT404 -> 0 | AW68: =Calcs!DU404 -> 0 | AX68: =Calcs!DV404 -> 0 | AY68: =Calcs!DW404 -> 0 | ... BC68: =Calcs!EA404 -> 0 | BD68: =SUM(AR68:BC68) -> 0 | BE68: =Calcs!EB404 -> 0 | BF68: =Calcs!EC404 -> 0 | BG68: =Calcs!ED404 -> 0 | BH68: =Calcs!EE404 -> 0 | BI68: =Calcs!EF404 -> 0 | BJ68: =Calcs!EG404 -> 0 | BK68: =Calcs!EH404 -> 0 | BL68: =Calcs!EI404 -> 0 | ... BP68: =Calcs!EM404 -> 0 | BQ68: =SUM(BE68:BP68) -> 0 | BS68: =SUM(BQ68,BD68,AQ68,AD68,Q68) -> 0 | BU68: =SUM(BQ68,BD68,AQ68,AD68,Q68) | BV68: =Input!D167 -> 0 | BW68: =SUM(Financials!E68:'Financials'!G68) -> 0 | BX68: =SUM(Financials!H68:'Financials'!J68) -> 0 | BY68: =SUM(Financials!K68:'Financials'!M68) -> 0 | BZ68: =SUM(Financials!N68:'Financials'!P68) -> 0 | CA68: =SUM(Financials!R68:'Financials'!T68) -> 0 | CB68: =SUM(Financials!U68:'Financials'!W68) -> 0 | CC68: =SUM(Financials!X68:'Financials'!Z68) -> 0 | CD68: =SUM(Financials!AA68:'Financials'!AC68) -> 0 | CE68: =SUM(Financials!AE68:'Financials'!AG68) -> 0 | CF68: =SUM(Financials!AH68:'Financials'!AJ68) -> 0 | CG68: =SUM(Financials!AK68:'Financials'!AM68) -> 0 | CH68: =SUM(Financials!AN68:'Financials'!AP68) -> 0 | CI68: =SUM(Financials!AR68:'Financials'!AT68) -> 0 | CJ68: =SUM(Financials!AU68:'Financials'!AW68) -> 0 | CK68: =SUM(Financials!AX68:'Financials'!AZ68) -> 0 | CL68: =SUM(Financials!BA68:'Financials'!BC68) -> 0 | CM68: =SUM(Financials!BE68:'Financials'!BG68) -> 0 | CN68: =SUM(Financials!BH68:'Financials'!BJ68) -> 0 | CO68: =SUM(Financials!BK68:'Financials'!BM68) -> 0 | CP68: =SUM(Financials!BN68:'Financials'!BP68) -> 0
D69: =IF(Calcs!CE405="","TBD",Calcs!CE405) -> TBD | E69: =Calcs!CF405 -> 0 | F69: =Calcs!CG405 -> 0 | G69: =Calcs!CH405 -> 0 | H69: =Calcs!CI405 -> 0 | I69: =Calcs!CJ405 -> 0 | J69: =Calcs!CK405 -> 0 | K69: =Calcs!CL405 -> 0 | L69: =Calcs!CM405 -> 0 | ... P69: =Calcs!CQ405 -> 0 | Q69: =SUM(E69:P69) -> 0 | R69: =Calcs!CR405 -> 0 | S69: =Calcs!CS405 -> 0 | T69: =Calcs!CT405 -> 0 | U69: =Calcs!CU405 -> 0 | V69: =Calcs!CV405 -> 0 | W69: =Calcs!CW405 -> 0 | X69: =Calcs!CX405 -> 0 | Y69: =Calcs!CY405 -> 0 | ... AC69: =Calcs!DC405 -> 0 | AD69: =SUM(R69:AC69) -> 0 | AE69: =Calcs!DD405 -> 0 | AF69: =Calcs!DE405 -> 0 | AG69: =Calcs!DF405 -> 0 | AH69: =Calcs!DG405 -> 0 | AI69: =Calcs!DH405 -> 0 | AJ69: =Calcs!DI405 -> 0 | AK69: =Calcs!DJ405 -> 0 | AL69: =Calcs!DK405 -> 0 | ... AP69: =Calcs!DO405 -> 0 | AQ69: =SUM(AE69:AP69) -> 0 | AR69: =Calcs!DP405 -> 0 | AS69: =Calcs!DQ405 -> 0 | AT69: =Calcs!DR405 -> 0 | AU69: =Calcs!DS405 -> 0 | AV69: =Calcs!DT405 -> 0 | AW69: =Calcs!DU405 -> 0 | AX69: =Calcs!DV405 -> 0 | AY69: =Calcs!DW405 -> 0 | ... BC69: =Calcs!EA405 -> 0 | BD69: =SUM(AR69:BC69) -> 0 | BE69: =Calcs!EB405 -> 0 | BF69: =Calcs!EC405 -> 0 | BG69: =Calcs!ED405 -> 0 | BH69: =Calcs!EE405 -> 0 | BI69: =Calcs!EF405 -> 0 | BJ69: =Calcs!EG405 -> 0 | BK69: =Calcs!EH405 -> 0 | BL69: =Calcs!EI405 -> 0 | ... BP69: =Calcs!EM405 -> 0 | BQ69: =SUM(BE69:BP69) -> 0 | BS69: =SUM(BQ69,BD69,AQ69,AD69,Q69) -> 0 | BU69: =SUM(BQ69,BD69,AQ69,AD69,Q69) | BV69: =Input!D168 -> 0 | BW69: =SUM(Financials!E69:'Financials'!G69) -> 0 | BX69: =SUM(Financials!H69:'Financials'!J69) -> 0 | BY69: =SUM(Financials!K69:'Financials'!M69) -> 0 | BZ69: =SUM(Financials!N69:'Financials'!P69) -> 0 | CA69: =SUM(Financials!R69:'Financials'!T69) -> 0 | CB69: =SUM(Financials!U69:'Financials'!W69) -> 0 | CC69: =SUM(Financials!X69:'Financials'!Z69) -> 0 | CD69: =SUM(Financials!AA69:'Financials'!AC69) -> 0 | CE69: =SUM(Financials!AE69:'Financials'!AG69) -> 0 | CF69: =SUM(Financials!AH69:'Financials'!AJ69) -> 0 | CG69: =SUM(Financials!AK69:'Financials'!AM69) -> 0 | CH69: =SUM(Financials!AN69:'Financials'!AP69) -> 0 | CI69: =SUM(Financials!AR69:'Financials'!AT69) -> 0 | CJ69: =SUM(Financials!AU69:'Financials'!AW69) -> 0 | CK69: =SUM(Financials!AX69:'Financials'!AZ69) -> 0 | CL69: =SUM(Financials!BA69:'Financials'!BC69) -> 0 | CM69: =SUM(Financials!BE69:'Financials'!BG69) -> 0 | CN69: =SUM(Financials!BH69:'Financials'!BJ69) -> 0 | CO69: =SUM(Financials!BK69:'Financials'!BM69) -> 0 | CP69: =SUM(Financials!BN69:'Financials'!BP69) -> 0
D70: =IF(Calcs!CE406="","TBD",Calcs!CE406) -> TBD | E70: =Calcs!CF406 -> 0 | F70: =Calcs!CG406 -> 0 | G70: =Calcs!CH406 -> 0 | H70: =Calcs!CI406 -> 0 | I70: =Calcs!CJ406 -> 0 | J70: =Calcs!CK406 -> 0 | K70: =Calcs!CL406 -> 0 | L70: =Calcs!CM406 -> 0 | ... P70: =Calcs!CQ406 -> 0 | Q70: =SUM(E70:P70) -> 0 | R70: =Calcs!CR406 -> 0 | S70: =Calcs!CS406 -> 0 | T70: =Calcs!CT406 -> 0 | U70: =Calcs!CU406 -> 0 | V70: =Calcs!CV406 -> 0 | W70: =Calcs!CW406 -> 0 | X70: =Calcs!CX406 -> 0 | Y70: =Calcs!CY406 -> 0 | ... AC70: =Calcs!DC406 -> 0 | AD70: =SUM(R70:AC70) -> 0 | AE70: =Calcs!DD406 -> 0 | AF70: =Calcs!DE406 -> 0 | AG70: =Calcs!DF406 -> 0 | AH70: =Calcs!DG406 -> 0 | AI70: =Calcs!DH406 -> 0 | AJ70: =Calcs!DI406 -> 0 | AK70: =Calcs!DJ406 -> 0 | AL70: =Calcs!DK406 -> 0 | ... AP70: =Calcs!DO406 -> 0 | AQ70: =SUM(AE70:AP70) -> 0 | AR70: =Calcs!DP406 -> 0 | AS70: =Calcs!DQ406 -> 0 | AT70: =Calcs!DR406 -> 0 | AU70: =Calcs!DS406 -> 0 | AV70: =Calcs!DT406 -> 0 | AW70: =Calcs!DU406 -> 0 | AX70: =Calcs!DV406 -> 0 | AY70: =Calcs!DW406 -> 0 | ... BC70: =Calcs!EA406 -> 0 | BD70: =SUM(AR70:BC70) -> 0 | BE70: =Calcs!EB406 -> 0 | BF70: =Calcs!EC406 -> 0 | BG70: =Calcs!ED406 -> 0 | BH70: =Calcs!EE406 -> 0 | BI70: =Calcs!EF406 -> 0 | BJ70: =Calcs!EG406 -> 0 | BK70: =Calcs!EH406 -> 0 | BL70: =Calcs!EI406 -> 0 | ... BP70: =Calcs!EM406 -> 0 | BQ70: =SUM(BE70:BP70) -> 0 | BS70: =SUM(BQ70,BD70,AQ70,AD70,Q70) -> 0 | BU70: =SUM(BQ70,BD70,AQ70,AD70,Q70) | BV70: =Input!D169 -> 0 | BW70: =SUM(Financials!E70:'Financials'!G70) -> 0 | BX70: =SUM(Financials!H70:'Financials'!J70) -> 0 | BY70: =SUM(Financials!K70:'Financials'!M70) -> 0 | BZ70: =SUM(Financials!N70:'Financials'!P70) -> 0 | CA70: =SUM(Financials!R70:'Financials'!T70) -> 0 | CB70: =SUM(Financials!U70:'Financials'!W70) -> 0 | CC70: =SUM(Financials!X70:'Financials'!Z70) -> 0 | CD70: =SUM(Financials!AA70:'Financials'!AC70) -> 0 | CE70: =SUM(Financials!AE70:'Financials'!AG70) -> 0 | CF70: =SUM(Financials!AH70:'Financials'!AJ70) -> 0 | CG70: =SUM(Financials!AK70:'Financials'!AM70) -> 0 | CH70: =SUM(Financials!AN70:'Financials'!AP70) -> 0 | CI70: =SUM(Financials!AR70:'Financials'!AT70) -> 0 | CJ70: =SUM(Financials!AU70:'Financials'!AW70) -> 0 | CK70: =SUM(Financials!AX70:'Financials'!AZ70) -> 0 | CL70: =SUM(Financials!BA70:'Financials'!BC70) -> 0 | CM70: =SUM(Financials!BE70:'Financials'!BG70) -> 0 | CN70: =SUM(Financials!BH70:'Financials'!BJ70) -> 0 | CO70: =SUM(Financials!BK70:'Financials'!BM70) -> 0 | CP70: =SUM(Financials!BN70:'Financials'!BP70) -> 0
D71: =IF(Calcs!CE407="","TBD",Calcs!CE407) -> TBD | E71: =Calcs!CF407 -> 0 | F71: =Calcs!CG407 -> 0 | G71: =Calcs!CH407 -> 0 | H71: =Calcs!CI407 -> 0 | I71: =Calcs!CJ407 -> 0 | J71: =Calcs!CK407 -> 0 | K71: =Calcs!CL407 -> 0 | L71: =Calcs!CM407 -> 0 | ... P71: =Calcs!CQ407 -> 0 | Q71: =SUM(E71:P71) -> 0 | R71: =Calcs!CR407 -> 0 | S71: =Calcs!CS407 -> 0 | T71: =Calcs!CT407 -> 0 | U71: =Calcs!CU407 -> 0 | V71: =Calcs!CV407 -> 0 | W71: =Calcs!CW407 -> 0 | X71: =Calcs!CX407 -> 0 | Y71: =Calcs!CY407 -> 0 | ... AC71: =Calcs!DC407 -> 0 | AD71: =SUM(R71:AC71) -> 0 | AE71: =Calcs!DD407 -> 0 | AF71: =Calcs!DE407 -> 0 | AG71: =Calcs!DF407 -> 0 | AH71: =Calcs!DG407 -> 0 | AI71: =Calcs!DH407 -> 0 | AJ71: =Calcs!DI407 -> 0 | AK71: =Calcs!DJ407 -> 0 | AL71: =Calcs!DK407 -> 0 | ... AP71: =Calcs!DO407 -> 0 | AQ71: =SUM(AE71:AP71) -> 0 | AR71: =Calcs!DP407 -> 0 | AS71: =Calcs!DQ407 -> 0 | AT71: =Calcs!DR407 -> 0 | AU71: =Calcs!DS407 -> 0 | AV71: =Calcs!DT407 -> 0 | AW71: =Calcs!DU407 -> 0 | AX71: =Calcs!DV407 -> 0 | AY71: =Calcs!DW407 -> 0 | ... BC71: =Calcs!EA407 -> 0 | BD71: =SUM(AR71:BC71) -> 0 | BE71: =Calcs!EB407 -> 0 | BF71: =Calcs!EC407 -> 0 | BG71: =Calcs!ED407 -> 0 | BH71: =Calcs!EE407 -> 0 | BI71: =Calcs!EF407 -> 0 | BJ71: =Calcs!EG407 -> 0 | BK71: =Calcs!EH407 -> 0 | BL71: =Calcs!EI407 -> 0 | ... BP71: =Calcs!EM407 -> 0 | BQ71: =SUM(BE71:BP71) -> 0 | BS71: =SUM(BQ71,BD71,AQ71,AD71,Q71) -> 0 | BU71: =SUM(BQ71,BD71,AQ71,AD71,Q71) | BV71: =Input!D170 -> 0 | BW71: =SUM(Financials!E71:'Financials'!G71) -> 0 | BX71: =SUM(Financials!H71:'Financials'!J71) -> 0 | BY71: =SUM(Financials!K71:'Financials'!M71) -> 0 | BZ71: =SUM(Financials!N71:'Financials'!P71) -> 0 | CA71: =SUM(Financials!R71:'Financials'!T71) -> 0 | CB71: =SUM(Financials!U71:'Financials'!W71) -> 0 | CC71: =SUM(Financials!X71:'Financials'!Z71) -> 0 | CD71: =SUM(Financials!AA71:'Financials'!AC71) -> 0 | CE71: =SUM(Financials!AE71:'Financials'!AG71) -> 0 | CF71: =SUM(Financials!AH71:'Financials'!AJ71) -> 0 | CG71: =SUM(Financials!AK71:'Financials'!AM71) -> 0 | CH71: =SUM(Financials!AN71:'Financials'!AP71) -> 0 | CI71: =SUM(Financials!AR71:'Financials'!AT71) -> 0 | CJ71: =SUM(Financials!AU71:'Financials'!AW71) -> 0 | CK71: =SUM(Financials!AX71:'Financials'!AZ71) -> 0 | CL71: =SUM(Financials!BA71:'Financials'!BC71) -> 0 | CM71: =SUM(Financials!BE71:'Financials'!BG71) -> 0 | CN71: =SUM(Financials!BH71:'Financials'!BJ71) -> 0 | CO71: =SUM(Financials!BK71:'Financials'!BM71) -> 0 | CP71: =SUM(Financials!BN71:'Financials'!BP71) -> 0
D72: =IF(Calcs!CE408="","TBD",Calcs!CE408) -> TBD | E72: =Calcs!CF408 -> 0 | F72: =Calcs!CG408 -> 0 | G72: =Calcs!CH408 -> 0 | H72: =Calcs!CI408 -> 0 | I72: =Calcs!CJ408 -> 0 | J72: =Calcs!CK408 -> 0 | K72: =Calcs!CL408 -> 0 | L72: =Calcs!CM408 -> 0 | ... P72: =Calcs!CQ408 -> 0 | Q72: =SUM(E72:P72) -> 0 | R72: =Calcs!CR408 -> 0 | S72: =Calcs!CS408 -> 0 | T72: =Calcs!CT408 -> 0 | U72: =Calcs!CU408 -> 0 | V72: =Calcs!CV408 -> 0 | W72: =Calcs!CW408 -> 0 | X72: =Calcs!CX408 -> 0 | Y72: =Calcs!CY408 -> 0 | ... AC72: =Calcs!DC408 -> 0 | AD72: =SUM(R72:AC72) -> 0 | AE72: =Calcs!DD408 -> 0 | AF72: =Calcs!DE408 -> 0 | AG72: =Calcs!DF408 -> 0 | AH72: =Calcs!DG408 -> 0 | AI72: =Calcs!DH408 -> 0 | AJ72: =Calcs!DI408 -> 0 | AK72: =Calcs!DJ408 -> 0 | AL72: =Calcs!DK408 -> 0 | ... AP72: =Calcs!DO408 -> 0 | AQ72: =SUM(AE72:AP72) -> 0 | AR72: =Calcs!DP408 -> 0 | AS72: =Calcs!DQ408 -> 0 | AT72: =Calcs!DR408 -> 0 | AU72: =Calcs!DS408 -> 0 | AV72: =Calcs!DT408 -> 0 | AW72: =Calcs!DU408 -> 0 | AX72: =Calcs!DV408 -> 0 | AY72: =Calcs!DW408 -> 0 | ... BC72: =Calcs!EA408 -> 0 | BD72: =SUM(AR72:BC72) -> 0 | BE72: =Calcs!EB408 -> 0 | BF72: =Calcs!EC408 -> 0 | BG72: =Calcs!ED408 -> 0 | BH72: =Calcs!EE408 -> 0 | BI72: =Calcs!EF408 -> 0 | BJ72: =Calcs!EG408 -> 0 | BK72: =Calcs!EH408 -> 0 | BL72: =Calcs!EI408 -> 0 | ... BP72: =Calcs!EM408 -> 0 | BQ72: =SUM(BE72:BP72) -> 0 | BS72: =SUM(BQ72,BD72,AQ72,AD72,Q72) -> 0 | BU72: =SUM(BQ72,BD72,AQ72,AD72,Q72) | BV72: =Input!D171 -> 0 | BW72: =SUM(Financials!E72:'Financials'!G72) -> 0 | BX72: =SUM(Financials!H72:'Financials'!J72) -> 0 | BY72: =SUM(Financials!E72:'Financials'!F72) -> 0 | BZ72: =SUM(Financials!G72:'Financials'!I72) -> 0 | CA72: =SUM(Financials!R72:'Financials'!T72) -> 0 | CB72: =SUM(Financials!U72:'Financials'!W72) -> 0 | CC72: =SUM(Financials!X72:'Financials'!Z72) -> 0 | CD72: =SUM(Financials!AA72:'Financials'!AC72) -> 0 | CE72: =SUM(Financials!AE72:'Financials'!AG72) -> 0 | CF72: =SUM(Financials!AH72:'Financials'!AJ72) -> 0 | CG72: =SUM(Financials!AK72:'Financials'!AM72) -> 0 | CH72: =SUM(Financials!AN72:'Financials'!AP72) -> 0 | CI72: =SUM(Financials!AR72:'Financials'!AT72) -> 0 | CJ72: =SUM(Financials!AU72:'Financials'!AW72) -> 0 | CK72: =SUM(Financials!AX72:'Financials'!AZ72) -> 0 | CL72: =SUM(Financials!BA72:'Financials'!BC72) -> 0 | CM72: =SUM(Financials!BE72:'Financials'!BG72) -> 0 | CN72: =SUM(Financials!BH72:'Financials'!BJ72) -> 0 | CO72: =SUM(Financials!BK72:'Financials'!BM72) -> 0 | CP72: =SUM(Financials!BN72:'Financials'!BP72) -> 0
D73: =IF(Calcs!CE409="","TBD",Calcs!CE409) -> TBD | E73: =Calcs!CF409 -> 0 | F73: =Calcs!CG409 -> 0 | G73: =Calcs!CH409 -> 0 | H73: =Calcs!CI409 -> 0 | I73: =Calcs!CJ409 -> 0 | J73: =Calcs!CK409 -> 0 | K73: =Calcs!CL409 -> 0 | L73: =Calcs!CM409 -> 0 | ... P73: =Calcs!CQ409 -> 0 | Q73: =SUM(E73:P73) -> 0 | R73: =Calcs!CR409 -> 0 | S73: =Calcs!CS409 -> 0 | T73: =Calcs!CT409 -> 0 | U73: =Calcs!CU409 -> 0 | V73: =Calcs!CV409 -> 0 | W73: =Calcs!CW409 -> 0 | X73: =Calcs!CX409 -> 0 | Y73: =Calcs!CY409 -> 0 | ... AC73: =Calcs!DC409 -> 0 | AD73: =SUM(R73:AC73) -> 0 | AE73: =Calcs!DD409 -> 0 | AF73: =Calcs!DE409 -> 0 | AG73: =Calcs!DF409 -> 0 | AH73: =Calcs!DG409 -> 0 | AI73: =Calcs!DH409 -> 0 | AJ73: =Calcs!DI409 -> 0 | AK73: =Calcs!DJ409 -> 0 | AL73: =Calcs!DK409 -> 0 | ... AP73: =Calcs!DO409 -> 0 | AQ73: =SUM(AE73:AP73) -> 0 | AR73: =Calcs!DP409 -> 0 | AS73: =Calcs!DQ409 -> 0 | AT73: =Calcs!DR409 -> 0 | AU73: =Calcs!DS409 -> 0 | AV73: =Calcs!DT409 -> 0 | AW73: =Calcs!DU409 -> 0 | AX73: =Calcs!DV409 -> 0 | AY73: =Calcs!DW409 -> 0 | ... BC73: =Calcs!EA409 -> 0 | BD73: =SUM(AR73:BC73) -> 0 | BE73: =Calcs!EB409 -> 0 | BF73: =Calcs!EC409 -> 0 | BG73: =Calcs!ED409 -> 0 | BH73: =Calcs!EE409 -> 0 | BI73: =Calcs!EF409 -> 0 | BJ73: =Calcs!EG409 -> 0 | BK73: =Calcs!EH409 -> 0 | BL73: =Calcs!EI409 -> 0 | ... BP73: =Calcs!EM409 -> 0 | BQ73: =SUM(BE73:BP73) -> 0 | BS73: =SUM(BQ73,BD73,AQ73,AD73,Q73) -> 0 | BU73: =SUM(BQ73,BD73,AQ73,AD73,Q73) | BV73: =Input!D172 -> 0 | BW73: =SUM(Financials!E73:'Financials'!G73) -> 0 | BX73: =SUM(Financials!H73:'Financials'!J73) -> 0 | BY73: =SUM(Financials!E73:'Financials'!F73) -> 0 | BZ73: =SUM(Financials!G73:'Financials'!I73) -> 0 | CA73: =SUM(Financials!R73:'Financials'!T73) -> 0 | CB73: =SUM(Financials!U73:'Financials'!W73) -> 0 | CC73: =SUM(Financials!X73:'Financials'!Z73) -> 0 | CD73: =SUM(Financials!AA73:'Financials'!AC73) -> 0 | CE73: =SUM(Financials!AE73:'Financials'!AG73) -> 0 | CF73: =SUM(Financials!AH73:'Financials'!AJ73) -> 0 | CG73: =SUM(Financials!AK73:'Financials'!AM73) -> 0 | CH73: =SUM(Financials!AN73:'Financials'!AP73) -> 0 | CI73: =SUM(Financials!AR73:'Financials'!AT73) -> 0 | CJ73: =SUM(Financials!AU73:'Financials'!AW73) -> 0 | CK73: =SUM(Financials!AX73:'Financials'!AZ73) -> 0 | CL73: =SUM(Financials!BA73:'Financials'!BC73) -> 0 | CM73: =SUM(Financials!BE73:'Financials'!BG73) -> 0 | CN73: =SUM(Financials!BH73:'Financials'!BJ73) -> 0 | CO73: =SUM(Financials!BK73:'Financials'!BM73) -> 0 | CP73: =SUM(Financials!BN73:'Financials'!BP73) -> 0
D74: =IF(Calcs!CE410="","TBD",Calcs!CE410) -> TBD | E74: =Calcs!CF410 -> 0 | F74: =Calcs!CG410 -> 0 | G74: =Calcs!CH410 -> 0 | H74: =Calcs!CI410 -> 0 | I74: =Calcs!CJ410 -> 0 | J74: =Calcs!CK410 -> 0 | K74: =Calcs!CL410 -> 0 | L74: =Calcs!CM410 -> 0 | ... P74: =Calcs!CQ410 -> 0 | Q74: =SUM(E74:P74) -> 0 | R74: =Calcs!CR410 -> 0 | S74: =Calcs!CS410 -> 0 | T74: =Calcs!CT410 -> 0 | U74: =Calcs!CU410 -> 0 | V74: =Calcs!CV410 -> 0 | W74: =Calcs!CW410 -> 0 | X74: =Calcs!CX410 -> 0 | Y74: =Calcs!CY410 -> 0 | ... AC74: =Calcs!DC410 -> 0 | AD74: =SUM(R74:AC74) -> 0 | AE74: =Calcs!DD410 -> 0 | AF74: =Calcs!DE410 -> 0 | AG74: =Calcs!DF410 -> 0 | AH74: =Calcs!DG410 -> 0 | AI74: =Calcs!DH410 -> 0 | AJ74: =Calcs!DI410 -> 0 | AK74: =Calcs!DJ410 -> 0 | AL74: =Calcs!DK410 -> 0 | ... AP74: =Calcs!DO410 -> 0 | AQ74: =SUM(AE74:AP74) -> 0 | AR74: =Calcs!DP410 -> 0 | AS74: =Calcs!DQ410 -> 0 | AT74: =Calcs!DR410 -> 0 | AU74: =Calcs!DS410 -> 0 | AV74: =Calcs!DT410 -> 0 | AW74: =Calcs!DU410 -> 0 | AX74: =Calcs!DV410 -> 0 | AY74: =Calcs!DW410 -> 0 | ... BC74: =Calcs!EA410 -> 0 | BD74: =SUM(AR74:BC74) -> 0 | BE74: =Calcs!EB410 -> 0 | BF74: =Calcs!EC410 -> 0 | BG74: =Calcs!ED410 -> 0 | BH74: =Calcs!EE410 -> 0 | BI74: =Calcs!EF410 -> 0 | BJ74: =Calcs!EG410 -> 0 | BK74: =Calcs!EH410 -> 0 | BL74: =Calcs!EI410 -> 0 | ... BP74: =Calcs!EM410 -> 0 | BQ74: =SUM(BE74:BP74) -> 0 | BS74: =SUM(BQ74,BD74,AQ74,AD74,Q74) -> 0 | BU74: =SUM(BQ74,BD74,AQ74,AD74,Q74) | BV74: =Input!D173 -> 0 | BW74: =SUM(Financials!E74:'Financials'!G74) -> 0 | BX74: =SUM(Financials!H74:'Financials'!J74) -> 0 | BY74: =SUM(Financials!E74:'Financials'!F74) -> 0 | BZ74: =SUM(Financials!G74:'Financials'!I74) -> 0 | CA74: =SUM(Financials!R74:'Financials'!T74) -> 0 | CB74: =SUM(Financials!U74:'Financials'!W74) -> 0 | CC74: =SUM(Financials!X74:'Financials'!Z74) -> 0 | CD74: =SUM(Financials!AA74:'Financials'!AC74) -> 0 | CE74: =SUM(Financials!AE74:'Financials'!AG74) -> 0 | CF74: =SUM(Financials!AH74:'Financials'!AJ74) -> 0 | CG74: =SUM(Financials!AK74:'Financials'!AM74) -> 0 | CH74: =SUM(Financials!AN74:'Financials'!AP74) -> 0 | CI74: =SUM(Financials!AR74:'Financials'!AT74) -> 0 | CJ74: =SUM(Financials!AU74:'Financials'!AW74) -> 0 | CK74: =SUM(Financials!AX74:'Financials'!AZ74) -> 0 | CL74: =SUM(Financials!BA74:'Financials'!BC74) -> 0 | CM74: =SUM(Financials!BE74:'Financials'!BG74) -> 0 | CN74: =SUM(Financials!BH74:'Financials'!BJ74) -> 0 | CO74: =SUM(Financials!BK74:'Financials'!BM74) -> 0 | CP74: =SUM(Financials!BN74:'Financials'!BP74) -> 0
D75: =IF(Calcs!CE411="","TBD",Calcs!CE411) -> TBD | E75: =Calcs!CF411 -> 0 | F75: =Calcs!CG411 -> 0 | G75: =Calcs!CH411 -> 0 | H75: =Calcs!CI411 -> 0 | I75: =Calcs!CJ411 -> 0 | J75: =Calcs!CK411 -> 0 | K75: =Calcs!CL411 -> 0 | L75: =Calcs!CM411 -> 0 | ... P75: =Calcs!CQ411 -> 0 | Q75: =SUM(E75:P75) | R75: =Calcs!CR411 -> 0 | S75: =Calcs!CS411 -> 0 | T75: =Calcs!CT411 -> 0 | U75: =Calcs!CU411 -> 0 | V75: =Calcs!CV411 -> 0 | W75: =Calcs!CW411 -> 0 | X75: =Calcs!CX411 -> 0 | Y75: =Calcs!CY411 -> 0 | ... AC75: =Calcs!DC411 -> 0 | AD75: =SUM(R75:AC75) -> 0 | AE75: =Calcs!DD411 -> 0 | AF75: =Calcs!DE411 -> 0 | AG75: =Calcs!DF411 -> 0 | AH75: =Calcs!DG411 -> 0 | AI75: =Calcs!DH411 -> 0 | AJ75: =Calcs!DI411 -> 0 | AK75: =Calcs!DJ411 -> 0 | AL75: =Calcs!DK411 -> 0 | ... AP75: =Calcs!DO411 -> 0 | AQ75: =SUM(AE75:AP75) -> 0 | AR75: =Calcs!DP411 -> 0 | AS75: =Calcs!DQ411 -> 0 | AT75: =Calcs!DR411 -> 0 | AU75: =Calcs!DS411 -> 0 | AV75: =Calcs!DT411 -> 0 | AW75: =Calcs!DU411 -> 0 | AX75: =Calcs!DV411 -> 0 | AY75: =Calcs!DW411 -> 0 | ... BC75: =Calcs!EA411 -> 0 | BD75: =SUM(AR75:BC75) -> 0 | BE75: =Calcs!EB411 -> 0 | BF75: =Calcs!EC411 -> 0 | BG75: =Calcs!ED411 -> 0 | BH75: =Calcs!EE411 -> 0 | BI75: =Calcs!EF411 -> 0 | BJ75: =Calcs!EG411 -> 0 | BK75: =Calcs!EH411 -> 0 | BL75: =Calcs!EI411 -> 0 | ... BP75: =Calcs!EM411 -> 0 | BQ75: =SUM(BE75:BP75) -> 0 | BS75: =SUM(BQ75,BD75,AQ75,AD75,Q75) -> 0 | BU75: =SUM(BQ75,BD75,AQ75,AD75,Q75) | BV75: =Input!D174 -> 0 | BW75: =Calcs!CD411 -> 0 | BX75: =Calcs!CE411 | BY75: =Calcs!CF411 -> 0 | BZ75: =Calcs!CG411 -> 0 | CA75: =Calcs!CH411 -> 0 | CB75: =Calcs!CI411 -> 0 | CC75: =Calcs!CJ411 -> 0 | CD75: =Calcs!CK411 -> 0 | ... CP75: =Calcs!CW411 -> 0
D76: =IF(Calcs!CE412="","TBD",Calcs!CE412) -> TBD | E76: =Calcs!CF412 -> 0 | F76: =Calcs!CG412 -> 0 | G76: =Calcs!CH412 -> 0 | H76: =Calcs!CI412 -> 0 | I76: =Calcs!CJ412 -> 0 | J76: =Calcs!CK412 -> 0 | K76: =Calcs!CL412 -> 0 | L76: =Calcs!CM412 -> 0 | ... P76: =Calcs!CQ412 -> 0 | Q76: =SUM(E76:P76) | R76: =Calcs!CR412 -> 0 | S76: =Calcs!CS412 -> 0 | T76: =Calcs!CT412 -> 0 | U76: =Calcs!CU412 -> 0 | V76: =Calcs!CV412 -> 0 | W76: =Calcs!CW412 -> 0 | X76: =Calcs!CX412 -> 0 | Y76: =Calcs!CY412 -> 0 | ... AC76: =Calcs!DC412 -> 0 | AD76: =SUM(R76:AC76) -> 0 | AE76: =Calcs!DD412 -> 0 | AF76: =Calcs!DE412 -> 0 | AG76: =Calcs!DF412 -> 0 | AH76: =Calcs!DG412 -> 0 | AI76: =Calcs!DH412 -> 0 | AJ76: =Calcs!DI412 -> 0 | AK76: =Calcs!DJ412 -> 0 | AL76: =Calcs!DK412 -> 0 | ... AP76: =Calcs!DO412 -> 0 | AQ76: =SUM(AE76:AP76) -> 0 | AR76: =Calcs!DP412 -> 0 | AS76: =Calcs!DQ412 -> 0 | AT76: =Calcs!DR412 -> 0 | AU76: =Calcs!DS412 -> 0 | AV76: =Calcs!DT412 -> 0 | AW76: =Calcs!DU412 -> 0 | AX76: =Calcs!DV412 -> 0 | AY76: =Calcs!DW412 -> 0 | ... BC76: =Calcs!EA412 -> 0 | BD76: =SUM(AR76:BC76) -> 0 | BE76: =Calcs!EB412 -> 0 | BF76: =Calcs!EC412 -> 0 | BG76: =Calcs!ED412 -> 0 | BH76: =Calcs!EE412 -> 0 | BI76: =Calcs!EF412 -> 0 | BJ76: =Calcs!EG412 -> 0 | BK76: =Calcs!EH412 -> 0 | BL76: =Calcs!EI412 -> 0 | ... BP76: =Calcs!EM412 -> 0 | BQ76: =SUM(BE76:BP76) -> 0 | BS76: =SUM(BQ76,BD76,AQ76,AD76,Q76) -> 0 | BU76: =SUM(BQ76,BD76,AQ76,AD76,Q76) | BV76: =Input!D175 -> 0 | BW76: =Calcs!CD412 -> 0 | BX76: =Calcs!CE412 | BY76: =Calcs!CF412 -> 0 | BZ76: =Calcs!CG412 -> 0 | CA76: =Calcs!CH412 -> 0 | CB76: =Calcs!CI412 -> 0 | CC76: =Calcs!CJ412 -> 0 | CD76: =Calcs!CK412 -> 0 | ... CP76: =Calcs!CW412 -> 0
D77: =IF(Calcs!CE413="","TBD",Calcs!CE413) -> TBD | E77: =Calcs!CF413 -> 0 | F77: =Calcs!CG413 -> 0 | G77: =Calcs!CH413 -> 0 | H77: =Calcs!CI413 -> 0 | I77: =Calcs!CJ413 -> 0 | J77: =Calcs!CK413 -> 0 | K77: =Calcs!CL413 -> 0 | L77: =Calcs!CM413 -> 0 | ... P77: =Calcs!CQ413 -> 0 | Q77: =SUM(E77:P77) | R77: =Calcs!CR413 -> 0 | S77: =Calcs!CS413 -> 0 | T77: =Calcs!CT413 -> 0 | U77: =Calcs!CU413 -> 0 | V77: =Calcs!CV413 -> 0 | W77: =Calcs!CW413 -> 0 | X77: =Calcs!CX413 -> 0 | Y77: =Calcs!CY413 -> 0 | ... AC77: =Calcs!DC413 -> 0 | AD77: =SUM(R77:AC77) -> 0 | AE77: =Calcs!DD413 -> 0 | AF77: =Calcs!DE413 -> 0 | AG77: =Calcs!DF413 -> 0 | AH77: =Calcs!DG413 -> 0 | AI77: =Calcs!DH413 -> 0 | AJ77: =Calcs!DI413 -> 0 | AK77: =Calcs!DJ413 -> 0 | AL77: =Calcs!DK413 -> 0 | ... AP77: =Calcs!DO413 -> 0 | AQ77: =SUM(AE77:AP77) -> 0 | AR77: =Calcs!DP413 -> 0 | AS77: =Calcs!DQ413 -> 0 | AT77: =Calcs!DR413 -> 0 | AU77: =Calcs!DS413 -> 0 | AV77: =Calcs!DT413 -> 0 | AW77: =Calcs!DU413 -> 0 | AX77: =Calcs!DV413 -> 0 | AY77: =Calcs!DW413 -> 0 | ... BC77: =Calcs!EA413 -> 0 | BD77: =SUM(AR77:BC77) -> 0 | BE77: =Calcs!EB413 -> 0 | BF77: =Calcs!EC413 -> 0 | BG77: =Calcs!ED413 -> 0 | BH77: =Calcs!EE413 -> 0 | BI77: =Calcs!EF413 -> 0 | BJ77: =Calcs!EG413 -> 0 | BK77: =Calcs!EH413 -> 0 | BL77: =Calcs!EI413 -> 0 | ... BP77: =Calcs!EM413 -> 0 | BQ77: =SUM(BE77:BP77) -> 0 | BS77: =SUM(BQ77,BD77,AQ77,AD77,Q77) -> 0 | BU77: =SUM(BQ77,BD77,AQ77,AD77,Q77) | BV77: =Input!D176 -> 0 | BW77: =Calcs!CD413 -> 0 | BX77: =Calcs!CE413 | BY77: =Calcs!CF413 -> 0 | BZ77: =Calcs!CG413 -> 0 | CA77: =Calcs!CH413 -> 0 | CB77: =Calcs!CI413 -> 0 | CC77: =Calcs!CJ413 -> 0 | CD77: =Calcs!CK413 -> 0 | ... CP77: =Calcs!CW413 -> 0
D78: Total Sales & Marketing Expenses | E78: =SUM(E66:E77) -> 0 | F78: =SUM(F66:F77) -> 0 | G78: =SUM(G66:G77) -> 0 | H78: =SUM(H66:H77) -> 0 | I78: =SUM(I66:I77) -> 0 | J78: =SUM(J66:J77) -> 0 | K78: =SUM(K66:K77) -> 0 | L78: =SUM(L66:L77) -> 0 | ... BQ78: =SUM(BQ66:BQ77) -> 0 | BS78: 1 | BU78: =SUM(BU68:BU77) -> 0 | BV78: Total Sales & Marketing Expenses | BW78: =SUM(BW68:BW77) -> 0 | BX78: =SUM(BX68:BX77) -> 0 | BY78: =SUM(BY68:BY77) -> 0 | BZ78: =SUM(BZ68:BZ77) -> 0 | CA78: =SUM(CA68:CA77) -> 0 | CB78: =SUM(CB68:CB77) -> 0 | CC78: =SUM(CC68:CC77) -> 0 | CD78: =SUM(CD68:CD77) -> 0 | ... CP78: =SUM(CP68:CP77) -> 0
E79: =IF(AND(E$33<>0,,E78>0),E78/E$33,"") | F79: =IF(AND(F$33<>0,,F78>0),F78/F$33,"") | G79: =IF(AND(G$33<>0,,G78>0),G78/G$33,"") | H79: =IF(AND(H$33<>0,,H78>0),H78/H$33,"") | I79: =IF(AND(I$33<>0,,I78>0),I78/I$33,"") | J79: =IF(AND(J$33<>0,,J78>0),J78/J$33,"") | K79: =IF(AND(K$33<>0,,K78>0),K78/K$33,"") | L79: =IF(AND(L$33<>0,,L78>0),L78/L$33,"") | ... BQ79: =IF(AND(BQ$33<>0,,BQ78>0),BQ78/BQ$33,"") | BS79: 1 | BU79: =IF(BU33<>0,BU78/BU33,"") | BW79: =IF(AND(BW$33<>0,BW78/BW$33>0,BW78>0),BW78/BW$33,"") -> #DIV/0! | BX79: =IF(AND(BX$33<>0,BX78/BX$33>0,BX78>0),BX78/BX$33,"") -> #DIV/0! | BY79: =IF(AND(BY$33<>0,BY78/BY$33>0,BY78>0),BY78/BY$33,"") -> #DIV/0! | BZ79: =IF(AND(BZ$33<>0,BZ78/BZ$33>0,BZ78>0),BZ78/BZ$33,"") -> #DIV/0! | CA79: =IF(AND(CA$33<>0,CA78/CA$33>0,CA78>0),CA78/CA$33,"") -> #DIV/0! | CB79: =IF(AND(CB$33<>0,CB78/CB$33>0,CB78>0),CB78/CB$33,"") -> #DIV/0! | CC79: =IF(AND(CC$33<>0,CC78/CC$33>0,CC78>0),CC78/CC$33,"") -> #DIV/0! | CD79: =IF(AND(CD$33<>0,CD78/CD$33>0,CD78>0),CD78/CD$33,"") -> #DIV/0! | ... CP79: =IF(AND(CP$33<>0,CP78/CP$33>0,CP78>0),CP78/CP$33,"") -> #DIV/0!
BS80: 1
D81: =IF(Infrastructure!AN29=Infrastructure!AO29,"Operating Expenses","Operating Expenses - Hidden Rows with Values") -> Operating Expenses | E81: 7 | F81: 7 | G81: 7 | H81: 7 | I81: 7 | R81: 7 | S81: 7 | T81: 8 | U81: 9 | V81: 10 | W81: 11 | X81: 12 | Y81: 13 | Z81: 14 | AA81: 15 | AB81: 16 | AC81: 17 | AE81: 18 | AF81: 19 | AG81: 20 | AH81: 21 | AI81: 22 | AJ81: 23 | AK81: 24 | AL81: 25 | AM81: 26 | AN81: 27 | AO81: 28 | AP81: 29 | AR81: 30 | AS81: 31 | AT81: 32 | AU81: 33 | AV81: 34 | AW81: 35 | AX81: 36 | AY81: 37 | AZ81: 38 | BA81: 39 | BB81: 40 | BC81: 41 | BE81: 42 | BF81: 43 | BG81: 44 | BH81: 45 | BI81: 46 | BJ81: 47 | BK81: 48 | BL81: 49 | BM81: 50 | BN81: 51 | BO81: 52 | BP81: 53 | BS81: 1 | BV81: Operating Expenses | BW81: 5 | BX81: 6 | BY81: 7 | BZ81: 7 | CA81: 7 | CB81: 7 | CC81: 7 | CD81: 7 | CE81: 7 | CF81: 8 | CG81: 9 | CH81: 10 | CI81: 11 | CJ81: 12 | CK81: 13 | CL81: 14 | CM81: 15 | CN81: 16 | CO81: 17 | CP81: 18
D82: Salaries & Wages | E82: =Calcs!W602 -> 0 | F82: =Calcs!X602 -> 0 | G82: =Calcs!Y602 -> 0 | H82: =Calcs!Z602 -> 0 | I82: =Calcs!AA602 -> 0 | J82: =Calcs!AB602 -> 0 | K82: =Calcs!AC602 -> 0 | L82: =Calcs!AD602 -> 0 | ... P82: =Calcs!AH602 -> 0 | Q82: =SUM(E82:P82) -> 0 | R82: =Calcs!AI602 -> 0 | S82: =Calcs!AJ602 -> 0 | T82: =Calcs!AK602 -> 0 | U82: =Calcs!AL602 -> 0 | V82: =Calcs!AM602 -> 0 | W82: =Calcs!AN602 -> 0 | X82: =Calcs!AO602 -> 0 | Y82: =Calcs!AP602 -> 0 | ... AC82: =Calcs!AT602 -> 0 | AD82: =SUM(R82:AC82) -> 0 | AE82: =Calcs!AU602 -> 0 | AF82: =Calcs!AV602 -> 0 | AG82: =Calcs!AW602 -> 0 | AH82: =Calcs!AX602 -> 0 | AI82: =Calcs!AY602 -> 0 | AJ82: =Calcs!AZ602 -> 0 | AK82: =Calcs!BA602 -> 0 | AL82: =Calcs!BB602 -> 0 | ... AP82: =Calcs!BF602 -> 0 | AQ82: =SUM(AE82:AP82) -> 0 | AR82: =Calcs!BG602 -> 0 | AS82: =Calcs!BH602 -> 0 | AT82: =Calcs!BI602 -> 0 | AU82: =Calcs!BJ602 -> 0 | AV82: =Calcs!BK602 -> 0 | AW82: =Calcs!BL602 -> 0 | AX82: =Calcs!BM602 -> 0 | AY82: =Calcs!BN602 -> 0 | ... BC82: =Calcs!BR602 -> 0 | BD82: =SUM(AR82:BC82) -> 0 | BE82: =Calcs!BS602 -> 0 | BF82: =Calcs!BT602 -> 0 | BG82: =Calcs!BU602 -> 0 | BH82: =Calcs!BV602 -> 0 | BI82: =Calcs!BW602 -> 0 | BJ82: =Calcs!BX602 -> 0 | BK82: =Calcs!BY602 -> 0 | BL82: =Calcs!BZ602 -> 0 | ... BP82: =Calcs!CD602 -> 0 | BQ82: =SUM(BE82:BP82) -> 0 | BS82: =SUM(BQ82,BD82,AQ82,AD82,Q82) -> 0 | BU82: =SUM(BQ82,BD82,AQ82,AD82,Q82) | BV82: Salaries | BW82: =SUM(Financials!E82:'Financials'!G82) -> 0 | BX82: =SUM(Financials!H82:'Financials'!J82) -> 0 | BY82: =SUM(Financials!K82:'Financials'!M82) -> 0 | BZ82: =SUM(Financials!N82:'Financials'!P82) -> 0 | CA82: =SUM(Financials!R82:'Financials'!T82) -> 0 | CB82: =SUM(Financials!U82:'Financials'!W82) -> 0 | CC82: =SUM(Financials!X82:'Financials'!Z82) -> 0 | CD82: =SUM(Financials!AA82:'Financials'!AC82) -> 0 | CE82: =SUM(Financials!AE82:'Financials'!AG82) -> 0 | CF82: =SUM(Financials!AH82:'Financials'!AJ82) -> 0 | CG82: =SUM(Financials!AK82:'Financials'!AM82) -> 0 | CH82: =SUM(Financials!AN82:'Financials'!AP82) -> 0 | CI82: =SUM(Financials!AR82:'Financials'!AT82) -> 0 | CJ82: =SUM(Financials!AU82:'Financials'!AW82) -> 0 | CK82: =SUM(Financials!AX82:'Financials'!AZ82) -> 0 | CL82: =SUM(Financials!BA82:'Financials'!BC82) -> 0 | CM82: =SUM(Financials!BE82:'Financials'!BG82) -> 0 | CN82: =SUM(Financials!BH82:'Financials'!BJ82) -> 0 | CO82: =SUM(Financials!BK82:'Financials'!BM82) -> 0 | CP82: =SUM(Financials!BN82:'Financials'!BP82) -> 0
D83: Payroll Taxes | E83: =Calcs!W605 -> 0 | F83: =Calcs!X605 -> 0 | G83: =Calcs!Y605 -> 0 | H83: =Calcs!Z605 -> 0 | I83: =Calcs!AA605 -> 0 | J83: =Calcs!AB605 -> 0 | K83: =Calcs!AC605 -> 0 | L83: =Calcs!AD605 -> 0 | ... P83: =Calcs!AH605 -> 0 | Q83: =SUM(E83:P83) -> 0 | R83: =Calcs!AI605 -> 0 | S83: =Calcs!AJ605 -> 0 | T83: =Calcs!AK605 -> 0 | U83: =Calcs!AL605 -> 0 | V83: =Calcs!AM605 -> 0 | W83: =Calcs!AN605 -> 0 | X83: =Calcs!AO605 -> 0 | Y83: =Calcs!AP605 -> 0 | ... AC83: =Calcs!AT605 -> 0 | AD83: =SUM(R83:AC83) -> 0 | AE83: =Calcs!AU605 -> 0 | AF83: =Calcs!AV605 -> 0 | AG83: =Calcs!AW605 -> 0 | AH83: =Calcs!AX605 -> 0 | AI83: =Calcs!AY605 -> 0 | AJ83: =Calcs!AZ605 -> 0 | AK83: =Calcs!BA605 -> 0 | AL83: =Calcs!BB605 -> 0 | ... AP83: =Calcs!BF605 -> 0 | AQ83: =SUM(AE83:AP83) -> 0 | AR83: =Calcs!BG605 -> 0 | AS83: =Calcs!BH605 -> 0 | AT83: =Calcs!BI605 -> 0 | AU83: =Calcs!BJ605 -> 0 | AV83: =Calcs!BK605 -> 0 | AW83: =Calcs!BL605 -> 0 | AX83: =Calcs!BM605 -> 0 | AY83: =Calcs!BN605 -> 0 | ... BC83: =Calcs!BR605 -> 0 | BD83: =SUM(AR83:BC83) -> 0 | BE83: =Calcs!BS605 -> 0 | BF83: =Calcs!BT605 -> 0 | BG83: =Calcs!BU605 -> 0 | BH83: =Calcs!BV605 -> 0 | BI83: =Calcs!BW605 -> 0 | BJ83: =Calcs!BX605 -> 0 | BK83: =Calcs!BY605 -> 0 | BL83: =Calcs!BZ605 -> 0 | ... BP83: =Calcs!CD605 -> 0 | BQ83: =SUM(BE83:BP83) -> 0 | BS83: =SUM(BQ83,BD83,AQ83,AD83,Q83) -> 0 | BU83: =SUM(BQ83,BD83,AQ83,AD83,Q83) | BV83: Payroll Taxes | BW83: =SUM(Financials!E83:'Financials'!G83) -> 0 | BX83: =SUM(Financials!H83:'Financials'!J83) -> 0 | BY83: =SUM(Financials!K83:'Financials'!M83) -> 0 | BZ83: =SUM(Financials!N83:'Financials'!P83) -> 0 | CA83: =SUM(Financials!R83:'Financials'!T83) -> 0 | CB83: =SUM(Financials!U83:'Financials'!W83) -> 0 | CC83: =SUM(Financials!X83:'Financials'!Z83) -> 0 | CD83: =SUM(Financials!AA83:'Financials'!AC83) -> 0 | CE83: =SUM(Financials!AE83:'Financials'!AG83) -> 0 | CF83: =SUM(Financials!AH83:'Financials'!AJ83) -> 0 | CG83: =SUM(Financials!AK83:'Financials'!AM83) -> 0 | CH83: =SUM(Financials!AN83:'Financials'!AP83) -> 0 | CI83: =SUM(Financials!AR83:'Financials'!AT83) -> 0 | CJ83: =SUM(Financials!AU83:'Financials'!AW83) -> 0 | CK83: =SUM(Financials!AX83:'Financials'!AZ83) -> 0 | CL83: =SUM(Financials!BA83:'Financials'!BC83) -> 0 | CM83: =SUM(Financials!BE83:'Financials'!BG83) -> 0 | CN83: =SUM(Financials!BH83:'Financials'!BJ83) -> 0 | CO83: =SUM(Financials!BK83:'Financials'!BM83) -> 0 | CP83: =SUM(Financials!BN83:'Financials'!BP83) -> 0
D84: Benefits | E84: =Calcs!W604 -> 0 | F84: =Calcs!X604 -> 0 | G84: =Calcs!Y604 -> 0 | H84: =Calcs!Z604 -> 0 | I84: =Calcs!AA604 -> 0 | J84: =Calcs!AB604 -> 0 | K84: =Calcs!AC604 -> 0 | L84: =Calcs!AD604 -> 0 | ... P84: =Calcs!AH604 -> 0 | Q84: =SUM(E84:P84) -> 0 | R84: =Calcs!AI604 -> 0 | S84: =Calcs!AJ604 -> 0 | T84: =Calcs!AK604 -> 0 | U84: =Calcs!AL604 -> 0 | V84: =Calcs!AM604 -> 0 | W84: =Calcs!AN604 -> 0 | X84: =Calcs!AO604 -> 0 | Y84: =Calcs!AP604 -> 0 | ... AC84: =Calcs!AT604 -> 0 | AD84: =SUM(R84:AC84) -> 0 | AE84: =Calcs!AU604 -> 0 | AF84: =Calcs!AV604 -> 0 | AG84: =Calcs!AW604 -> 0 | AH84: =Calcs!AX604 -> 0 | AI84: =Calcs!AY604 -> 0 | AJ84: =Calcs!AZ604 -> 0 | AK84: =Calcs!BA604 -> 0 | AL84: =Calcs!BB604 -> 0 | ... AP84: =Calcs!BF604 -> 0 | AQ84: =SUM(AE84:AP84) -> 0 | AR84: =Calcs!BG604 -> 0 | AS84: =Calcs!BH604 -> 0 | AT84: =Calcs!BI604 -> 0 | AU84: =Calcs!BJ604 -> 0 | AV84: =Calcs!BK604 -> 0 | AW84: =Calcs!BL604 -> 0 | AX84: =Calcs!BM604 -> 0 | AY84: =Calcs!BN604 -> 0 | ... BC84: =Calcs!BR604 -> 0 | BD84: =SUM(AR84:BC84) -> 0 | BE84: =Calcs!BS604 -> 0 | BF84: =Calcs!BT604 -> 0 | BG84: =Calcs!BU604 -> 0 | BH84: =Calcs!BV604 -> 0 | BI84: =Calcs!BW604 -> 0 | BJ84: =Calcs!BX604 -> 0 | BK84: =Calcs!BY604 -> 0 | BL84: =Calcs!BZ604 -> 0 | ... BP84: =Calcs!CD604 -> 0 | BQ84: =SUM(BE84:BP84) -> 0 | BS84: =SUM(BQ84,BD84,AQ84,AD84,Q84) -> 0 | BU84: =SUM(BQ84,BD84,AQ84,AD84,Q84) | BV84: Benefits | BW84: =SUM(Financials!E84:'Financials'!G84) -> 0 | BX84: =SUM(Financials!H84:'Financials'!J84) -> 0 | BY84: =SUM(Financials!K84:'Financials'!M84) -> 0 | BZ84: =SUM(Financials!N84:'Financials'!P84) -> 0 | CA84: =SUM(Financials!R84:'Financials'!T84) -> 0 | CB84: =SUM(Financials!U84:'Financials'!W84) -> 0 | CC84: =SUM(Financials!X84:'Financials'!Z84) -> 0 | CD84: =SUM(Financials!AA84:'Financials'!AC84) -> 0 | CE84: =SUM(Financials!AE84:'Financials'!AG84) -> 0 | CF84: =SUM(Financials!AH84:'Financials'!AJ84) -> 0 | CG84: =SUM(Financials!AK84:'Financials'!AM84) -> 0 | CH84: =SUM(Financials!AN84:'Financials'!AP84) -> 0 | CI84: =SUM(Financials!AR84:'Financials'!AT84) -> 0 | CJ84: =SUM(Financials!AU84:'Financials'!AW84) -> 0 | CK84: =SUM(Financials!AX84:'Financials'!AZ84) -> 0 | CL84: =SUM(Financials!BA84:'Financials'!BC84) -> 0 | CM84: =SUM(Financials!BE84:'Financials'!BG84) -> 0 | CN84: =SUM(Financials!BH84:'Financials'!BJ84) -> 0 | CO84: =SUM(Financials!BK84:'Financials'!BM84) -> 0 | CP84: =SUM(Financials!BN84:'Financials'!BP84) -> 0
D85: Consultants | E85: =Calcs!W490 -> 0 | F85: =Calcs!X490 -> 0 | G85: =Calcs!Y490 -> 0 | H85: =Calcs!Z490 -> 0 | I85: =Calcs!AA490 -> 0 | J85: =Calcs!AB490 -> 0 | K85: =Calcs!AC490 -> 0 | L85: =Calcs!AD490 -> 0 | ... P85: =Calcs!AH490 -> 0 | Q85: =SUM(E85:P85) -> 0 | R85: =Calcs!AI490 -> 0 | S85: =Calcs!AJ490 -> 0 | T85: =Calcs!AK490 -> 0 | U85: =Calcs!AL490 -> 0 | V85: =Calcs!AM490 -> 0 | W85: =Calcs!AN490 -> 0 | X85: =Calcs!AO490 -> 0 | Y85: =Calcs!AP490 -> 0 | ... AC85: =Calcs!AT490 -> 0 | AD85: =SUM(R85:AC85) -> 0 | AE85: =Calcs!AU490 -> 0 | AF85: =Calcs!AV490 -> 0 | AG85: =Calcs!AW490 -> 0 | AH85: =Calcs!AX490 -> 0 | AI85: =Calcs!AY490 -> 0 | AJ85: =Calcs!AZ490 -> 0 | AK85: =Calcs!BA490 -> 0 | AL85: =Calcs!BB490 -> 0 | ... AP85: =Calcs!BF490 -> 0 | AQ85: =SUM(AE85:AP85) -> 0 | AR85: =Calcs!BG490 -> 0 | AS85: =Calcs!BH490 -> 0 | AT85: =Calcs!BI490 -> 0 | AU85: =Calcs!BJ490 -> 0 | AV85: =Calcs!BK490 -> 0 | AW85: =Calcs!BL490 -> 0 | AX85: =Calcs!BM490 -> 0 | AY85: =Calcs!BN490 -> 0 | ... BC85: =Calcs!BR490 -> 0 | BD85: =SUM(AR85:BC85) -> 0 | BE85: =Calcs!BS490 -> 0 | BF85: =Calcs!BT490 -> 0 | BG85: =Calcs!BU490 -> 0 | BH85: =Calcs!BV490 -> 0 | BI85: =Calcs!BW490 -> 0 | BJ85: =Calcs!BX490 -> 0 | BK85: =Calcs!BY490 -> 0 | BL85: =Calcs!BZ490 -> 0 | ... BP85: =Calcs!CD490 -> 0 | BQ85: =SUM(BE85:BP85) -> 0 | BS85: =SUM(BQ85,BD85,AQ85,AD85,Q85) -> 0 | BU85: =SUM(BQ85,BD85,AQ85,AD85,Q85) | BV85: Consultants | BW85: =SUM(Financials!E85:'Financials'!G85) -> 0 | BX85: =SUM(Financials!H85:'Financials'!J85) -> 0 | BY85: =SUM(Financials!K85:'Financials'!M85) -> 0 | BZ85: =SUM(Financials!N85:'Financials'!P85) -> 0 | CA85: =SUM(Financials!R85:'Financials'!T85) -> 0 | CB85: =SUM(Financials!U85:'Financials'!W85) -> 0 | CC85: =SUM(Financials!X85:'Financials'!Z85) -> 0 | CD85: =SUM(Financials!AA85:'Financials'!AC85) -> 0 | CE85: =SUM(Financials!AE85:'Financials'!AG85) -> 0 | CF85: =SUM(Financials!AH85:'Financials'!AJ85) -> 0 | CG85: =SUM(Financials!AK85:'Financials'!AM85) -> 0 | CH85: =SUM(Financials!AN85:'Financials'!AP85) -> 0 | CI85: =SUM(Financials!AR85:'Financials'!AT85) -> 0 | CJ85: =SUM(Financials!AU85:'Financials'!AW85) -> 0 | CK85: =SUM(Financials!AX85:'Financials'!AZ85) -> 0 | CL85: =SUM(Financials!BA85:'Financials'!BC85) -> 0 | CM85: =SUM(Financials!BE85:'Financials'!BG85) -> 0 | CN85: =SUM(Financials!BH85:'Financials'!BJ85) -> 0 | CO85: =SUM(Financials!BK85:'Financials'!BM85) -> 0 | CP85: =SUM(Financials!BN85:'Financials'!BP85) -> 0
D86: Recruiting | E86: =Calcs!W613 -> 0 | F86: =Calcs!X613 -> 0 | G86: =Calcs!Y613 -> 0 | H86: =Calcs!Z613 -> 0 | I86: =Calcs!AA613 -> 0 | J86: =Calcs!AB613 -> 0 | K86: =Calcs!AC613 -> 0 | L86: =Calcs!AD613 -> 0 | ... P86: =Calcs!AH613 -> 0 | Q86: =SUM(E86:P86) -> 0 | R86: =Calcs!AI613 -> 0 | S86: =Calcs!AJ613 -> 0 | T86: =Calcs!AK613 -> 0 | U86: =Calcs!AL613 -> 0 | V86: =Calcs!AM613 -> 0 | W86: =Calcs!AN613 -> 0 | X86: =Calcs!AO613 -> 0 | Y86: =Calcs!AP613 -> 0 | ... AC86: =Calcs!AT613 -> 0 | AD86: =SUM(R86:AC86) -> 0 | AE86: =Calcs!AU613 -> 0 | AF86: =Calcs!AV613 -> 0 | AG86: =Calcs!AW613 -> 0 | AH86: =Calcs!AX613 -> 0 | AI86: =Calcs!AY613 -> 0 | AJ86: =Calcs!AZ613 -> 0 | AK86: =Calcs!BA613 -> 0 | AL86: =Calcs!BB613 -> 0 | ... AP86: =Calcs!BF613 -> 0 | AQ86: =SUM(AE86:AP86) -> 0 | AR86: =Calcs!BG613 -> 0 | AS86: =Calcs!BH613 -> 0 | AT86: =Calcs!BI613 -> 0 | AU86: =Calcs!BJ613 -> 0 | AV86: =Calcs!BK613 -> 0 | AW86: =Calcs!BL613 -> 0 | AX86: =Calcs!BM613 -> 0 | AY86: =Calcs!BN613 -> 0 | ... BC86: =Calcs!BR613 -> 0 | BD86: =SUM(AR86:BC86) -> 0 | BE86: =Calcs!BS613 -> 0 | BF86: =Calcs!BT613 -> 0 | BG86: =Calcs!BU613 -> 0 | BH86: =Calcs!BV613 -> 0 | BI86: =Calcs!BW613 -> 0 | BJ86: =Calcs!BX613 -> 0 | BK86: =Calcs!BY613 -> 0 | BL86: =Calcs!BZ613 -> 0 | ... BP86: =Calcs!CD613 -> 0 | BQ86: =SUM(BE86:BP86) -> 0 | BS86: =SUM(BQ86,BD86,AQ86,AD86,Q86) -> 0 | BU86: =SUM(BQ86,BD86,AQ86,AD86,Q86)
D87: =IF(Calcs!CE421=0,"TBD",Calcs!CE421) -> TBD | E87: =Calcs!CF421 -> 0 | F87: =Calcs!CG421 -> 0 | G87: =Calcs!CH421 -> 0 | H87: =Calcs!CI421 -> 0 | I87: =Calcs!CJ421 -> 0 | J87: =Calcs!CK421 -> 0 | K87: =Calcs!CL421 -> 0 | L87: =Calcs!CM421 -> 0 | ... P87: =Calcs!CQ421 -> 0 | Q87: =SUM(E87:P87) -> 0 | R87: =Calcs!CR421 -> 0 | S87: =Calcs!CS421 -> 0 | T87: =Calcs!CT421 -> 0 | U87: =Calcs!CU421 -> 0 | V87: =Calcs!CV421 -> 0 | W87: =Calcs!CW421 -> 0 | X87: =Calcs!CX421 -> 0 | Y87: =Calcs!CY421 -> 0 | ... AC87: =Calcs!DC421 -> 0 | AD87: =SUM(R87:AC87) -> 0 | AE87: =Calcs!DD421 -> 0 | AF87: =Calcs!DE421 -> 0 | AG87: =Calcs!DF421 -> 0 | AH87: =Calcs!DG421 -> 0 | AI87: =Calcs!DH421 -> 0 | AJ87: =Calcs!DI421 -> 0 | AK87: =Calcs!DJ421 -> 0 | AL87: =Calcs!DK421 -> 0 | ... AP87: =Calcs!DO421 -> 0 | AQ87: =SUM(AE87:AP87) -> 0 | AR87: =Calcs!DP421 -> 0 | AS87: =Calcs!DQ421 -> 0 | AT87: =Calcs!DR421 -> 0 | AU87: =Calcs!DS421 -> 0 | AV87: =Calcs!DT421 -> 0 | AW87: =Calcs!DU421 -> 0 | AX87: =Calcs!DV421 -> 0 | AY87: =Calcs!DW421 -> 0 | ... BC87: =Calcs!EA421 -> 0 | BD87: =SUM(AR87:BC87) -> 0 | BE87: =Calcs!EB421 -> 0 | BF87: =Calcs!EC421 -> 0 | BG87: =Calcs!ED421 -> 0 | BH87: =Calcs!EE421 -> 0 | BI87: =Calcs!EF421 -> 0 | BJ87: =Calcs!EG421 -> 0 | BK87: =Calcs!EH421 -> 0 | BL87: =Calcs!EI421 -> 0 | ... BP87: =Calcs!EM421 -> 0 | BQ87: =SUM(BE87:BP87) -> 0 | BS87: =SUM(BQ87,BD87,AQ87,AD87,Q87) -> 0 | BU87: =SUM(BQ87,BD87,AQ87,AD87,Q87) | BV87: =Calcs!CE421 -> 0 | BW87: =SUM(Financials!E87:'Financials'!G87) -> 0 | BX87: =SUM(Financials!H87:'Financials'!J87) -> 0 | BY87: =SUM(Financials!K87:'Financials'!M87) -> 0 | BZ87: =SUM(Financials!N87:'Financials'!P87) -> 0 | CA87: =SUM(Financials!R87:'Financials'!T87) -> 0 | CB87: =SUM(Financials!U87:'Financials'!W87) -> 0 | CC87: =SUM(Financials!X87:'Financials'!Z87) -> 0 | CD87: =SUM(Financials!AA87:'Financials'!AC87) -> 0 | CE87: =SUM(Financials!AE87:'Financials'!AG87) -> 0 | CF87: =SUM(Financials!AH87:'Financials'!AJ87) -> 0 | CG87: =SUM(Financials!AK87:'Financials'!AM87) -> 0 | CH87: =SUM(Financials!AN87:'Financials'!AP87) -> 0 | CI87: =SUM(Financials!AR87:'Financials'!AT87) -> 0 | CJ87: =SUM(Financials!AU87:'Financials'!AW87) -> 0 | CK87: =SUM(Financials!AX87:'Financials'!AZ87) -> 0 | CL87: =SUM(Financials!BA87:'Financials'!BC87) -> 0 | CM87: =SUM(Financials!BE87:'Financials'!BG87) -> 0 | CN87: =SUM(Financials!BH87:'Financials'!BJ87) -> 0 | CO87: =SUM(Financials!BK87:'Financials'!BM87) -> 0 | CP87: =SUM(Financials!BN87:'Financials'!BP87) -> 0
D88: =IF(Calcs!CE422=0,"TBD",Calcs!CE422) -> TBD | E88: =Calcs!CF422 -> 0 | F88: =Calcs!CG422 -> 0 | G88: =Calcs!CH422 -> 0 | H88: =Calcs!CI422 -> 0 | I88: =Calcs!CJ422 -> 0 | J88: =Calcs!CK422 -> 0 | K88: =Calcs!CL422 -> 0 | L88: =Calcs!CM422 -> 0 | ... P88: =Calcs!CQ422 -> 0 | Q88: =SUM(E88:P88) -> 0 | R88: =Calcs!CR422 -> 0 | S88: =Calcs!CS422 -> 0 | T88: =Calcs!CT422 -> 0 | U88: =Calcs!CU422 -> 0 | V88: =Calcs!CV422 -> 0 | W88: =Calcs!CW422 -> 0 | X88: =Calcs!CX422 -> 0 | Y88: =Calcs!CY422 -> 0 | ... AC88: =Calcs!DC422 -> 0 | AD88: =SUM(R88:AC88) -> 0 | AE88: =Calcs!DD422 -> 0 | AF88: =Calcs!DE422 -> 0 | AG88: =Calcs!DF422 -> 0 | AH88: =Calcs!DG422 -> 0 | AI88: =Calcs!DH422 -> 0 | AJ88: =Calcs!DI422 -> 0 | AK88: =Calcs!DJ422 -> 0 | AL88: =Calcs!DK422 -> 0 | ... AP88: =Calcs!DO422 -> 0 | AQ88: =SUM(AE88:AP88) -> 0 | AR88: =Calcs!DP422 -> 0 | AS88: =Calcs!DQ422 -> 0 | AT88: =Calcs!DR422 -> 0 | AU88: =Calcs!DS422 -> 0 | AV88: =Calcs!DT422 -> 0 | AW88: =Calcs!DU422 -> 0 | AX88: =Calcs!DV422 -> 0 | AY88: =Calcs!DW422 -> 0 | ... BC88: =Calcs!EA422 -> 0 | BD88: =SUM(AR88:BC88) -> 0 | BE88: =Calcs!EB422 -> 0 | BF88: =Calcs!EC422 -> 0 | BG88: =Calcs!ED422 -> 0 | BH88: =Calcs!EE422 -> 0 | BI88: =Calcs!EF422 -> 0 | BJ88: =Calcs!EG422 -> 0 | BK88: =Calcs!EH422 -> 0 | BL88: =Calcs!EI422 -> 0 | ... BP88: =Calcs!EM422 -> 0 | BQ88: =SUM(BE88:BP88) -> 0 | BS88: =SUM(BQ88,BD88,AQ88,AD88,Q88) -> 0 | BU88: =SUM(BQ88,BD88,AQ88,AD88,Q88) | BV88: =Calcs!CE422 -> 0 | BW88: =SUM(Financials!E88:'Financials'!G88) -> 0 | BX88: =SUM(Financials!H88:'Financials'!J88) -> 0 | BY88: =SUM(Financials!K88:'Financials'!M88) -> 0 | BZ88: =SUM(Financials!N88:'Financials'!P88) -> 0 | CA88: =SUM(Financials!R88:'Financials'!T88) -> 0 | CB88: =SUM(Financials!U88:'Financials'!W88) -> 0 | CC88: =SUM(Financials!X88:'Financials'!Z88) -> 0 | CD88: =SUM(Financials!AA88:'Financials'!AC88) -> 0 | CE88: =SUM(Financials!AE88:'Financials'!AG88) -> 0 | CF88: =SUM(Financials!AH88:'Financials'!AJ88) -> 0 | CG88: =SUM(Financials!AK88:'Financials'!AM88) -> 0 | CH88: =SUM(Financials!AN88:'Financials'!AP88) -> 0 | CI88: =SUM(Financials!AR88:'Financials'!AT88) -> 0 | CJ88: =SUM(Financials!AU88:'Financials'!AW88) -> 0 | CK88: =SUM(Financials!AX88:'Financials'!AZ88) -> 0 | CL88: =SUM(Financials!BA88:'Financials'!BC88) -> 0 | CM88: =SUM(Financials!BE88:'Financials'!BG88) -> 0 | CN88: =SUM(Financials!BH88:'Financials'!BJ88) -> 0 | CO88: =SUM(Financials!BK88:'Financials'!BM88) -> 0 | CP88: =SUM(Financials!BN88:'Financials'!BP88) -> 0
D89: =IF(Calcs!CE423=0,"TBD",Calcs!CE423) -> TBD | E89: =Calcs!CF423 -> 0 | F89: =Calcs!CG423 -> 0 | G89: =Calcs!CH423 -> 0 | H89: =Calcs!CI423 -> 0 | I89: =Calcs!CJ423 -> 0 | J89: =Calcs!CK423 -> 0 | K89: =Calcs!CL423 -> 0 | L89: =Calcs!CM423 -> 0 | ... P89: =Calcs!CQ423 -> 0 | Q89: =SUM(E89:P89) -> 0 | R89: =Calcs!CR423 -> 0 | S89: =Calcs!CS423 -> 0 | T89: =Calcs!CT423 -> 0 | U89: =Calcs!CU423 -> 0 | V89: =Calcs!CV423 -> 0 | W89: =Calcs!CW423 -> 0 | X89: =Calcs!CX423 -> 0 | Y89: =Calcs!CY423 -> 0 | ... AC89: =Calcs!DC423 -> 0 | AD89: =SUM(R89:AC89) -> 0 | AE89: =Calcs!DD423 -> 0 | AF89: =Calcs!DE423 -> 0 | AG89: =Calcs!DF423 -> 0 | AH89: =Calcs!DG423 -> 0 | AI89: =Calcs!DH423 -> 0 | AJ89: =Calcs!DI423 -> 0 | AK89: =Calcs!DJ423 -> 0 | AL89: =Calcs!DK423 -> 0 | ... AP89: =Calcs!DO423 -> 0 | AQ89: =SUM(AE89:AP89) -> 0 | AR89: =Calcs!DP423 -> 0 | AS89: =Calcs!DQ423 -> 0 | AT89: =Calcs!DR423 -> 0 | AU89: =Calcs!DS423 -> 0 | AV89: =Calcs!DT423 -> 0 | AW89: =Calcs!DU423 -> 0 | AX89: =Calcs!DV423 -> 0 | AY89: =Calcs!DW423 -> 0 | ... BC89: =Calcs!EA423 -> 0 | BD89: =SUM(AR89:BC89) -> 0 | BE89: =Calcs!EB423 -> 0 | BF89: =Calcs!EC423 -> 0 | BG89: =Calcs!ED423 -> 0 | BH89: =Calcs!EE423 -> 0 | BI89: =Calcs!EF423 -> 0 | BJ89: =Calcs!EG423 -> 0 | BK89: =Calcs!EH423 -> 0 | BL89: =Calcs!EI423 -> 0 | ... BP89: =Calcs!EM423 -> 0 | BQ89: =SUM(BE89:BP89) -> 0 | BS89: =SUM(BQ89,BD89,AQ89,AD89,Q89) -> 0 | BU89: =SUM(BQ89,BD89,AQ89,AD89,Q89) | BV89: =Calcs!CE423 -> 0 | BW89: =SUM(Financials!E89:'Financials'!G89) -> 0 | BX89: =SUM(Financials!H89:'Financials'!J89) -> 0 | BY89: =SUM(Financials!K89:'Financials'!M89) -> 0 | BZ89: =SUM(Financials!N89:'Financials'!P89) -> 0 | CA89: =SUM(Financials!R89:'Financials'!T89) -> 0 | CB89: =SUM(Financials!U89:'Financials'!W89) -> 0 | CC89: =SUM(Financials!X89:'Financials'!Z89) -> 0 | CD89: =SUM(Financials!AA89:'Financials'!AC89) -> 0 | CE89: =SUM(Financials!AE89:'Financials'!AG89) -> 0 | CF89: =SUM(Financials!AH89:'Financials'!AJ89) -> 0 | CG89: =SUM(Financials!AK89:'Financials'!AM89) -> 0 | CH89: =SUM(Financials!AN89:'Financials'!AP89) -> 0 | CI89: =SUM(Financials!AR89:'Financials'!AT89) -> 0 | CJ89: =SUM(Financials!AU89:'Financials'!AW89) -> 0 | CK89: =SUM(Financials!AX89:'Financials'!AZ89) -> 0 | CL89: =SUM(Financials!BA89:'Financials'!BC89) -> 0 | CM89: =SUM(Financials!BE89:'Financials'!BG89) -> 0 | CN89: =SUM(Financials!BH89:'Financials'!BJ89) -> 0 | CO89: =SUM(Financials!BK89:'Financials'!BM89) -> 0 | CP89: =SUM(Financials!BN89:'Financials'!BP89) -> 0
D90: =IF(Calcs!CE424=0,"TBD",Calcs!CE424) -> TBD | E90: =Calcs!CF424 -> 0 | F90: =Calcs!CG424 -> 0 | G90: =Calcs!CH424 -> 0 | H90: =Calcs!CI424 -> 0 | I90: =Calcs!CJ424 -> 0 | J90: =Calcs!CK424 -> 0 | K90: =Calcs!CL424 -> 0 | L90: =Calcs!CM424 -> 0 | ... P90: =Calcs!CQ424 -> 0 | Q90: =SUM(E90:P90) -> 0 | R90: =Calcs!CR424 -> 0 | S90: =Calcs!CS424 -> 0 | T90: =Calcs!CT424 -> 0 | U90: =Calcs!CU424 -> 0 | V90: =Calcs!CV424 -> 0 | W90: =Calcs!CW424 -> 0 | X90: =Calcs!CX424 -> 0 | Y90: =Calcs!CY424 -> 0 | ... AC90: =Calcs!DC424 -> 0 | AD90: =SUM(R90:AC90) -> 0 | AE90: =Calcs!DD424 -> 0 | AF90: =Calcs!DE424 -> 0 | AG90: =Calcs!DF424 -> 0 | AH90: =Calcs!DG424 -> 0 | AI90: =Calcs!DH424 -> 0 | AJ90: =Calcs!DI424 -> 0 | AK90: =Calcs!DJ424 -> 0 | AL90: =Calcs!DK424 -> 0 | ... AP90: =Calcs!DO424 -> 0 | AQ90: =SUM(AE90:AP90) -> 0 | AR90: =Calcs!DP424 -> 0 | AS90: =Calcs!DQ424 -> 0 | AT90: =Calcs!DR424 -> 0 | AU90: =Calcs!DS424 -> 0 | AV90: =Calcs!DT424 -> 0 | AW90: =Calcs!DU424 -> 0 | AX90: =Calcs!DV424 -> 0 | AY90: =Calcs!DW424 -> 0 | ... BC90: =Calcs!EA424 -> 0 | BD90: =SUM(AR90:BC90) -> 0 | BE90: =Calcs!EB424 -> 0 | BF90: =Calcs!EC424 -> 0 | BG90: =Calcs!ED424 -> 0 | BH90: =Calcs!EE424 -> 0 | BI90: =Calcs!EF424 -> 0 | BJ90: =Calcs!EG424 -> 0 | BK90: =Calcs!EH424 -> 0 | BL90: =Calcs!EI424 -> 0 | ... BP90: =Calcs!EM424 -> 0 | BQ90: =SUM(BE90:BP90) -> 0 | BS90: =SUM(BQ90,BD90,AQ90,AD90,Q90) -> 0 | BU90: =SUM(BQ90,BD90,AQ90,AD90,Q90) | BV90: =Calcs!CE424 -> 0 | BW90: =SUM(Financials!E90:'Financials'!G90) -> 0 | BX90: =SUM(Financials!H90:'Financials'!J90) -> 0 | BY90: =SUM(Financials!K90:'Financials'!M90) -> 0 | BZ90: =SUM(Financials!N90:'Financials'!P90) -> 0 | CA90: =SUM(Financials!R90:'Financials'!T90) -> 0 | CB90: =SUM(Financials!U90:'Financials'!W90) -> 0 | CC90: =SUM(Financials!X90:'Financials'!Z90) -> 0 | CD90: =SUM(Financials!AA90:'Financials'!AC90) -> 0 | CE90: =SUM(Financials!AE90:'Financials'!AG90) -> 0 | CF90: =SUM(Financials!AH90:'Financials'!AJ90) -> 0 | CG90: =SUM(Financials!AK90:'Financials'!AM90) -> 0 | CH90: =SUM(Financials!AN90:'Financials'!AP90) -> 0 | CI90: =SUM(Financials!AR90:'Financials'!AT90) -> 0 | CJ90: =SUM(Financials!AU90:'Financials'!AW90) -> 0 | CK90: =SUM(Financials!AX90:'Financials'!AZ90) -> 0 | CL90: =SUM(Financials!BA90:'Financials'!BC90) -> 0 | CM90: =SUM(Financials!BE90:'Financials'!BG90) -> 0 | CN90: =SUM(Financials!BH90:'Financials'!BJ90) -> 0 | CO90: =SUM(Financials!BK90:'Financials'!BM90) -> 0 | CP90: =SUM(Financials!BN90:'Financials'!BP90) -> 0
D91: =IF(Calcs!CE425=0,"TBD",Calcs!CE425) -> TBD | E91: =Calcs!CF425 -> 0 | F91: =Calcs!CG425 -> 0 | G91: =Calcs!CH425 -> 0 | H91: =Calcs!CI425 -> 0 | I91: =Calcs!CJ425 -> 0 | J91: =Calcs!CK425 -> 0 | K91: =Calcs!CL425 -> 0 | L91: =Calcs!CM425 -> 0 | ... P91: =Calcs!CQ425 -> 0 | Q91: =SUM(E91:P91) -> 0 | R91: =Calcs!CR425 -> 0 | S91: =Calcs!CS425 -> 0 | T91: =Calcs!CT425 -> 0 | U91: =Calcs!CU425 -> 0 | V91: =Calcs!CV425 -> 0 | W91: =Calcs!CW425 -> 0 | X91: =Calcs!CX425 -> 0 | Y91: =Calcs!CY425 -> 0 | ... AC91: =Calcs!DC425 -> 0 | AD91: =SUM(R91:AC91) -> 0 | AE91: =Calcs!DD425 -> 0 | AF91: =Calcs!DE425 -> 0 | AG91: =Calcs!DF425 -> 0 | AH91: =Calcs!DG425 -> 0 | AI91: =Calcs!DH425 -> 0 | AJ91: =Calcs!DI425 -> 0 | AK91: =Calcs!DJ425 -> 0 | AL91: =Calcs!DK425 -> 0 | ... AP91: =Calcs!DO425 -> 0 | AQ91: =SUM(AE91:AP91) -> 0 | AR91: =Calcs!DP425 -> 0 | AS91: =Calcs!DQ425 -> 0 | AT91: =Calcs!DR425 -> 0 | AU91: =Calcs!DS425 -> 0 | AV91: =Calcs!DT425 -> 0 | AW91: =Calcs!DU425 -> 0 | AX91: =Calcs!DV425 -> 0 | AY91: =Calcs!DW425 -> 0 | ... BC91: =Calcs!EA425 -> 0 | BD91: =SUM(AR91:BC91) -> 0 | BE91: =Calcs!EB425 -> 0 | BF91: =Calcs!EC425 -> 0 | BG91: =Calcs!ED425 -> 0 | BH91: =Calcs!EE425 -> 0 | BI91: =Calcs!EF425 -> 0 | BJ91: =Calcs!EG425 -> 0 | BK91: =Calcs!EH425 -> 0 | BL91: =Calcs!EI425 -> 0 | ... BP91: =Calcs!EM425 -> 0 | BQ91: =SUM(BE91:BP91) -> 0 | BS91: =SUM(BQ91,BD91,AQ91,AD91,Q91) -> 0 | BU91: =SUM(BQ91,BD91,AQ91,AD91,Q91) | BV91: =Calcs!CE425 -> 0 | BW91: =SUM(Financials!E91:'Financials'!G91) -> 0 | BX91: =SUM(Financials!H91:'Financials'!J91) -> 0 | BY91: =SUM(Financials!K91:'Financials'!M91) -> 0 | BZ91: =SUM(Financials!N91:'Financials'!P91) -> 0 | CA91: =SUM(Financials!R91:'Financials'!T91) -> 0 | CB91: =SUM(Financials!U91:'Financials'!W91) -> 0 | CC91: =SUM(Financials!X91:'Financials'!Z91) -> 0 | CD91: =SUM(Financials!AA91:'Financials'!AC91) -> 0 | CE91: =SUM(Financials!AE91:'Financials'!AG91) -> 0 | CF91: =SUM(Financials!AH91:'Financials'!AJ91) -> 0 | CG91: =SUM(Financials!AK91:'Financials'!AM91) -> 0 | CH91: =SUM(Financials!AN91:'Financials'!AP91) -> 0 | CI91: =SUM(Financials!AR91:'Financials'!AT91) -> 0 | CJ91: =SUM(Financials!AU91:'Financials'!AW91) -> 0 | CK91: =SUM(Financials!AX91:'Financials'!AZ91) -> 0 | CL91: =SUM(Financials!BA91:'Financials'!BC91) -> 0 | CM91: =SUM(Financials!BE91:'Financials'!BG91) -> 0 | CN91: =SUM(Financials!BH91:'Financials'!BJ91) -> 0 | CO91: =SUM(Financials!BK91:'Financials'!BM91) -> 0 | CP91: =SUM(Financials!BN91:'Financials'!BP91) -> 0
D92: =IF(Calcs!CE426=0,"TBD",Calcs!CE426) -> TBD | E92: =Calcs!CF426 -> 0 | F92: =Calcs!CG426 -> 0 | G92: =Calcs!CH426 -> 0 | H92: =Calcs!CI426 -> 0 | I92: =Calcs!CJ426 -> 0 | J92: =Calcs!CK426 -> 0 | K92: =Calcs!CL426 -> 0 | L92: =Calcs!CM426 -> 0 | ... P92: =Calcs!CQ426 -> 0 | Q92: =SUM(E92:P92) -> 0 | R92: =Calcs!CR426 -> 0 | S92: =Calcs!CS426 -> 0 | T92: =Calcs!CT426 -> 0 | U92: =Calcs!CU426 -> 0 | V92: =Calcs!CV426 -> 0 | W92: =Calcs!CW426 -> 0 | X92: =Calcs!CX426 -> 0 | Y92: =Calcs!CY426 -> 0 | ... AC92: =Calcs!DC426 -> 0 | AD92: =SUM(R92:AC92) -> 0 | AE92: =Calcs!DD426 -> 0 | AF92: =Calcs!DE426 -> 0 | AG92: =Calcs!DF426 -> 0 | AH92: =Calcs!DG426 -> 0 | AI92: =Calcs!DH426 -> 0 | AJ92: =Calcs!DI426 -> 0 | AK92: =Calcs!DJ426 -> 0 | AL92: =Calcs!DK426 -> 0 | ... AP92: =Calcs!DO426 -> 0 | AQ92: =SUM(AE92:AP92) -> 0 | AR92: =Calcs!DP426 -> 0 | AS92: =Calcs!DQ426 -> 0 | AT92: =Calcs!DR426 -> 0 | AU92: =Calcs!DS426 -> 0 | AV92: =Calcs!DT426 -> 0 | AW92: =Calcs!DU426 -> 0 | AX92: =Calcs!DV426 -> 0 | AY92: =Calcs!DW426 -> 0 | ... BC92: =Calcs!EA426 -> 0 | BD92: =SUM(AR92:BC92) -> 0 | BE92: =Calcs!EB426 -> 0 | BF92: =Calcs!EC426 -> 0 | BG92: =Calcs!ED426 -> 0 | BH92: =Calcs!EE426 -> 0 | BI92: =Calcs!EF426 -> 0 | BJ92: =Calcs!EG426 -> 0 | BK92: =Calcs!EH426 -> 0 | BL92: =Calcs!EI426 -> 0 | ... BP92: =Calcs!EM426 -> 0 | BQ92: =SUM(BE92:BP92) -> 0 | BS92: =SUM(BQ92,BD92,AQ92,AD92,Q92) -> 0 | BU92: =SUM(BQ92,BD92,AQ92,AD92,Q92) | BV92: =Calcs!CE426 -> 0 | BW92: =SUM(Financials!E92:'Financials'!G92) -> 0 | BX92: =SUM(Financials!H92:'Financials'!J92) -> 0 | BY92: =SUM(Financials!K92:'Financials'!M92) -> 0 | BZ92: =SUM(Financials!N92:'Financials'!P92) -> 0 | CA92: =SUM(Financials!R92:'Financials'!T92) -> 0 | CB92: =SUM(Financials!U92:'Financials'!W92) -> 0 | CC92: =SUM(Financials!X92:'Financials'!Z92) -> 0 | CD92: =SUM(Financials!AA92:'Financials'!AC92) -> 0 | CE92: =SUM(Financials!AE92:'Financials'!AG92) -> 0 | CF92: =SUM(Financials!AH92:'Financials'!AJ92) -> 0 | CG92: =SUM(Financials!AK92:'Financials'!AM92) -> 0 | CH92: =SUM(Financials!AN92:'Financials'!AP92) -> 0 | CI92: =SUM(Financials!AR92:'Financials'!AT92) -> 0 | CJ92: =SUM(Financials!AU92:'Financials'!AW92) -> 0 | CK92: =SUM(Financials!AX92:'Financials'!AZ92) -> 0 | CL92: =SUM(Financials!BA92:'Financials'!BC92) -> 0 | CM92: =SUM(Financials!BE92:'Financials'!BG92) -> 0 | CN92: =SUM(Financials!BH92:'Financials'!BJ92) -> 0 | CO92: =SUM(Financials!BK92:'Financials'!BM92) -> 0 | CP92: =SUM(Financials!BN92:'Financials'!BP92) -> 0
D93: =IF(Calcs!CE427=0,"TBD",Calcs!CE427) -> TBD | E93: =Calcs!CF427 -> 0 | F93: =Calcs!CG427 -> 0 | G93: =Calcs!CH427 -> 0 | H93: =Calcs!CI427 -> 0 | I93: =Calcs!CJ427 -> 0 | J93: =Calcs!CK427 -> 0 | K93: =Calcs!CL427 -> 0 | L93: =Calcs!CM427 -> 0 | ... P93: =Calcs!CQ427 -> 0 | Q93: =SUM(E93:P93) -> 0 | R93: =Calcs!CR427 -> 0 | S93: =Calcs!CS427 -> 0 | T93: =Calcs!CT427 -> 0 | U93: =Calcs!CU427 -> 0 | V93: =Calcs!CV427 -> 0 | W93: =Calcs!CW427 -> 0 | X93: =Calcs!CX427 -> 0 | Y93: =Calcs!CY427 -> 0 | ... AC93: =Calcs!DC427 -> 0 | AD93: =SUM(R93:AC93) -> 0 | AE93: =Calcs!DD427 -> 0 | AF93: =Calcs!DE427 -> 0 | AG93: =Calcs!DF427 -> 0 | AH93: =Calcs!DG427 -> 0 | AI93: =Calcs!DH427 -> 0 | AJ93: =Calcs!DI427 -> 0 | AK93: =Calcs!DJ427 -> 0 | AL93: =Calcs!DK427 -> 0 | ... AP93: =Calcs!DO427 -> 0 | AQ93: =SUM(AE93:AP93) -> 0 | AR93: =Calcs!DP427 -> 0 | AS93: =Calcs!DQ427 -> 0 | AT93: =Calcs!DR427 -> 0 | AU93: =Calcs!DS427 -> 0 | AV93: =Calcs!DT427 -> 0 | AW93: =Calcs!DU427 -> 0 | AX93: =Calcs!DV427 -> 0 | AY93: =Calcs!DW427 -> 0 | ... BC93: =Calcs!EA427 -> 0 | BD93: =SUM(AR93:BC93) -> 0 | BE93: =Calcs!EB427 -> 0 | BF93: =Calcs!EC427 -> 0 | BG93: =Calcs!ED427 -> 0 | BH93: =Calcs!EE427 -> 0 | BI93: =Calcs!EF427 -> 0 | BJ93: =Calcs!EG427 -> 0 | BK93: =Calcs!EH427 -> 0 | BL93: =Calcs!EI427 -> 0 | ... BP93: =Calcs!EM427 -> 0 | BQ93: =SUM(BE93:BP93) -> 0 | BS93: =SUM(BQ93,BD93,AQ93,AD93,Q93) -> 0 | BU93: =SUM(BQ93,BD93,AQ93,AD93,Q93) | BV93: =Calcs!CE427 -> 0 | BW93: =SUM(Financials!E93:'Financials'!G93) -> 0 | BX93: =SUM(Financials!H93:'Financials'!J93) -> 0 | BY93: =SUM(Financials!K93:'Financials'!M93) -> 0 | BZ93: =SUM(Financials!N93:'Financials'!P93) -> 0 | CA93: =SUM(Financials!R93:'Financials'!T93) -> 0 | CB93: =SUM(Financials!U93:'Financials'!W93) -> 0 | CC93: =SUM(Financials!X93:'Financials'!Z93) -> 0 | CD93: =SUM(Financials!AA93:'Financials'!AC93) -> 0 | CE93: =SUM(Financials!AE93:'Financials'!AG93) -> 0 | CF93: =SUM(Financials!AH93:'Financials'!AJ93) -> 0 | CG93: =SUM(Financials!AK93:'Financials'!AM93) -> 0 | CH93: =SUM(Financials!AN93:'Financials'!AP93) -> 0 | CI93: =SUM(Financials!AR93:'Financials'!AT93) -> 0 | CJ93: =SUM(Financials!AU93:'Financials'!AW93) -> 0 | CK93: =SUM(Financials!AX93:'Financials'!AZ93) -> 0 | CL93: =SUM(Financials!BA93:'Financials'!BC93) -> 0 | CM93: =SUM(Financials!BE93:'Financials'!BG93) -> 0 | CN93: =SUM(Financials!BH93:'Financials'!BJ93) -> 0 | CO93: =SUM(Financials!BK93:'Financials'!BM93) -> 0 | CP93: =SUM(Financials!BN93:'Financials'!BP93) -> 0
D94: =IF(Calcs!CE428=0,"TBD",Calcs!CE428) -> TBD | E94: =Calcs!CF428 -> 0 | F94: =Calcs!CG428 -> 0 | G94: =Calcs!CH428 -> 0 | H94: =Calcs!CI428 -> 0 | I94: =Calcs!CJ428 -> 0 | J94: =Calcs!CK428 -> 0 | K94: =Calcs!CL428 -> 0 | L94: =Calcs!CM428 -> 0 | ... P94: =Calcs!CQ428 -> 0 | Q94: =SUM(E94:P94) -> 0 | R94: =Calcs!CR428 -> 0 | S94: =Calcs!CS428 -> 0 | T94: =Calcs!CT428 -> 0 | U94: =Calcs!CU428 -> 0 | V94: =Calcs!CV428 -> 0 | W94: =Calcs!CW428 -> 0 | X94: =Calcs!CX428 -> 0 | Y94: =Calcs!CY428 -> 0 | ... AC94: =Calcs!DC428 -> 0 | AD94: =SUM(R94:AC94) -> 0 | AE94: =Calcs!DD428 -> 0 | AF94: =Calcs!DE428 -> 0 | AG94: =Calcs!DF428 -> 0 | AH94: =Calcs!DG428 -> 0 | AI94: =Calcs!DH428 -> 0 | AJ94: =Calcs!DI428 -> 0 | AK94: =Calcs!DJ428 -> 0 | AL94: =Calcs!DK428 -> 0 | ... AP94: =Calcs!DO428 -> 0 | AQ94: =SUM(AE94:AP94) -> 0 | AR94: =Calcs!DP428 -> 0 | AS94: =Calcs!DQ428 -> 0 | AT94: =Calcs!DR428 -> 0 | AU94: =Calcs!DS428 -> 0 | AV94: =Calcs!DT428 -> 0 | AW94: =Calcs!DU428 -> 0 | AX94: =Calcs!DV428 -> 0 | AY94: =Calcs!DW428 -> 0 | ... BC94: =Calcs!EA428 -> 0 | BD94: =SUM(AR94:BC94) -> 0 | BE94: =Calcs!EB428 -> 0 | BF94: =Calcs!EC428 -> 0 | BG94: =Calcs!ED428 -> 0 | BH94: =Calcs!EE428 -> 0 | BI94: =Calcs!EF428 -> 0 | BJ94: =Calcs!EG428 -> 0 | BK94: =Calcs!EH428 -> 0 | BL94: =Calcs!EI428 -> 0 | ... BP94: =Calcs!EM428 -> 0 | BQ94: =SUM(BE94:BP94) -> 0 | BS94: =SUM(BQ94,BD94,AQ94,AD94,Q94) -> 0 | BU94: =SUM(BQ94,BD94,AQ94,AD94,Q94) | BV94: =Calcs!CE428 -> 0 | BW94: =SUM(Financials!E94:'Financials'!G94) -> 0 | BX94: =SUM(Financials!H94:'Financials'!J94) -> 0 | BY94: =SUM(Financials!K94:'Financials'!M94) -> 0 | BZ94: =SUM(Financials!N94:'Financials'!P94) -> 0 | CA94: =SUM(Financials!R94:'Financials'!T94) -> 0 | CB94: =SUM(Financials!U94:'Financials'!W94) -> 0 | CC94: =SUM(Financials!X94:'Financials'!Z94) -> 0 | CD94: =SUM(Financials!AA94:'Financials'!AC94) -> 0 | CE94: =SUM(Financials!AE94:'Financials'!AG94) -> 0 | CF94: =SUM(Financials!AH94:'Financials'!AJ94) -> 0 | CG94: =SUM(Financials!AK94:'Financials'!AM94) -> 0 | CH94: =SUM(Financials!AN94:'Financials'!AP94) -> 0 | CI94: =SUM(Financials!AR94:'Financials'!AT94) -> 0 | CJ94: =SUM(Financials!AU94:'Financials'!AW94) -> 0 | CK94: =SUM(Financials!AX94:'Financials'!AZ94) -> 0 | CL94: =SUM(Financials!BA94:'Financials'!BC94) -> 0 | CM94: =SUM(Financials!BE94:'Financials'!BG94) -> 0 | CN94: =SUM(Financials!BH94:'Financials'!BJ94) -> 0 | CO94: =SUM(Financials!BK94:'Financials'!BM94) -> 0 | CP94: =SUM(Financials!BN94:'Financials'!BP94) -> 0
D95: =IF(Calcs!CE429=0,"TBD",Calcs!CE429) -> TBD | E95: =Calcs!CF429 -> 0 | F95: =Calcs!CG429 -> 0 | G95: =Calcs!CH429 -> 0 | H95: =Calcs!CI429 -> 0 | I95: =Calcs!CJ429 -> 0 | J95: =Calcs!CK429 -> 0 | K95: =Calcs!CL429 -> 0 | L95: =Calcs!CM429 -> 0 | ... P95: =Calcs!CQ429 -> 0 | Q95: =SUM(E95:P95) -> 0 | R95: =Calcs!CR429 -> 0 | S95: =Calcs!CS429 -> 0 | T95: =Calcs!CT429 -> 0 | U95: =Calcs!CU429 -> 0 | V95: =Calcs!CV429 -> 0 | W95: =Calcs!CW429 -> 0 | X95: =Calcs!CX429 -> 0 | Y95: =Calcs!CY429 -> 0 | ... AC95: =Calcs!DC429 -> 0 | AD95: =SUM(R95:AC95) -> 0 | AE95: =Calcs!DD429 -> 0 | AF95: =Calcs!DE429 -> 0 | AG95: =Calcs!DF429 -> 0 | AH95: =Calcs!DG429 -> 0 | AI95: =Calcs!DH429 -> 0 | AJ95: =Calcs!DI429 -> 0 | AK95: =Calcs!DJ429 -> 0 | AL95: =Calcs!DK429 -> 0 | ... AP95: =Calcs!DO429 -> 0 | AQ95: =SUM(AE95:AP95) -> 0 | AR95: =Calcs!DP429 -> 0 | AS95: =Calcs!DQ429 -> 0 | AT95: =Calcs!DR429 -> 0 | AU95: =Calcs!DS429 -> 0 | AV95: =Calcs!DT429 -> 0 | AW95: =Calcs!DU429 -> 0 | AX95: =Calcs!DV429 -> 0 | AY95: =Calcs!DW429 -> 0 | ... BC95: =Calcs!EA429 -> 0 | BD95: =SUM(AR95:BC95) -> 0 | BE95: =Calcs!EB429 -> 0 | BF95: =Calcs!EC429 -> 0 | BG95: =Calcs!ED429 -> 0 | BH95: =Calcs!EE429 -> 0 | BI95: =Calcs!EF429 -> 0 | BJ95: =Calcs!EG429 -> 0 | BK95: =Calcs!EH429 -> 0 | BL95: =Calcs!EI429 -> 0 | ... BP95: =Calcs!EM429 -> 0 | BQ95: =SUM(BE95:BP95) -> 0 | BS95: =SUM(BQ95,BD95,AQ95,AD95,Q95) -> 0 | BU95: =SUM(BQ95,BD95,AQ95,AD95,Q95) | BV95: =Calcs!CE429 -> 0 | BW95: =SUM(Financials!E95:'Financials'!G95) -> 0 | BX95: =SUM(Financials!H95:'Financials'!J95) -> 0 | BY95: =SUM(Financials!K95:'Financials'!M95) -> 0 | BZ95: =SUM(Financials!N95:'Financials'!P95) -> 0 | CA95: =SUM(Financials!R95:'Financials'!T95) -> 0 | CB95: =SUM(Financials!U95:'Financials'!W95) -> 0 | CC95: =SUM(Financials!X95:'Financials'!Z95) -> 0 | CD95: =SUM(Financials!AA95:'Financials'!AC95) -> 0 | CE95: =SUM(Financials!AE95:'Financials'!AG95) -> 0 | CF95: =SUM(Financials!AH95:'Financials'!AJ95) -> 0 | CG95: =SUM(Financials!AK95:'Financials'!AM95) -> 0 | CH95: =SUM(Financials!AN95:'Financials'!AP95) -> 0 | CI95: =SUM(Financials!AR95:'Financials'!AT95) -> 0 | CJ95: =SUM(Financials!AU95:'Financials'!AW95) -> 0 | CK95: =SUM(Financials!AX95:'Financials'!AZ95) -> 0 | CL95: =SUM(Financials!BA95:'Financials'!BC95) -> 0 | CM95: =SUM(Financials!BE95:'Financials'!BG95) -> 0 | CN95: =SUM(Financials!BH95:'Financials'!BJ95) -> 0 | CO95: =SUM(Financials!BK95:'Financials'!BM95) -> 0 | CP95: =SUM(Financials!BN95:'Financials'!BP95) -> 0
D96: =IF(Calcs!CE430=0,"TBD",Calcs!CE430) -> TBD | E96: =Calcs!CF430 -> 0 | F96: =Calcs!CG430 -> 0 | G96: =Calcs!CH430 -> 0 | H96: =Calcs!CI430 -> 0 | I96: =Calcs!CJ430 -> 0 | J96: =Calcs!CK430 -> 0 | K96: =Calcs!CL430 -> 0 | L96: =Calcs!CM430 -> 0 | ... P96: =Calcs!CQ430 -> 0 | Q96: =SUM(E96:P96) -> 0 | R96: =Calcs!CR430 -> 0 | S96: =Calcs!CS430 -> 0 | T96: =Calcs!CT430 -> 0 | U96: =Calcs!CU430 -> 0 | V96: =Calcs!CV430 -> 0 | W96: =Calcs!CW430 -> 0 | X96: =Calcs!CX430 -> 0 | Y96: =Calcs!CY430 -> 0 | ... AC96: =Calcs!DC430 -> 0 | AD96: =SUM(R96:AC96) -> 0 | AE96: =Calcs!DD430 -> 0 | AF96: =Calcs!DE430 -> 0 | AG96: =Calcs!DF430 -> 0 | AH96: =Calcs!DG430 -> 0 | AI96: =Calcs!DH430 -> 0 | AJ96: =Calcs!DI430 -> 0 | AK96: =Calcs!DJ430 -> 0 | AL96: =Calcs!DK430 -> 0 | ... AP96: =Calcs!DO430 -> 0 | AQ96: =SUM(AE96:AP96) -> 0 | AR96: =Calcs!DP430 -> 0 | AS96: =Calcs!DQ430 -> 0 | AT96: =Calcs!DR430 -> 0 | AU96: =Calcs!DS430 -> 0 | AV96: =Calcs!DT430 -> 0 | AW96: =Calcs!DU430 -> 0 | AX96: =Calcs!DV430 -> 0 | AY96: =Calcs!DW430 -> 0 | ... BC96: =Calcs!EA430 -> 0 | BD96: =SUM(AR96:BC96) -> 0 | BE96: =Calcs!EB430 -> 0 | BF96: =Calcs!EC430 -> 0 | BG96: =Calcs!ED430 -> 0 | BH96: =Calcs!EE430 -> 0 | BI96: =Calcs!EF430 -> 0 | BJ96: =Calcs!EG430 -> 0 | BK96: =Calcs!EH430 -> 0 | BL96: =Calcs!EI430 -> 0 | ... BP96: =Calcs!EM430 -> 0 | BQ96: =SUM(BE96:BP96) -> 0 | BS96: =SUM(BQ96,BD96,AQ96,AD96,Q96) -> 0 | BU96: =SUM(BQ96,BD96,AQ96,AD96,Q96) | BV96: =D96 -> TBD | BW96: =SUM(Financials!E96:'Financials'!G96) -> 0 | BX96: =SUM(Financials!H96:'Financials'!J96) -> 0 | BY96: =SUM(Financials!K96:'Financials'!M96) -> 0 | BZ96: =SUM(Financials!N96:'Financials'!P96) -> 0 | CA96: =SUM(Financials!R96:'Financials'!T96) -> 0 | CB96: =SUM(Financials!U96:'Financials'!W96) -> 0 | CC96: =SUM(Financials!X96:'Financials'!Z96) -> 0 | CD96: =SUM(Financials!AA96:'Financials'!AC96) -> 0 | CE96: =SUM(Financials!AE96:'Financials'!AG96) -> 0 | CF96: =SUM(Financials!AH96:'Financials'!AJ96) -> 0 | CG96: =SUM(Financials!AK96:'Financials'!AM96) -> 0 | CH96: =SUM(Financials!AN96:'Financials'!AP96) -> 0 | CI96: =SUM(Financials!AR96:'Financials'!AT96) -> 0 | CJ96: =SUM(Financials!AU96:'Financials'!AW96) -> 0 | CK96: =SUM(Financials!AX96:'Financials'!AZ96) -> 0 | CL96: =SUM(Financials!BA96:'Financials'!BC96) -> 0 | CM96: =SUM(Financials!BE96:'Financials'!BG96) -> 0 | CN96: =SUM(Financials!BH96:'Financials'!BJ96) -> 0 | CO96: =SUM(Financials!BK96:'Financials'!BM96) -> 0 | CP96: =SUM(Financials!BN96:'Financials'!BP96) -> 0
D97: =IF(Calcs!CE431=0,"TBD",Calcs!CE431) -> TBD | E97: =Calcs!CF431 -> 0 | F97: =Calcs!CG431 -> 0 | G97: =Calcs!CH431 -> 0 | H97: =Calcs!CI431 -> 0 | I97: =Calcs!CJ431 -> 0 | J97: =Calcs!CK431 -> 0 | K97: =Calcs!CL431 -> 0 | L97: =Calcs!CM431 -> 0 | ... P97: =Calcs!CQ431 -> 0 | Q97: =SUM(E97:P97) -> 0 | R97: =Calcs!CR431 -> 0 | S97: =Calcs!CS431 -> 0 | T97: =Calcs!CT431 -> 0 | U97: =Calcs!CU431 -> 0 | V97: =Calcs!CV431 -> 0 | W97: =Calcs!CW431 -> 0 | X97: =Calcs!CX431 -> 0 | Y97: =Calcs!CY431 -> 0 | ... AC97: =Calcs!DC431 -> 0 | AD97: =SUM(R97:AC97) -> 0 | AE97: =Calcs!DD431 -> 0 | AF97: =Calcs!DE431 -> 0 | AG97: =Calcs!DF431 -> 0 | AH97: =Calcs!DG431 -> 0 | AI97: =Calcs!DH431 -> 0 | AJ97: =Calcs!DI431 -> 0 | AK97: =Calcs!DJ431 -> 0 | AL97: =Calcs!DK431 -> 0 | ... AP97: =Calcs!DO431 -> 0 | AQ97: =SUM(AE97:AP97) -> 0 | AR97: =Calcs!DP431 -> 0 | AS97: =Calcs!DQ431 -> 0 | AT97: =Calcs!DR431 -> 0 | AU97: =Calcs!DS431 -> 0 | AV97: =Calcs!DT431 -> 0 | AW97: =Calcs!DU431 -> 0 | AX97: =Calcs!DV431 -> 0 | AY97: =Calcs!DW431 -> 0 | ... BC97: =Calcs!EA431 -> 0 | BD97: =SUM(AR97:BC97) -> 0 | BE97: =Calcs!EB431 -> 0 | BF97: =Calcs!EC431 -> 0 | BG97: =Calcs!ED431 -> 0 | BH97: =Calcs!EE431 -> 0 | BI97: =Calcs!EF431 -> 0 | BJ97: =Calcs!EG431 -> 0 | BK97: =Calcs!EH431 -> 0 | BL97: =Calcs!EI431 -> 0 | ... BP97: =Calcs!EM431 -> 0 | BQ97: =SUM(BE97:BP97) -> 0 | BS97: =SUM(BQ97,BD97,AQ97,AD97,Q97) -> 0 | BU97: =SUM(BQ97,BD97,AQ97,AD97,Q97) | BV97: =Calcs!CE432 -> 0 | BW97: =SUM(Financials!E97:'Financials'!G97) -> 0 | BX97: =SUM(Financials!H97:'Financials'!J97) -> 0 | BY97: =SUM(Financials!K97:'Financials'!M97) -> 0 | BZ97: =SUM(Financials!G97:'Financials'!I97) -> 0 | CA97: =SUM(Financials!R97:'Financials'!T97) -> 0 | CB97: =SUM(Financials!U97:'Financials'!W97) -> 0 | CC97: =SUM(Financials!X97:'Financials'!Z97) -> 0 | CD97: =SUM(Financials!AA97:'Financials'!AC97) -> 0 | CE97: =SUM(Financials!AE97:'Financials'!AG97) -> 0 | CF97: =SUM(Financials!AH97:'Financials'!AJ97) -> 0 | CG97: =SUM(Financials!AK97:'Financials'!AM97) -> 0 | CH97: =SUM(Financials!AN97:'Financials'!AP97) -> 0 | CI97: =SUM(Financials!AR97:'Financials'!AT97) -> 0 | CJ97: =SUM(Financials!AU97:'Financials'!AW97) -> 0 | CK97: =SUM(Financials!AX97:'Financials'!AZ97) -> 0 | CL97: =SUM(Financials!BA97:'Financials'!BC97) -> 0 | CM97: =SUM(Financials!BE97:'Financials'!BG97) -> 0 | CN97: =SUM(Financials!BH97:'Financials'!BJ97) -> 0 | CO97: =SUM(Financials!BK97:'Financials'!BM97) -> 0 | CP97: =SUM(Financials!BN97:'Financials'!BP97) -> 0
D98: =IF(Calcs!CE432=0,"TBD",Calcs!CE432) -> TBD | E98: =Calcs!CF432 -> 0 | F98: =Calcs!CG432 -> 0 | G98: =Calcs!CH432 -> 0 | H98: =Calcs!CI432 -> 0 | I98: =Calcs!CJ432 -> 0 | J98: =Calcs!CK432 -> 0 | K98: =Calcs!CL432 -> 0 | L98: =Calcs!CM432 -> 0 | ... P98: =Calcs!CQ432 -> 0 | Q98: =SUM(E98:P98) -> 0 | R98: =Calcs!CR432 -> 0 | S98: =Calcs!CS432 -> 0 | T98: =Calcs!CT432 -> 0 | U98: =Calcs!CU432 -> 0 | V98: =Calcs!CV432 -> 0 | W98: =Calcs!CW432 -> 0 | X98: =Calcs!CX432 -> 0 | Y98: =Calcs!CY432 -> 0 | ... AC98: =Calcs!DC432 -> 0 | AD98: =SUM(R98:AC98) -> 0 | AE98: =Calcs!DD432 -> 0 | AF98: =Calcs!DE432 -> 0 | AG98: =Calcs!DF432 -> 0 | AH98: =Calcs!DG432 -> 0 | AI98: =Calcs!DH432 -> 0 | AJ98: =Calcs!DI432 -> 0 | AK98: =Calcs!DJ432 -> 0 | AL98: =Calcs!DK432 -> 0 | ... AP98: =Calcs!DO432 -> 0 | AQ98: =SUM(AE98:AP98) -> 0 | AR98: =Calcs!DP432 -> 0 | AS98: =Calcs!DQ432 -> 0 | AT98: =Calcs!DR432 -> 0 | AU98: =Calcs!DS432 -> 0 | AV98: =Calcs!DT432 -> 0 | AW98: =Calcs!DU432 -> 0 | AX98: =Calcs!DV432 -> 0 | AY98: =Calcs!DW432 -> 0 | ... BC98: =Calcs!EA432 -> 0 | BD98: =SUM(AR98:BC98) -> 0 | BE98: =Calcs!EB432 -> 0 | BF98: =Calcs!EC432 -> 0 | BG98: =Calcs!ED432 -> 0 | BH98: =Calcs!EE432 -> 0 | BI98: =Calcs!EF432 -> 0 | BJ98: =Calcs!EG432 -> 0 | BK98: =Calcs!EH432 -> 0 | BL98: =Calcs!EI432 -> 0 | ... BP98: =Calcs!EM432 -> 0 | BQ98: =SUM(BE98:BP98) -> 0 | BS98: =SUM(BQ98,BD98,AQ98,AD98,Q98) -> 0 | BU98: =SUM(BQ98,BD98,AQ98,AD98,Q98) | BV98: =Calcs!CE434 -> 0 | BW98: =SUM(Financials!E98:'Financials'!G98) -> 0 | BX98: =SUM(Financials!H98:'Financials'!J98) -> 0 | BY98: =SUM(Financials!K98:'Financials'!M98) -> 0 | BZ98: =SUM(Financials!G98:'Financials'!I98) -> 0 | CA98: =SUM(Financials!R98:'Financials'!T98) -> 0 | CB98: =SUM(Financials!U98:'Financials'!W98) -> 0 | CC98: =SUM(Financials!X98:'Financials'!Z98) -> 0 | CD98: =SUM(Financials!AA98:'Financials'!AC98) -> 0 | CE98: =SUM(Financials!AE98:'Financials'!AG98) -> 0 | CF98: =SUM(Financials!AH98:'Financials'!AJ98) -> 0 | CG98: =SUM(Financials!AK98:'Financials'!AM98) -> 0 | CH98: =SUM(Financials!AN98:'Financials'!AP98) -> 0 | CI98: =SUM(Financials!AR98:'Financials'!AT98) -> 0 | CJ98: =SUM(Financials!AU98:'Financials'!AW98) -> 0 | CK98: =SUM(Financials!AX98:'Financials'!AZ98) -> 0 | CL98: =SUM(Financials!BA98:'Financials'!BC98) -> 0 | CM98: =SUM(Financials!BE98:'Financials'!BG98) -> 0 | CN98: =SUM(Financials!BH98:'Financials'!BJ98) -> 0 | CO98: =SUM(Financials!BK98:'Financials'!BM98) -> 0 | CP98: =SUM(Financials!BN98:'Financials'!BP98) -> 0
D99: =IF(Calcs!CE433=0,"TBD",Calcs!CE433) -> TBD | E99: =Calcs!CF433 -> 0 | F99: =Calcs!CG433 -> 0 | G99: =Calcs!CH433 -> 0 | H99: =Calcs!CI433 -> 0 | I99: =Calcs!CJ433 -> 0 | J99: =Calcs!CK433 -> 0 | K99: =Calcs!CL433 -> 0 | L99: =Calcs!CM433 -> 0 | ... P99: =Calcs!CQ433 -> 0 | Q99: =SUM(E99:P99) -> 0 | R99: =Calcs!CR433 -> 0 | S99: =Calcs!CS433 -> 0 | T99: =Calcs!CT433 -> 0 | U99: =Calcs!CU433 -> 0 | V99: =Calcs!CV433 -> 0 | W99: =Calcs!CW433 -> 0 | X99: =Calcs!CX433 -> 0 | Y99: =Calcs!CY433 -> 0 | ... AC99: =Calcs!DC433 -> 0 | AD99: =SUM(R99:AC99) -> 0 | AE99: =Calcs!DD433 -> 0 | AF99: =Calcs!DE433 -> 0 | AG99: =Calcs!DF433 -> 0 | AH99: =Calcs!DG433 -> 0 | AI99: =Calcs!DH433 -> 0 | AJ99: =Calcs!DI433 -> 0 | AK99: =Calcs!DJ433 -> 0 | AL99: =Calcs!DK433 -> 0 | ... AP99: =Calcs!DO433 -> 0 | AQ99: =SUM(AE99:AP99) -> 0 | AR99: =Calcs!DP433 -> 0 | AS99: =Calcs!DQ433 -> 0 | AT99: =Calcs!DR433 -> 0 | AU99: =Calcs!DS433 -> 0 | AV99: =Calcs!DT433 -> 0 | AW99: =Calcs!DU433 -> 0 | AX99: =Calcs!DV433 -> 0 | AY99: =Calcs!DW433 -> 0 | ... BC99: =Calcs!EA433 -> 0 | BD99: =SUM(AR99:BC99) -> 0 | BE99: =Calcs!EB433 -> 0 | BF99: =Calcs!EC433 -> 0 | BG99: =Calcs!ED433 -> 0 | BH99: =Calcs!EE433 -> 0 | BI99: =Calcs!EF433 -> 0 | BJ99: =Calcs!EG433 -> 0 | BK99: =Calcs!EH433 -> 0 | BL99: =Calcs!EI433 -> 0 | ... BP99: =Calcs!EM433 -> 0 | BQ99: =SUM(BE99:BP99) -> 0 | BS99: =SUM(BQ99,BD99,AQ99,AD99,Q99) -> 0 | BU99: =SUM(BQ99,BD99,AQ99,AD99,Q99) | BV99: =Calcs!CE435 -> 0 | BW99: =SUM(Financials!E99:'Financials'!G99) -> 0 | BX99: =SUM(Financials!H99:'Financials'!J99) -> 0 | BY99: =SUM(Financials!K99:'Financials'!M99) -> 0 | BZ99: =SUM(Financials!G99:'Financials'!I99) -> 0 | CA99: =SUM(Financials!R99:'Financials'!T99) -> 0 | CB99: =SUM(Financials!U99:'Financials'!W99) -> 0 | CC99: =SUM(Financials!X99:'Financials'!Z99) -> 0 | CD99: =SUM(Financials!AA99:'Financials'!AC99) -> 0 | CE99: =SUM(Financials!AE99:'Financials'!AG99) -> 0 | CF99: =SUM(Financials!AH99:'Financials'!AJ99) -> 0 | CG99: =SUM(Financials!AK99:'Financials'!AM99) -> 0 | CH99: =SUM(Financials!AN99:'Financials'!AP99) -> 0 | CI99: =SUM(Financials!AR99:'Financials'!AT99) -> 0 | CJ99: =SUM(Financials!AU99:'Financials'!AW99) -> 0 | CK99: =SUM(Financials!AX99:'Financials'!AZ99) -> 0 | CL99: =SUM(Financials!BA99:'Financials'!BC99) -> 0 | CM99: =SUM(Financials!BE99:'Financials'!BG99) -> 0 | CN99: =SUM(Financials!BH99:'Financials'!BJ99) -> 0 | CO99: =SUM(Financials!BK99:'Financials'!BM99) -> 0 | CP99: =SUM(Financials!BN99:'Financials'!BP99) -> 0
D100: =IF(Calcs!CE434=0,"TBD",Calcs!CE434) -> TBD | E100: =Calcs!CF434 -> 0 | F100: =Calcs!CG434 -> 0 | G100: =Calcs!CH434 -> 0 | H100: =Calcs!CI434 -> 0 | I100: =Calcs!CJ434 -> 0 | J100: =Calcs!CK434 -> 0 | K100: =Calcs!CL434 -> 0 | L100: =Calcs!CM434 -> 0 | ... P100: =Calcs!CQ434 -> 0 | Q100: =SUM(E100:P100) -> 0 | R100: =Calcs!CR434 -> 0 | S100: =Calcs!CS434 -> 0 | T100: =Calcs!CT434 -> 0 | U100: =Calcs!CU434 -> 0 | V100: =Calcs!CV434 -> 0 | W100: =Calcs!CW434 -> 0 | X100: =Calcs!CX434 -> 0 | Y100: =Calcs!CY434 -> 0 | ... AC100: =Calcs!DC434 -> 0 | AD100: =SUM(R100:AC100) -> 0 | AE100: =Calcs!DD434 -> 0 | AF100: =Calcs!DE434 -> 0 | AG100: =Calcs!DF434 -> 0 | AH100: =Calcs!DG434 -> 0 | AI100: =Calcs!DH434 -> 0 | AJ100: =Calcs!DI434 -> 0 | AK100: =Calcs!DJ434 -> 0 | AL100: =Calcs!DK434 -> 0 | ... AP100: =Calcs!DO434 -> 0 | AQ100: =SUM(AE100:AP100) -> 0 | AR100: =Calcs!DP434 -> 0 | AS100: =Calcs!DQ434 -> 0 | AT100: =Calcs!DR434 -> 0 | AU100: =Calcs!DS434 -> 0 | AV100: =Calcs!DT434 -> 0 | AW100: =Calcs!DU434 -> 0 | AX100: =Calcs!DV434 -> 0 | AY100: =Calcs!DW434 -> 0 | ... BC100: =Calcs!EA434 -> 0 | BD100: =SUM(AR100:BC100) -> 0 | BE100: =Calcs!EB434 -> 0 | BF100: =Calcs!EC434 -> 0 | BG100: =Calcs!ED434 -> 0 | BH100: =Calcs!EE434 -> 0 | BI100: =Calcs!EF434 -> 0 | BJ100: =Calcs!EG434 -> 0 | BK100: =Calcs!EH434 -> 0 | BL100: =Calcs!EI434 -> 0 | ... BP100: =Calcs!EM434 -> 0 | BQ100: =SUM(BE100:BP100) -> 0 | BS100: =SUM(BQ100,BD100,AQ100,AD100,Q100) -> 0 | BU100: =SUM(BQ100,BD100,AQ100,AD100,Q100) | BV100: =Calcs!CE436 -> 0 | BW100: =SUM(Financials!E100:'Financials'!G100) -> 0 | BX100: =SUM(Financials!H100:'Financials'!J100) -> 0 | BY100: =SUM(Financials!K100:'Financials'!M100) -> 0 | BZ100: =SUM(Financials!G100:'Financials'!I100) -> 0 | CA100: =SUM(Financials!R100:'Financials'!T100) -> 0 | CB100: =SUM(Financials!U100:'Financials'!W100) -> 0 | CC100: =SUM(Financials!X100:'Financials'!Z100) -> 0 | CD100: =SUM(Financials!AA100:'Financials'!AC100) -> 0 | CE100: =SUM(Financials!AE100:'Financials'!AG100) -> 0 | CF100: =SUM(Financials!AH100:'Financials'!AJ100) -> 0 | CG100: =SUM(Financials!AK100:'Financials'!AM100) -> 0 | CH100: =SUM(Financials!AN100:'Financials'!AP100) -> 0 | CI100: =SUM(Financials!AR100:'Financials'!AT100) -> 0 | CJ100: =SUM(Financials!AU100:'Financials'!AW100) -> 0 | CK100: =SUM(Financials!AX100:'Financials'!AZ100) -> 0 | CL100: =SUM(Financials!BA100:'Financials'!BC100) -> 0 | CM100: =SUM(Financials!BE100:'Financials'!BG100) -> 0 | CN100: =SUM(Financials!BH100:'Financials'!BJ100) -> 0 | CO100: =SUM(Financials!BK100:'Financials'!BM100) -> 0 | CP100: =SUM(Financials!BN100:'Financials'!BP100) -> 0
D101: =IF(Calcs!CE435=0,"TBD",Calcs!CE435) -> TBD | E101: =Calcs!CF435 -> 0 | F101: =Calcs!CG435 -> 0 | G101: =Calcs!CH435 -> 0 | H101: =Calcs!CI435 -> 0 | I101: =Calcs!CJ435 -> 0 | J101: =Calcs!CK435 -> 0 | K101: =Calcs!CL435 -> 0 | L101: =Calcs!CM435 -> 0 | ... P101: =Calcs!CQ435 -> 0 | Q101: =SUM(E101:P101) -> 0 | R101: =Calcs!CR435 -> 0 | S101: =Calcs!CS435 -> 0 | T101: =Calcs!CT435 -> 0 | U101: =Calcs!CU435 -> 0 | V101: =Calcs!CV435 -> 0 | W101: =Calcs!CW435 -> 0 | X101: =Calcs!CX435 -> 0 | Y101: =Calcs!CY435 -> 0 | ... AC101: =Calcs!DC435 -> 0 | AD101: =SUM(R101:AC101) -> 0 | AE101: =Calcs!DD435 -> 0 | AF101: =Calcs!DE435 -> 0 | AG101: =Calcs!DF435 -> 0 | AH101: =Calcs!DG435 -> 0 | AI101: =Calcs!DH435 -> 0 | AJ101: =Calcs!DI435 -> 0 | AK101: =Calcs!DJ435 -> 0 | AL101: =Calcs!DK435 -> 0 | ... AP101: =Calcs!DO435 -> 0 | AQ101: =SUM(AE101:AP101) -> 0 | AR101: =Calcs!DP435 -> 0 | AS101: =Calcs!DQ435 -> 0 | AT101: =Calcs!DR435 -> 0 | AU101: =Calcs!DS435 -> 0 | AV101: =Calcs!DT435 -> 0 | AW101: =Calcs!DU435 -> 0 | AX101: =Calcs!DV435 -> 0 | AY101: =Calcs!DW435 -> 0 | ... BC101: =Calcs!EA435 -> 0 | BD101: =SUM(AR101:BC101) -> 0 | BE101: =Calcs!EB435 -> 0 | BF101: =Calcs!EC435 -> 0 | BG101: =Calcs!ED435 -> 0 | BH101: =Calcs!EE435 -> 0 | BI101: =Calcs!EF435 -> 0 | BJ101: =Calcs!EG435 -> 0 | BK101: =Calcs!EH435 -> 0 | BL101: =Calcs!EI435 -> 0 | ... BP101: =Calcs!EM435 -> 0 | BQ101: =SUM(BE101:BP101) -> 0 | BS101: =SUM(BQ101,BD101,AQ101,AD101,Q101) -> 0 | BU101: =SUM(BQ101,BD101,AQ101,AD101,Q101) | BV101: =Calcs!CE437 -> 0 | BW101: =SUM(Financials!E101:'Financials'!G101) -> 0 | BX101: =SUM(Financials!H101:'Financials'!J101) -> 0 | BY101: =SUM(Financials!K101:'Financials'!M101) -> 0 | BZ101: =SUM(Financials!G101:'Financials'!I101) -> 0 | CA101: =SUM(Financials!R101:'Financials'!T101) -> 0 | CB101: =SUM(Financials!U101:'Financials'!W101) -> 0 | CC101: =SUM(Financials!X101:'Financials'!Z101) -> 0 | CD101: =SUM(Financials!AA101:'Financials'!AC101) -> 0 | CE101: =SUM(Financials!AE101:'Financials'!AG101) -> 0 | CF101: =SUM(Financials!AH101:'Financials'!AJ101) -> 0 | CG101: =SUM(Financials!AK101:'Financials'!AM101) -> 0 | CH101: =SUM(Financials!AN101:'Financials'!AP101) -> 0 | CI101: =SUM(Financials!AR101:'Financials'!AT101) -> 0 | CJ101: =SUM(Financials!AU101:'Financials'!AW101) -> 0 | CK101: =SUM(Financials!AX101:'Financials'!AZ101) -> 0 | CL101: =SUM(Financials!BA101:'Financials'!BC101) -> 0 | CM101: =SUM(Financials!BE101:'Financials'!BG101) -> 0 | CN101: =SUM(Financials!BH101:'Financials'!BJ101) -> 0 | CO101: =SUM(Financials!BK101:'Financials'!BM101) -> 0 | CP101: =SUM(Financials!BN101:'Financials'!BP101) -> 0
